Workbook
Name DOCENTE: 'DOCENTE CONTRATO ESPECIAL'!$B$24:$B$26
Name FORMACION: INGRESOS!$A$104:$A$110
Name FORMAL_Y_NO_FORMAL: INGRESOS!$C$104:$C$111

Sheet CONSOLIDADO
B2: #VALUE! | C2: #VALUE! | D2: FORMATO Presupuesto para el Ministerio de Educación Nacional | K2: Código: R-PO003
K3: Versión: 014
D4: PROCESO Planeación Financiera | K4: Fecha de vigencia: 03/08/2026
B6: NOMBRE CENTRO DE COSTO | J6: RESPONSABLE
B7: No. ASISTENTES | C7: =CONCATENATE('ESTUDIANTES Y DOCENTES'!C11," (",'ESTUDIANTES Y DOCENTES'!AI32," grupos)") -> 0 (0 grupos) | J7: CENTRO DE COSTO | P7: DILIGENCIE SOLO LAS CELDAS EN COLOR GRIS ACORDE CON LA INSTRUCCIÓN DE LA NOTA
B8: FECHA INICIO | K8: FECHA DE TERMINACIÓN
B9: VR INSCRIPCIÓN | C9: VER ANEXO | J9: VALOR MATRICULA | L9: VER ANEXO
B10: JORNADA | C10: TODAS | K10: DERECHOS DE GRADO | L10: VER ANEXO
B11: CONCEPTO | F11: 2027 | G11: =F11+1 -> 2028 | H11: =G11+1 -> 2029 | I11: =H11+1 -> 2030 | J11: =I11+1 -> 2031 | K11: =J11+1 -> 2032 | L11: =K11+1 -> 2033
B13: 1. INGRESOS
B14: EDUCACIÓN FORMAL - SUPERIOR TÉCNICO PROFESIONAL
B15: Técnico Profesional - Inscripción | F15: =IF(INGRESOS!$A$7="TECNICO",INGRESOS!Q14,0) -> 0 | G15: =IF(INGRESOS!$A$7="TECNICO",INGRESOS!R14,0) -> 0 | H15: =IF(INGRESOS!$A$7="TECNICO",INGRESOS!S14,0) -> 0 | I15: =IF(INGRESOS!$A$7="TECNICO",INGRESOS!T14,0) -> 0 | J15: =IF(INGRESOS!$A$7="TECNICO",INGRESOS!U14,0) -> 0 | K15: =IF(INGRESOS!$A$7="TECNICO",INGRESOS!V14,0) -> 0 | L15: =IF(INGRESOS!$A$7="TECNICO",INGRESOS!W14,0) -> 0
B16: Técnico Profesional - Matricula | F16: =IF(INGRESOS!$A$7="TECNICO",INGRESOS!Q47,0) -> 0 | G16: =IF(INGRESOS!$A$7="TECNICO",INGRESOS!R47,0) -> 0 | H16: =IF(INGRESOS!$A$7="TECNICO",INGRESOS!S47,0) -> 0 | I16: =IF(INGRESOS!$A$7="TECNICO",INGRESOS!T47,0) -> 0 | J16: =IF(INGRESOS!$A$7="TECNICO",INGRESOS!U47,0) -> 0 | K16: =IF(INGRESOS!$A$7="TECNICO",INGRESOS!V47,0) -> 0 | L16: =IF(INGRESOS!$A$7="TECNICO",INGRESOS!W47,0) -> 0
B17: Técnico Profesional - Derechos Academicos | F17: =IF(INGRESOS!$A$7="TECNICO",INGRESOS!Q54,0) -> 0 | G17: =IF(INGRESOS!$A$7="TECNICO",INGRESOS!R54,0) -> 0 | H17: =IF(INGRESOS!$A$7="TECNICO",INGRESOS!S54,0) -> 0 | I17: =IF(INGRESOS!$A$7="TECNICO",INGRESOS!T54,0) -> 0 | J17: =IF(INGRESOS!$A$7="TECNICO",INGRESOS!U54,0) -> 0 | K17: =IF(INGRESOS!$A$7="TECNICO",INGRESOS!V54,0) -> 0 | L17: =IF(INGRESOS!$A$7="TECNICO",INGRESOS!W54,0) -> 0
B18: Técnico Profesional - Otros ingresos | F18: =IF(INGRESOS!$A$7="TECNICO",INGRESOS!Q68,0) -> 0 | G18: =IF(INGRESOS!$A$7="TECNICO",INGRESOS!R68,0) -> 0 | H18: =IF(INGRESOS!$A$7="TECNICO",INGRESOS!S68,0) -> 0 | I18: =IF(INGRESOS!$A$7="TECNICO",INGRESOS!T68,0) -> 0 | J18: =IF(INGRESOS!$A$7="TECNICO",INGRESOS!U68,0) -> 0 | K18: =IF(INGRESOS!$A$7="TECNICO",INGRESOS!V68,0) -> 0 | L18: =IF(INGRESOS!$A$7="TECNICO",INGRESOS!W68,0) -> 0
B19: Técnico Profesional - Devoluciones | D19: 0 | F19: =-F$16*$D19 -> 0 | G19: =-G$16*$D19 -> 0 | H19: =-H$16*$D19 -> 0 | I19: =-I$16*$D19 -> 0 | J19: =-J$16*$D19 -> 0 | K19: =-K$16*$D19 -> 0 | L19: =-L$16*$D19 -> 0
B20: Técnico Profesional - Descuentos | D20: 0.1 | F20: =-F$16*$D20 -> 0 | G20: =-G$16*$D20 -> 0 | H20: =-H$16*$D20 -> 0 | I20: =-I$16*$D20 -> 0 | J20: =-J$16*$D20 -> 0 | K20: =-K$16*$D20 -> 0 | L20: =-L$16*$D20 -> 0
B21: Técnico Profesional - Becas | D21: 50% Y 100% | E21: =-IF(SUM(F16:J16)>0,SUM(F21:J21)/SUM(F16:J16),0) -> 0 | F21: =-IF(INGRESOS!$A$7="TECNICO",INGRESOS!Q75,0) -> 0 | G21: =-IF(INGRESOS!$A$7="TECNICO",INGRESOS!R75,0) -> 0 | H21: =-IF(INGRESOS!$A$7="TECNICO",INGRESOS!S75,0) -> 0 | I21: =-IF(INGRESOS!$A$7="TECNICO",INGRESOS!T75,0) -> 0 | J21: =-IF(INGRESOS!$A$7="TECNICO",INGRESOS!U75,0) -> 0 | K21: =-IF(INGRESOS!$A$7="TECNICO",INGRESOS!V75,0) -> 0 | L21: =-IF(INGRESOS!$A$7="TECNICO",INGRESOS!W75,0) -> 0
B22: EDUCACIÓN FORMAL - SUPERIOR TECNOLÓGICA
B23: Tecnológica - Inscripción | F23: =IF(INGRESOS!$A$7="TECNOLOGICO",INGRESOS!Q14,0) -> 0 | G23: =IF(INGRESOS!$A$7="TECNOLOGICO",INGRESOS!R14,0) -> 0 | H23: =IF(INGRESOS!$A$7="TECNOLOGICO",INGRESOS!S14,0) -> 0 | I23: =IF(INGRESOS!$A$7="TECNOLOGICO",INGRESOS!T14,0) -> 0 | J23: =IF(INGRESOS!$A$7="TECNOLOGICO",INGRESOS!U14,0) -> 0 | K23: =IF(INGRESOS!$A$7="TECNOLOGICO",INGRESOS!V14,0) -> 0 | L23: =IF(INGRESOS!$A$7="TECNOLOGICO",INGRESOS!W14,0) -> 0
B24: Tecnológica - Matricula | F24: =IF(INGRESOS!$A$7="TECNOLOGICO",INGRESOS!Q47,0) -> 0 | G24: =IF(INGRESOS!$A$7="TECNOLOGICO",INGRESOS!R47,0) -> 0 | H24: =IF(INGRESOS!$A$7="TECNOLOGICO",INGRESOS!S47,0) -> 0 | I24: =IF(INGRESOS!$A$7="TECNOLOGICO",INGRESOS!T47,0) -> 0 | J24: =IF(INGRESOS!$A$7="TECNOLOGICO",INGRESOS!U47,0) -> 0 | K24: =IF(INGRESOS!$A$7="TECNOLOGICO",INGRESOS!V47,0) -> 0 | L24: =IF(INGRESOS!$A$7="TECNOLOGICO",INGRESOS!W47,0) -> 0
B25: Tecnológica - Derechos Academicos | F25: =IF(INGRESOS!$A$7="TECNOLOGICO",INGRESOS!Q54,0) -> 0 | G25: =IF(INGRESOS!$A$7="TECNOLOGICO",INGRESOS!R54,0) -> 0 | H25: =IF(INGRESOS!$A$7="TECNOLOGICO",INGRESOS!S54,0) -> 0 | I25: =IF(INGRESOS!$A$7="TECNOLOGICO",INGRESOS!T54,0) -> 0 | J25: =IF(INGRESOS!$A$7="TECNOLOGICO",INGRESOS!U54,0) -> 0 | K25: =IF(INGRESOS!$A$7="TECNOLOGICO",INGRESOS!V54,0) -> 0 | L25: =IF(INGRESOS!$A$7="TECNOLOGICO",INGRESOS!W54,0) -> 0
B26: Tecnológica - Otros ingresos | F26: =IF(INGRESOS!$A$7="TECNOLOGICO",INGRESOS!Q68,0) -> 0 | G26: =IF(INGRESOS!$A$7="TECNOLOGICO",INGRESOS!R68,0) -> 0 | H26: =IF(INGRESOS!$A$7="TECNOLOGICO",INGRESOS!S68,0) -> 0 | I26: =IF(INGRESOS!$A$7="TECNOLOGICO",INGRESOS!T68,0) -> 0 | J26: =IF(INGRESOS!$A$7="TECNOLOGICO",INGRESOS!U68,0) -> 0 | K26: =IF(INGRESOS!$A$7="TECNOLOGICO",INGRESOS!V68,0) -> 0 | L26: =IF(INGRESOS!$A$7="TECNOLOGICO",INGRESOS!W68,0) -> 0
B27: Tecnológica - Devoluciones | D27: 0 | F27: =-F$24*$D27 -> 0 | G27: =-G$24*$D27 -> 0 | H27: =-H$24*$D27 -> 0 | I27: =-I$24*$D27 -> 0 | J27: =-J$24*$D27 -> 0 | K27: =-K$24*$D27 -> 0 | L27: =-L$24*$D27 -> 0
B28: Tecnológica - Descuentos | D28: 0.1 | F28: =-F$24*$D28 -> 0 | G28: =-G$24*$D28 -> 0 | H28: =-H$24*$D28 -> 0 | I28: =-I$24*$D28 -> 0 | J28: =-J$24*$D28 -> 0 | K28: =-K$24*$D28 -> 0 | L28: =-L$24*$D28 -> 0
B29: Tecnológica - Becas | D29: 50% Y 100% | E29: =-IF(SUM(F24:J24)>0,SUM(F29:J29)/SUM(F24:J24),0) -> 0 | F29: =-IF(INGRESOS!$A$7="TECNOLOGICO",INGRESOS!Q75,0) -> 0 | G29: =-IF(INGRESOS!$A$7="TECNOLOGICO",INGRESOS!R75,0) -> 0 | H29: =-IF(INGRESOS!$A$7="TECNOLOGICO",INGRESOS!S75,0) -> 0 | I29: =-IF(INGRESOS!$A$7="TECNOLOGICO",INGRESOS!T75,0) -> 0 | J29: =-IF(INGRESOS!$A$7="TECNOLOGICO",INGRESOS!U75,0) -> 0 | K29: =-IF(INGRESOS!$A$7="TECNOLOGICO",INGRESOS!V75,0) -> 0 | L29: =-IF(INGRESOS!$A$7="TECNOLOGICO",INGRESOS!W75,0) -> 0
B30: EDUCACIÓN FORMAL - SUPERIOR PROFESIONAL
B31: Profesional - Inscripción | F31: =IF(INGRESOS!$A$7="PROFESIONAL",INGRESOS!Q14,0) -> 0 | G31: =IF(INGRESOS!$A$7="PROFESIONAL",INGRESOS!R14,0) -> 0 | H31: =IF(INGRESOS!$A$7="PROFESIONAL",INGRESOS!S14,0) -> 0 | I31: =IF(INGRESOS!$A$7="PROFESIONAL",INGRESOS!T14,0) -> 0 | J31: =IF(INGRESOS!$A$7="PROFESIONAL",INGRESOS!U14,0) -> 0 | K31: =IF(INGRESOS!$A$7="PROFESIONAL",INGRESOS!V14,0) -> 0 | L31: =IF(INGRESOS!$A$7="PROFESIONAL",INGRESOS!W14,0) -> 0
B32: Profesional - Matricula | F32: =IF(INGRESOS!$A$7="PROFESIONAL",INGRESOS!Q47,0) -> 0 | G32: =IF(INGRESOS!$A$7="PROFESIONAL",INGRESOS!R47,0) -> 0 | H32: =IF(INGRESOS!$A$7="PROFESIONAL",INGRESOS!S47,0) -> 0 | I32: =IF(INGRESOS!$A$7="PROFESIONAL",INGRESOS!T47,0) -> 0 | J32: =IF(INGRESOS!$A$7="PROFESIONAL",INGRESOS!U47,0) -> 0 | K32: =IF(INGRESOS!$A$7="PROFESIONAL",INGRESOS!V47,0) -> 0 | L32: =IF(INGRESOS!$A$7="PROFESIONAL",INGRESOS!W47,0) -> 0
B33: Profesional - Derechos Academicos | F33: =IF(INGRESOS!$A$7="PROFESIONAL",INGRESOS!Q54,0) -> 0 | G33: =IF(INGRESOS!$A$7="PROFESIONAL",INGRESOS!R54,0) -> 0 | H33: =IF(INGRESOS!$A$7="PROFESIONAL",INGRESOS!S54,0) -> 0 | I33: =IF(INGRESOS!$A$7="PROFESIONAL",INGRESOS!T54,0) -> 0 | J33: =IF(INGRESOS!$A$7="PROFESIONAL",INGRESOS!U54,0) -> 0 | K33: =IF(INGRESOS!$A$7="PROFESIONAL",INGRESOS!V54,0) -> 0 | L33: =IF(INGRESOS!$A$7="PROFESIONAL",INGRESOS!W54,0) -> 0
B34: Profesional - Otros ingresos | F34: =IF(INGRESOS!$A$7="PROFESIONAL",INGRESOS!Q68,0) -> 0 | G34: =IF(INGRESOS!$A$7="PROFESIONAL",INGRESOS!R68,0) -> 0 | H34: =IF(INGRESOS!$A$7="PROFESIONAL",INGRESOS!S68,0) -> 0 | I34: =IF(INGRESOS!$A$7="PROFESIONAL",INGRESOS!T68,0) -> 0 | J34: =IF(INGRESOS!$A$7="PROFESIONAL",INGRESOS!U68,0) -> 0 | K34: =IF(INGRESOS!$A$7="PROFESIONAL",INGRESOS!V68,0) -> 0 | L34: =IF(INGRESOS!$A$7="PROFESIONAL",INGRESOS!W68,0) -> 0
B35: Profesional - Devoluciones | F35: =-F$32*$D35 -> 0 | G35: =-G$32*$D35 -> 0 | H35: =-H$32*$D35 -> 0 | I35: =-I$32*$D35 -> 0 | J35: =-J$32*$D35 -> 0 | K35: =-K$32*$D35 -> 0 | L35: =-L$32*$D35 -> 0
B36: Profesional - Descuentos | E36: 0.1 | F36: =-F$32*$E36 -> 0 | G36: =-G$32*$E36 -> 0 | H36: =-H$32*$E36 -> 0 | I36: =-I$32*$E36 -> 0 | J36: =-J$32*$E36 -> 0 | K36: =-K$32*$E36 -> 0 | L36: =-L$32*$E36 -> 0
B37: Profesional - Becas 50% Y 100% | E37: =-IF(SUM(F32:J32)>0,SUM(F37:J37)/SUM(F32:J32),0) -> 0 | F37: =-IF(INGRESOS!$A$7="PROFESIONAL",INGRESOS!Q75,0) -> 0 | G37: =-IF(INGRESOS!$A$7="PROFESIONAL",INGRESOS!R75,0) -> 0 | H37: =-IF(INGRESOS!$A$7="PROFESIONAL",INGRESOS!S75,0) -> 0 | I37: =-IF(INGRESOS!$A$7="PROFESIONAL",INGRESOS!T75,0) -> 0 | J37: =-IF(INGRESOS!$A$7="PROFESIONAL",INGRESOS!U75,0) -> 0 | K37: =-IF(INGRESOS!$A$7="PROFESIONAL",INGRESOS!V75,0) -> 0 | L37: =-IF(INGRESOS!$A$7="PROFESIONAL",INGRESOS!W75,0) -> 0
B38: EDUCACIÓN FORMAL - SUPERIOR POSTGRADOS
B39: Postgrados - Inscripción | F39: =IF(INGRESOS!$A$7="POSTGRADO",INGRESOS!Q14,0) -> 0 | G39: =IF(INGRESOS!$A$7="POSTGRADO",INGRESOS!R14,0) -> 0 | H39: =IF(INGRESOS!$A$7="POSTGRADO",INGRESOS!S14,0) -> 0 | I39: =IF(INGRESOS!$A$7="POSTGRADO",INGRESOS!T14,0) -> 0 | J39: =IF(INGRESOS!$A$7="POSTGRADO",INGRESOS!U14,0) -> 0 | K39: =IF(INGRESOS!$A$7="POSTGRADO",INGRESOS!V14,0) -> 0 | L39: =IF(INGRESOS!$A$7="POSTGRADO",INGRESOS!W14,0) -> 0
B40: Postgrados - Matricula | F40: =IF(INGRESOS!$A$7="POSTGRADO",INGRESOS!Q47,0) -> 0 | G40: =IF(INGRESOS!$A$7="POSTGRADO",INGRESOS!R47,0) -> 0 | H40: =IF(INGRESOS!$A$7="POSTGRADO",INGRESOS!S47,0) -> 0 | I40: =IF(INGRESOS!$A$7="POSTGRADO",INGRESOS!T47,0) -> 0 | J40: =IF(INGRESOS!$A$7="POSTGRADO",INGRESOS!U47,0) -> 0 | K40: =IF(INGRESOS!$A$7="POSTGRADO",INGRESOS!V47,0) -> 0 | L40: =IF(INGRESOS!$A$7="POSTGRADO",INGRESOS!W47,0) -> 0
B41: Postgrados - Derechos Academicos | F41: =IF(INGRESOS!$A$7="POSTGRADO",INGRESOS!Q54,0) -> 0 | G41: =IF(INGRESOS!$A$7="POSTGRADO",INGRESOS!R54,0) -> 0 | H41: =IF(INGRESOS!$A$7="POSTGRADO",INGRESOS!S54,0) -> 0 | I41: =IF(INGRESOS!$A$7="POSTGRADO",INGRESOS!T54,0) -> 0 | J41: =IF(INGRESOS!$A$7="POSTGRADO",INGRESOS!U54,0) -> 0 | K41: =IF(INGRESOS!$A$7="POSTGRADO",INGRESOS!V54,0) -> 0 | L41: =IF(INGRESOS!$A$7="POSTGRADO",INGRESOS!W54,0) -> 0
B42: Postgrados - Otros ingresos | F42: =IF(INGRESOS!$A$7="POSTGRADO",INGRESOS!Q68,0) -> 0 | G42: =IF(INGRESOS!$A$7="POSTGRADO",INGRESOS!R68,0) -> 0 | H42: =IF(INGRESOS!$A$7="POSTGRADO",INGRESOS!S68,0) -> 0 | I42: =IF(INGRESOS!$A$7="POSTGRADO",INGRESOS!T68,0) -> 0 | J42: =IF(INGRESOS!$A$7="POSTGRADO",INGRESOS!U68,0) -> 0 | K42: =IF(INGRESOS!$A$7="POSTGRADO",INGRESOS!V68,0) -> 0 | L42: =IF(INGRESOS!$A$7="POSTGRADO",INGRESOS!W68,0) -> 0
B43: Postgrados - Devoluciones | D43: 0 | F43: =-F$40*$D43 -> 0 | G43: =-G$40*$D43 -> 0 | H43: =-H$40*$D43 -> 0 | I43: =-I$40*$D43 -> 0 | J43: =-J$40*$D43 -> 0 | K43: =-K$40*$D43 -> 0 | L43: =-L$40*$D43 -> 0
B44: Postgrados - Descuentos | D44: 0.1 | F44: =-F$40*$D44 -> 0 | G44: =-G$40*$D44 -> 0 | H44: =-H$40*$D44 -> 0 | I44: =-I$40*$D44 -> 0 | J44: =-J$40*$D44 -> 0 | K44: =-K$40*$D44 -> 0 | L44: =-L$40*$D44 -> 0
B45: Postgrados - Becas | D45: 50% Y 100% | E45: =-IF(SUM(F40:J40)>0,SUM(F45:J45)/SUM(F40:J40),0) -> 0 | F45: =-IF(INGRESOS!$A$7="POSTGRADO",INGRESOS!Q75,0) -> 0 | G45: =-IF(INGRESOS!$A$7="POSTGRADO",INGRESOS!R75,0) -> 0 | H45: =-IF(INGRESOS!$A$7="POSTGRADO",INGRESOS!S75,0) -> 0 | I45: =-IF(INGRESOS!$A$7="POSTGRADO",INGRESOS!T75,0) -> 0 | J45: =-IF(INGRESOS!$A$7="POSTGRADO",INGRESOS!U75,0) -> 0 | K45: =-IF(INGRESOS!$A$7="POSTGRADO",INGRESOS!V75,0) -> 0 | L45: =-IF(INGRESOS!$A$7="POSTGRADO",INGRESOS!W75,0) -> 0
B46: EDUCACIÓN NO FORMAL - FORMACION EXTENSIVA
B47: Formacion Extensiva - Congresos | F47: =IF(INGRESOS!$A$7="EXTENSIVA",INGRESOS!Q21,0) -> 0 | G47: =IF(INGRESOS!$A$7="EXTENSIVA",INGRESOS!R21,0) -> 0 | H47: =IF(INGRESOS!$A$7="EXTENSIVA",INGRESOS!S21,0) -> 0 | I47: =IF(INGRESOS!$A$7="EXTENSIVA",INGRESOS!T21,0) -> 0 | J47: =IF(INGRESOS!$A$7="EXTENSIVA",INGRESOS!U21,0) -> 0 | K47: =IF(INGRESOS!$A$7="EXTENSIVA",INGRESOS!V21,0) -> 0 | L47: =IF(INGRESOS!$A$7="EXTENSIVA",INGRESOS!W21,0) -> 0
B48: Formacion Extensiva - Diplomados | F48: =IF(INGRESOS!$A$7="EXTENSIVA",INGRESOS!Q22,0) -> 0 | G48: =IF(INGRESOS!$A$7="EXTENSIVA",INGRESOS!R22,0) -> 0 | H48: =IF(INGRESOS!$A$7="EXTENSIVA",INGRESOS!S22,0) -> 0 | I48: =IF(INGRESOS!$A$7="EXTENSIVA",INGRESOS!T22,0) -> 0 | J48: =IF(INGRESOS!$A$7="EXTENSIVA",INGRESOS!U22,0) -> 0 | K48: =IF(INGRESOS!$A$7="EXTENSIVA",INGRESOS!V22,0) -> 0 | L48: =IF(INGRESOS!$A$7="EXTENSIVA",INGRESOS!W22,0) -> 0
B49: Formacion Extensiva - Seminarios | F49: =IF(INGRESOS!$A$7="EXTENSIVA",INGRESOS!Q23,0) -> 0 | G49: =IF(INGRESOS!$A$7="EXTENSIVA",INGRESOS!R23,0) -> 0 | H49: =IF(INGRESOS!$A$7="EXTENSIVA",INGRESOS!S23,0) -> 0 | I49: =IF(INGRESOS!$A$7="EXTENSIVA",INGRESOS!T23,0) -> 0 | J49: =IF(INGRESOS!$A$7="EXTENSIVA",INGRESOS!U23,0) -> 0 | K49: =IF(INGRESOS!$A$7="EXTENSIVA",INGRESOS!V23,0) -> 0 | L49: =IF(INGRESOS!$A$7="EXTENSIVA",INGRESOS!W23,0) -> 0
B50: Formacion Extensiva - Inscripción Diplomados | F50: =IF(INGRESOS!$A$7="EXTENSIVA",INGRESOS!Q14,0) -> 0 | G50: =IF(INGRESOS!$A$7="EXTENSIVA",INGRESOS!R14,0) -> 0 | H50: =IF(INGRESOS!$A$7="EXTENSIVA",INGRESOS!S14,0) -> 0 | I50: =IF(INGRESOS!$A$7="EXTENSIVA",INGRESOS!T14,0) -> 0 | J50: =IF(INGRESOS!$A$7="EXTENSIVA",INGRESOS!U14,0) -> 0 | K50: =IF(INGRESOS!$A$7="EXTENSIVA",INGRESOS!V14,0) -> 0 | L50: =IF(INGRESOS!$A$7="EXTENSIVA",INGRESOS!W14,0) -> 0
B51: Formacion Extensiva - Devoluciones | D51: 0 | F51: =-(F$47+F$48+F$49)*$D51 -> 0 | G51: =-(G$47+G$48+G$49)*$D51 -> 0 | H51: =-(H$47+H$48+H$49)*$D51 -> 0 | I51: =-(I$47+I$48+I$49)*$D51 -> 0 | J51: =-(J$47+J$48+J$49)*$D51 -> 0 | K51: =-(K$47+K$48+K$49)*$D51 -> 0 | L51: =-(L$47+L$48+L$49)*$D51 -> 0
B52: Formacion Extensiva - Descuentos | D52: 0.1 | F52: =-(F$47+F$48+F$49)*$D52 -> 0 | G52: =-(G$47+G$48+G$49)*$D52 -> 0 | H52: =-(H$47+H$48+H$49)*$D52 -> 0 | I52: =-(I$47+I$48+I$49)*$D52 -> 0 | J52: =-(J$47+J$48+J$49)*$D52 -> 0 | K52: =-(K$47+K$48+K$49)*$D52 -> 0 | L52: =-(L$47+L$48+L$49)*$D52 -> 0
B53: Formacion Extensiva - Becas | D53: 50% Y 100% | E53: =-IF(SUM(F47:J49)>0,SUM(F53:J53)/SUM(F47:J49),0) -> 0 | F53: =-IF(INGRESOS!$A$7="EXTENSIVA",INGRESOS!Q75,0) -> 0 | G53: =-IF(INGRESOS!$A$7="EXTENSIVA",INGRESOS!R75,0) -> 0 | H53: =-IF(INGRESOS!$A$7="EXTENSIVA",INGRESOS!S75,0) -> 0 | I53: =-IF(INGRESOS!$A$7="EXTENSIVA",INGRESOS!T75,0) -> 0 | J53: =-IF(INGRESOS!$A$7="EXTENSIVA",INGRESOS!U75,0) -> 0 | K53: =-IF(INGRESOS!$A$7="EXTENSIVA",INGRESOS!V75,0) -> 0 | L53: =-IF(INGRESOS!$A$7="EXTENSIVA",INGRESOS!W75,0) -> 0
B54: EDUCACIÓN INFORMAL - CONTINUADA
B55: Continuada - Cursos de Actualización | F55: =IF(INGRESOS!$A$7="CONTINUADA",INGRESOS!Q24,0) -> 0 | G55: =IF(INGRESOS!$A$7="CONTINUADA",INGRESOS!R24,0) -> 0 | H55: =IF(INGRESOS!$A$7="CONTINUADA",INGRESOS!S24,0) -> 0 | I55: =IF(INGRESOS!$A$7="CONTINUADA",INGRESOS!T24,0) -> 0 | J55: =IF(INGRESOS!$A$7="CONTINUADA",INGRESOS!U24,0) -> 0 | K55: =IF(INGRESOS!$A$7="CONTINUADA",INGRESOS!V24,0) -> 0 | L55: =IF(INGRESOS!$A$7="CONTINUADA",INGRESOS!W24,0) -> 0
B56: Continuada - Conferencias | F56: =IF(INGRESOS!$A$7="CONTINUADA",INGRESOS!Q25,0) -> 0 | G56: =IF(INGRESOS!$A$7="CONTINUADA",INGRESOS!R25,0) -> 0 | H56: =IF(INGRESOS!$A$7="CONTINUADA",INGRESOS!S25,0) -> 0 | I56: =IF(INGRESOS!$A$7="CONTINUADA",INGRESOS!T25,0) -> 0 | J56: =IF(INGRESOS!$A$7="CONTINUADA",INGRESOS!U25,0) -> 0 | K56: =IF(INGRESOS!$A$7="CONTINUADA",INGRESOS!V25,0) -> 0 | L56: =IF(INGRESOS!$A$7="CONTINUADA",INGRESOS!W25,0) -> 0
B57: Continuada - Talleres | F57: =IF(INGRESOS!$A$7="CONTINUADA",INGRESOS!Q26,0) -> 0 | G57: =IF(INGRESOS!$A$7="CONTINUADA",INGRESOS!R26,0) -> 0 | H57: =IF(INGRESOS!$A$7="CONTINUADA",INGRESOS!S26,0) -> 0 | I57: =IF(INGRESOS!$A$7="CONTINUADA",INGRESOS!T26,0) -> 0 | J57: =IF(INGRESOS!$A$7="CONTINUADA",INGRESOS!U26,0) -> 0 | K57: =IF(INGRESOS!$A$7="CONTINUADA",INGRESOS!V26,0) -> 0 | L57: =IF(INGRESOS!$A$7="CONTINUADA",INGRESOS!W26,0) -> 0
B58: Continuada - Otros | F58: =IF(INGRESOS!$A$7="CONTINUADA",INGRESOS!Q27,0) -> 0 | G58: =IF(INGRESOS!$A$7="CONTINUADA",INGRESOS!R27,0) -> 0 | H58: =IF(INGRESOS!$A$7="CONTINUADA",INGRESOS!S27,0) -> 0 | I58: =IF(INGRESOS!$A$7="CONTINUADA",INGRESOS!T27,0) -> 0 | J58: =IF(INGRESOS!$A$7="CONTINUADA",INGRESOS!U27,0) -> 0 | K58: =IF(INGRESOS!$A$7="CONTINUADA",INGRESOS!V27,0) -> 0 | L58: =IF(INGRESOS!$A$7="CONTINUADA",INGRESOS!W27,0) -> 0
B59: Continuada - Devoluciones | D59: 0 | F59: =-(F$55+F$56+F$57+F$58)*$D59 -> 0 | G59: =-(G$55+G$56+G$57+G$58)*$D59 -> 0 | H59: =-(H$55+H$56+H$57+H$58)*$D59 -> 0 | I59: =-(I$55+I$56+I$57+I$58)*$D59 -> 0 | J59: =-(J$55+J$56+J$57+J$58)*$D59 -> 0 | K59: =-(K$55+K$56+K$57+K$58)*$D59 -> 0 | L59: =-(L$55+L$56+L$57+L$58)*$D59 -> 0
B60: Continuada - Descuentos | D60: 0.1 | F60: =-(F$55+F$56+F$57+F$58)*$D60 -> 0 | G60: =-(G$55+G$56+G$57+G$58)*$D60 -> 0 | H60: =-(H$55+H$56+H$57+H$58)*$D60 -> 0 | I60: =-(I$55+I$56+I$57+I$58)*$D60 -> 0 | J60: =-(J$55+J$56+J$57+J$58)*$D60 -> 0 | K60: =-(K$55+K$56+K$57+K$58)*$D60 -> 0 | L60: =-(L$55+L$56+L$57+L$58)*$D60 -> 0
B61: Continuada - Becas | D61: 50% Y 100% | E61: =-IF(SUM(F55:J58)>0,SUM(F61:J61)/SUM(F55:J58),0) -> 0 | F61: =-IF(INGRESOS!$A$7="CONTINUADA",INGRESOS!Q75,0) -> 0 | G61: =-IF(INGRESOS!$A$7="CONTINUADA",INGRESOS!R75,0) -> 0 | H61: =-IF(INGRESOS!$A$7="CONTINUADA",INGRESOS!S75,0) -> 0 | I61: =-IF(INGRESOS!$A$7="CONTINUADA",INGRESOS!T75,0) -> 0 | J61: =-IF(INGRESOS!$A$7="CONTINUADA",INGRESOS!U75,0) -> 0 | K61: =-IF(INGRESOS!$A$7="CONTINUADA",INGRESOS!V75,0) -> 0 | L61: =-IF(INGRESOS!$A$7="CONTINUADA",INGRESOS!W75,0) -> 0
B62: OTROS INGRESOS
B63: Convenios | F63: =INGRESOS!Q82 -> 0 | G63: =INGRESOS!R82 -> 0 | H63: =INGRESOS!S82 -> 0 | I63: =INGRESOS!T82 -> 0 | J63: =INGRESOS!U82 -> 0 | K63: =INGRESOS!V82 -> 0 | L63: =INGRESOS!W82 -> 0
B64: Bienestar Universitario (Recreación) | F64: =INGRESOS!Q83 -> 0 | G64: =INGRESOS!R83 -> 0 | H64: =INGRESOS!S83 -> 0 | I64: =INGRESOS!T83 -> 0 | J64: =INGRESOS!U83 -> 0 | K64: =INGRESOS!V83 -> 0 | L64: =INGRESOS!W83 -> 0
B65: UNIDADES DE NEGOCIOS
B66: Medicamentos - Centro de Vacunación | F66: =INGRESOS!Q90 -> 0 | G66: =INGRESOS!R90 -> 0 | H66: =INGRESOS!S90 -> 0 | I66: =INGRESOS!T90 -> 0 | J66: =INGRESOS!U90 -> 0 | K66: =INGRESOS!V90 -> 0 | L66: =INGRESOS!W90 -> 0
B67: Comercializados - Tienda USC | F67: =INGRESOS!Q91 -> 0 | G67: =INGRESOS!R91 -> 0 | H67: =INGRESOS!S91 -> 0 | I67: =INGRESOS!T91 -> 0 | J67: =INGRESOS!U91 -> 0 | K67: =INGRESOS!V91 -> 0 | L67: =INGRESOS!W91 -> 0
B68: Preescolar - Jardion Infantil USC | F68: =INGRESOS!Q92 -> 0 | G68: =INGRESOS!R92 -> 0 | H68: =INGRESOS!S92 -> 0 | I68: =INGRESOS!T92 -> 0 | J68: =INGRESOS!U92 -> 0 | K68: =INGRESOS!V92 -> 0 | L68: =INGRESOS!W92 -> 0
B69: Salud oral - Clinica Odontologica | F69: =INGRESOS!Q93 -> 0 | G69: =INGRESOS!R93 -> 0 | H69: =INGRESOS!S93 -> 0 | I69: =INGRESOS!T93 -> 0 | J69: =INGRESOS!U93 -> 0 | K69: =INGRESOS!V93 -> 0 | L69: =INGRESOS!W93 -> 0
B70: Asistencia Tecnica - Metrología | F70: =INGRESOS!Q94 -> 0 | G70: =INGRESOS!R94 -> 0 | H70: =INGRESOS!S94 -> 0 | I70: =INGRESOS!T94 -> 0 | J70: =INGRESOS!U94 -> 0 | K70: =INGRESOS!V94 -> 0 | L70: =INGRESOS!W94 -> 0
B71: Consultorias | F71: =INGRESOS!Q95 -> 0 | G71: =INGRESOS!R95 -> 0 | H71: =INGRESOS!S95 -> 0 | I71: =INGRESOS!T95 -> 0 | J71: =INGRESOS!U95 -> 0 | K71: =INGRESOS!V95 -> 0 | L71: =INGRESOS!W95 -> 0
B73: TOTAL INGRESOS: | F73: =SUM(F15:F71) -> 0 | G73: =SUM(G15:G71) -> 0 | H73: =SUM(H15:H71) -> 0 | I73: =SUM(I15:I71) -> 0 | J73: =SUM(J15:J71) -> 0 | K73: =SUM(K15:K71) -> 0 | L73: =SUM(L15:L71) -> 0
K74: SUMA TOTAL: | L74: =SUM(F73:L73) -> 0
F76: Año Completo | G76: =IF(INGRESOS!$J$10=INGRESOS!$AA$8,IF(INGRESOS!$J$30>0,IF(INGRESOS!$J$30=1,0.5,1),0),1) -> 1 | H76: =IF(INGRESOS!$J$10=INGRESOS!$AA$8,IF(INGRESOS!$J$30>2,IF(INGRESOS!$J$30=3,0.5,1),0),1) -> 1 | I76: =IF(INGRESOS!$J$10=INGRESOS!$AA$8,IF(INGRESOS!$J$30>4,IF(INGRESOS!$J$30=5,0.5,1),0),1) -> 1 | J76: =IF(INGRESOS!$J$10=INGRESOS!$AA$8,IF(INGRESOS!$J$30>6,IF(INGRESOS!$J$30=7,0.5,1),0),1) -> 1 | K76: =IF(INGRESOS!$J$10=INGRESOS!$AA$8,IF(INGRESOS!$J$30>8,IF(INGRESOS!$J$30=9,0.5,1),0),1) -> 1 | L76: =IF(INGRESOS!$J$10=INGRESOS!$AA$8,IF(INGRESOS!$J$30>10,IF(INGRESOS!$J$30=11,0.5,1),0),1) -> 1
F77: Ajuste anual Costos | G77: 0.05 | H77: 0.05 | I77: 0.05 | J77: 0.05 | K77: 0.05 | L77: 0.05
B79: 2. DESEMBOLSOS
B81: GASTOS DE PERSONAL ADMINISTRATIVO
B82: Sueldos - Personal Administrativo | F82: ='COSTOS Y GASTOS'!E13 -> 0 | G82: =+F82*(1+G$77)*G$76 -> 0 | H82: =+G82*(1+H$77)*H$76 -> 0 | I82: =+H82*(1+I$77)*I$76 -> 0 | J82: =+I82*(1+J$77)*J$76 -> 0 | K82: =+J82*(1+K$77)*K$76 -> 0 | L82: =+K82*(1+L$77)*L$76 -> 0
B83: Prestaciones Sociales - Administrativos (Incluye Bonificación) | F83: ='COSTOS Y GASTOS'!F13 -> 0 | G83: =+F83*(1+G$77)*G$76 -> 0 | H83: =+G83*(1+H$77)*H$76 -> 0 | I83: =+H83*(1+I$77)*I$76 -> 0 | J83: =+I83*(1+J$77)*J$76 -> 0 | K83: =+J83*(1+K$77)*K$76 -> 0 | L83: =+K83*(1+L$77)*L$76 -> 0
B84: Otros Gastos de Personal - Administrativos | F84: ='COSTOS Y GASTOS'!D21 -> 0 | G84: =+F84*(1+G$77)*G$76 -> 0 | H84: =+G84*(1+H$77)*H$76 -> 0 | I84: =+H84*(1+I$77)*I$76 -> 0 | J84: =+I84*(1+J$77)*J$76 -> 0 | K84: =+J84*(1+K$77)*K$76 -> 0 | L84: =+K84*(1+L$77)*L$76 -> 0
B85: GASTOS DE PERSONAL DOCENTE
B86: Sueldos - Docentes Tiempo Completo | F86: ='DOCENTE CONTRATO ESPECIAL'!$E10 -> 0 | G86: ='DOCENTE CONTRATO ESPECIAL'!$E11 -> 0 | H86: ='DOCENTE CONTRATO ESPECIAL'!$E12 -> 0 | I86: ='DOCENTE CONTRATO ESPECIAL'!$E13 -> 0 | J86: ='DOCENTE CONTRATO ESPECIAL'!$E14 -> 0 | K86: ='DOCENTE CONTRATO ESPECIAL'!$E15 -> 0 | L86: ='DOCENTE CONTRATO ESPECIAL'!$E16 -> 0
B87: Sueldos - Docentes Dedicación Exclusiva | F87: ='DOCENTE CONTRATO ESPECIAL'!$E20 -> 0 | G87: ='DOCENTE CONTRATO ESPECIAL'!$E21 -> 0 | H87: ='DOCENTE CONTRATO ESPECIAL'!$E22 -> 0 | I87: ='DOCENTE CONTRATO ESPECIAL'!$E23 -> 0 | J87: ='DOCENTE CONTRATO ESPECIAL'!$E24 -> 0 | K87: ='DOCENTE CONTRATO ESPECIAL'!$E25 -> 0 | L87: ='DOCENTE CONTRATO ESPECIAL'!$E26 -> 0
B88: Sueldos - Docentes Medio Tiempo | F88: ='DOCENTE CONTRATO ESPECIAL'!$E30 -> 0 | G88: ='DOCENTE CONTRATO ESPECIAL'!$E31 -> 0 | H88: ='DOCENTE CONTRATO ESPECIAL'!$E32 -> 0 | I88: ='DOCENTE CONTRATO ESPECIAL'!$E33 -> 0 | J88: ='DOCENTE CONTRATO ESPECIAL'!$E34 -> 0 | K88: ='DOCENTE CONTRATO ESPECIAL'!$E34 -> 0 | L88: ='DOCENTE CONTRATO ESPECIAL'!$E34 -> 0
B89: Sueldos - Docentes Indefinidos | F89: ='DOCENTE CONTRATO ESPECIAL'!$E40 -> 0 | G89: ='DOCENTE CONTRATO ESPECIAL'!$E41 -> 0 | H89: ='DOCENTE CONTRATO ESPECIAL'!$E42 -> 0 | I89: ='DOCENTE CONTRATO ESPECIAL'!$E43 -> 0 | J89: ='DOCENTE CONTRATO ESPECIAL'!$E44 -> 0 | K89: ='DOCENTE CONTRATO ESPECIAL'!$E44 -> 0 | L89: ='DOCENTE CONTRATO ESPECIAL'!$E44 -> 0
B90: Sueldos - Docentes Hora Catedra | F90: =IF(INGRESOS!$A$7="POSTGRADO",0,'COSTOS Y GASTOS'!$E34) -> 0 | G90: =IF(INGRESOS!$A$7="POSTGRADO",0,'COSTOS Y GASTOS'!$E35) -> 0 | H90: =IF(INGRESOS!$A$7="POSTGRADO",0,'COSTOS Y GASTOS'!$E36) -> 0 | I90: =IF(INGRESOS!$A$7="POSTGRADO",0,'COSTOS Y GASTOS'!$E37) -> 0 | J90: =IF(INGRESOS!$A$7="POSTGRADO",0,'COSTOS Y GASTOS'!$E38) -> 0 | K90: =IF(INGRESOS!$A$7="POSTGRADO",0,'COSTOS Y GASTOS'!$E39) -> 0 | L90: =IF(INGRESOS!$A$7="POSTGRADO",0,'COSTOS Y GASTOS'!$E40) -> 0
B91: Prestaciones Sociales - Docentes (Incluye Bonific.) | E91: 0.52 | F91: =SUM(F86:F90)*$E91 -> 0 | G91: =SUM(G86:G90)*$E91 -> 0 | H91: =SUM(H86:H90)*$E91 -> 0 | I91: =SUM(I86:I90)*$E91 -> 0 | J91: =SUM(J86:J90)*$E91 -> 0 | K91: =SUM(K86:K90)*$E91 -> 0 | L91: =SUM(L86:L90)*$E91 -> 0
B92: Otros Gastos de Personal - Docente | F92: ='COSTOS Y GASTOS'!D29 -> 0 | G92: =+F92*(1+G$77)*G$76 -> 0 | H92: =+G92*(1+H$77)*H$76 -> 0 | I92: =+H92*(1+I$77)*I$76 -> 0 | J92: =+I92*(1+J$77)*J$76 -> 0 | K92: =+J92*(1+K$77)*K$76 -> 0 | L92: =+K92*(1+L$77)*L$76 -> 0
B93: SUB TOTAL | F93: =SUM(F82:F92) -> 0 | G93: =SUM(G82:G92) -> 0 | H93: =SUM(H82:H92) -> 0 | I93: =SUM(I82:I92) -> 0 | J93: =SUM(J82:J92) -> 0 | K93: =SUM(K82:K92) -> 0 | L93: =SUM(L82:L92) -> 0
B94: HONORARIOS
B95: Honorarios - Trabajos especiales | F95: ='COSTOS Y GASTOS'!E59 -> 0 | G95: =+F95*(1+G$77)*G$76 -> 0 | H95: =+G95*(1+H$77)*H$76 -> 0 | I95: =+H95*(1+I$77)*I$76 -> 0 | J95: =+I95*(1+J$77)*J$76 -> 0 | K95: =+J95*(1+K$77)*K$76 -> 0 | L95: =+K95*(1+L$77)*L$76 -> 0
B96: Honorarios - Asesorias | F96: ='COSTOS Y GASTOS'!E50 -> 0 | G96: =+F96*(1+G$77)*G$76 -> 0 | H96: =+G96*(1+H$77)*H$76 -> 0 | I96: =+H96*(1+I$77)*I$76 -> 0 | J96: =+I96*(1+J$77)*J$76 -> 0 | K96: =+J96*(1+K$77)*K$76 -> 0 | L96: =+K96*(1+L$77)*L$76 -> 0
B97: Honorarios - Docentes | F97: =IF(INGRESOS!$A$7="POSTGRADO",'COSTOS Y GASTOS'!$E34,0) -> 0 | G97: =IF(INGRESOS!$A$7="POSTGRADO",'COSTOS Y GASTOS'!$E35,0) -> 0 | H97: =IF(INGRESOS!$A$7="POSTGRADO",'COSTOS Y GASTOS'!$E36,0) -> 0 | I97: =IF(INGRESOS!$A$7="POSTGRADO",'COSTOS Y GASTOS'!$E37,0) -> 0 | J97: =IF(INGRESOS!$A$7="POSTGRADO",'COSTOS Y GASTOS'!$E38,0) -> 0 | K97: =IF(INGRESOS!$A$7="POSTGRADO",'COSTOS Y GASTOS'!$E38,0) -> 0 | L97: =IF(INGRESOS!$A$7="POSTGRADO",'COSTOS Y GASTOS'!$E38,0) -> 0
B98: SUB TOTAL | F98: =SUM(F95:F97) -> 0 | G98: =SUM(G95:G97) -> 0 | H98: =SUM(H95:H97) -> 0 | I98: =SUM(I95:I97) -> 0 | J98: =SUM(J95:J97) -> 0 | K98: =SUM(K95:K97) -> 0 | L98: =SUM(L95:L97) -> 0
B99: GASTOS DE VIAJE ADMINISTRATIVO
B100: Pasajes Aereos - Administrativos | F100: ='COSTOS Y GASTOS'!F67 -> 0 | G100: =+F100*(1+G$77)*G$76 -> 0 | H100: =+G100*(1+H$77)*H$76 -> 0 | I100: =+H100*(1+I$77)*I$76 -> 0 | J100: =+I100*(1+J$77)*J$76 -> 0 | K100: =+J100*(1+K$77)*K$76 -> 0 | L100: =+K100*(1+L$77)*L$76 -> 0
B101: Hospedaje y Alimentación - Administrativos | F101: ='COSTOS Y GASTOS'!F85 -> 0 | G101: =+F101*(1+G$77)*G$76 -> 0 | H101: =+G101*(1+H$77)*H$76 -> 0 | I101: =+H101*(1+I$77)*I$76 -> 0 | J101: =+I101*(1+J$77)*J$76 -> 0 | K101: =+J101*(1+K$77)*K$76 -> 0 | L101: =+K101*(1+L$77)*L$76 -> 0
B102: Transporte Terrestre - Administrativos (fuera de la ciudad) | F102: ='COSTOS Y GASTOS'!F101 -> 0 | G102: =+F102*(1+G$77)*G$76 -> 0 | H102: =+G102*(1+H$77)*H$76 -> 0 | I102: =+H102*(1+I$77)*I$76 -> 0 | J102: =+I102*(1+J$77)*J$76 -> 0 | K102: =+J102*(1+K$77)*K$76 -> 0 | L102: =+K102*(1+L$77)*L$76 -> 0
B103: Viaticos - Administrativos | F103: ='COSTOS Y GASTOS'!F117 -> 0 | G103: =+F103*(1+G$77)*G$76 -> 0 | H103: =+G103*(1+H$77)*H$76 -> 0 | I103: =+H103*(1+I$77)*I$76 -> 0 | J103: =+I103*(1+J$77)*J$76 -> 0 | K103: =+J103*(1+K$77)*K$76 -> 0 | L103: =+K103*(1+L$77)*L$76 -> 0
B104: GASTOS DE VIAJES DOCENTES
B105: Pasajes Aereos - Docente | F105: ='COSTOS Y GASTOS'!F77 -> 0 | G105: =+F105*(1+G$77)*G$76 -> 0 | H105: =+G105*(1+H$77)*H$76 -> 0 | I105: =+H105*(1+I$77)*I$76 -> 0 | J105: =+I105*(1+J$77)*J$76 -> 0 | K105: =+J105*(1+K$77)*K$76 -> 0 | L105: =+K105*(1+L$77)*L$76 -> 0
B106: Hospedaje y Alimentación - Docente | F106: ='COSTOS Y GASTOS'!F93 -> 0 | G106: =+F106*(1+G$77)*G$76 -> 0 | H106: =+G106*(1+H$77)*H$76 -> 0 | I106: =+H106*(1+I$77)*I$76 -> 0 | J106: =+I106*(1+J$77)*J$76 -> 0 | K106: =+J106*(1+K$77)*K$76 -> 0 | L106: =+K106*(1+L$77)*L$76 -> 0
B107: Transporte Terrestre - Docente (fuera de la ciudad) | F107: ='COSTOS Y GASTOS'!F109 -> 0 | G107: =+F107*(1+G$77)*G$76 -> 0 | H107: =+G107*(1+H$77)*H$76 -> 0 | I107: =+H107*(1+I$77)*I$76 -> 0 | J107: =+I107*(1+J$77)*J$76 -> 0 | K107: =+J107*(1+K$77)*K$76 -> 0 | L107: =+K107*(1+L$77)*L$76 -> 0
...

Sheet INGRESOS
A2: #VALUE! | E2: #VALUE! | I2: FORMATO Presupuesto para el Ministerio de Educación Nacional | Y2: Código: R-PO003
Y3: Versión: 014
I4: PROCESO Planeación Financiera | Y4: Fecha de vigencia:03/08/2026
A6: ANEXOS INGRESOS | I6: DILIGENCIE SOLO LAS CELDAS EN COLOR GRIS ACORDE CON LA INSTRUCCIÓN DE LA NOTA | AA6: Semestral
A7: PROFESIONAL | Q7: Ajuste anual | R7: 0.05 | AA7: Anual
AA8: Una Cohorte
A10: INGRESO POR INSCRIPCIONES | I10: Periodicidad de admisión: | J10: Semestral
Q11: =P14 -> 108149 | R11: =+Q11*(1+$R$7) -> 113556.45 | S11: =+R11*(1+$R$7) -> 119234.27 | T11: =+S11*(1+$R$7) -> 125195.99 | U11: =+T11*(1+$R$7) -> 131455.79 | V11: =+U11*(1+$R$7) -> 138028.57 | W11: =+V11*(1+$R$7) -> 144930
A12: CURSO | B12: =CONSOLIDADO!F11 -> 2027 | D12: =CONSOLIDADO!G11 -> 2028 | F12: =CONSOLIDADO!H11 -> 2029 | H12: =CONSOLIDADO!I11 -> 2030 | J12: =CONSOLIDADO!J11 -> 2031 | L12: =CONSOLIDADO!K11 -> 2032 | N12: =CONSOLIDADO!L11 -> 2033 | P12: Vr. Derechos | Q12: =B12 -> 2027 | R12: =D12 -> 2028 | S12: =F12 -> 2029 | T12: =H12 -> 2030 | U12: =J12 -> 2031 | V12: =L12 -> 2032 | W12: =N12 -> 2033 | Y12: NO Matriculados | Z12: % Absorción
B13: PERIODO A | C13: PERIODO B | D13: PERIODO A | E13: PERIODO B | F13: PERIODO A | G13: PERIODO B | H13: PERIODO A | I13: PERIODO B | J13: PERIODO A | K13: PERIODO B | L13: PERIODO A | M13: PERIODO B | N13: PERIODO A | O13: PERIODO B
C14: =IF(J10=AA6,B14,0) -> 0 | D14: =IF(J10=AA8,0,B14) -> 0 | E14: =C14 -> 0 | F14: =D14 -> 0 | G14: =E14 -> 0 | H14: =F14 -> 0 | I14: =G14 -> 0 | J14: =H14 -> 0 | K14: =I14 -> 0 | L14: =J14 -> 0 | ... O14: =M14 -> 0 | P14: 108149 | Q14: =(B14+C14)*Q$11 -> 0 | R14: =(D14+E14)*R$11 -> 0 | S14: =(F14+G14)*S$11 -> 0 | T14: =(H14+I14)*T$11 -> 0 | U14: =(J14+K14)*U$11 -> 0 | V14: =(L14+M14)*V$11 -> 0 | W14: =(N14+O14)*W$11 -> 0 | Z14: =IF(B14=0,"No aplica",B35/B14) -> No aplica
A17: INGRESO EXTENSIVA Y CONTINUADA
A19: CURSO | B19: =B$12 -> 2027 | D19: =D$12 -> 2028 | F19: =F$12 -> 2029 | H19: =H$12 -> 2030 | J19: =J$12 -> 2031 | L19: =L$12 -> 2032 | N19: =N$12 -> 2033 | P19: Vr. Matricula | Q19: =Q$12 -> 2027 | R19: =R$12 -> 2028 | S19: =S$12 -> 2029 | T19: =T$12 -> 2030 | U19: =U$12 -> 2031 | V19: =V$12 -> 2032 | W19: =W$12 -> 2033
B20: =B$13 -> PERIODO A | C20: =C$13 -> PERIODO B | D20: =D$13 -> PERIODO A | E20: =E$13 -> PERIODO B | F20: =F$13 -> PERIODO A | G20: =G$13 -> PERIODO B | H20: =H$13 -> PERIODO A | I20: =I$13 -> PERIODO B | ... O20: =O$13 -> PERIODO B
A21: Congresos | Q21: =(B21+C21)*$P21 -> 0 | R21: =(D21+E21)*$P21*(1+$R$7) -> 0 | S21: =(F21+G21)*$P21*(1+$R$7)^2 -> 0 | T21: =(H21+I21)*$P21*(1+$R$7)^3 -> 0 | U21: =(J21+K21)*$P21*(1+$R$7)^4 -> 0 | V21: =(L21+M21)*$P21*(1+$R$7)^5 -> 0 | W21: =(N21+O21)*$P21*(1+$R$7)^6 -> 0
A22: Diplomados | Q22: =(B22+C22)*$P22 -> 0 | R22: =(D22+E22)*$P22*(1+$R$7) -> 0 | S22: =(F22+G22)*$P22*(1+$R$7)^2 -> 0 | T22: =(H22+I22)*$P22*(1+$R$7)^3 -> 0 | U22: =(J22+K22)*$P22*(1+$R$7)^4 -> 0 | V22: =(L22+M22)*$P22*(1+$R$7)^5 -> 0 | W22: =(N22+O22)*$P22*(1+$R$7)^6 -> 0
A23: Seminarios | Q23: =(B23+C23)*$P23 -> 0 | R23: =(D23+E23)*$P23*(1+$R$7) -> 0 | S23: =(F23+G23)*$P23*(1+$R$7)^2 -> 0 | T23: =(H23+I23)*$P23*(1+$R$7)^3 -> 0 | U23: =(J23+K23)*$P23*(1+$R$7)^4 -> 0 | V23: =(L23+M23)*$P23*(1+$R$7)^5 -> 0 | W23: =(N23+O23)*$P23*(1+$R$7)^6 -> 0
A24: Cursos Actualización | Q24: =(B24+C24)*$P24 -> 0 | R24: =(D24+E24)*$P24*(1+$R$7) -> 0 | S24: =(F24+G24)*$P24*(1+$R$7)^2 -> 0 | T24: =(H24+I24)*$P24*(1+$R$7)^3 -> 0 | U24: =(J24+K24)*$P24*(1+$R$7)^4 -> 0 | V24: =(L24+M24)*$P24*(1+$R$7)^5 -> 0 | W24: =(N24+O24)*$P24*(1+$R$7)^6 -> 0
A25: Conferencias | Q25: =(B25+C25)*$P25 -> 0 | R25: =(D25+E25)*$P25*(1+$R$7) -> 0 | S25: =(F25+G25)*$P25*(1+$R$7)^2 -> 0 | T25: =(H25+I25)*$P25*(1+$R$7)^3 -> 0 | U25: =(J25+K25)*$P25*(1+$R$7)^4 -> 0 | V25: =(L25+M25)*$P25*(1+$R$7)^5 -> 0 | W25: =(N25+O25)*$P25*(1+$R$7)^6 -> 0
A26: Talleres | Q26: =(B26+C26)*$P26 -> 0 | R26: =(D26+E26)*$P26*(1+$R$7) -> 0 | S26: =(F26+G26)*$P26*(1+$R$7)^2 -> 0 | T26: =(H26+I26)*$P26*(1+$R$7)^3 -> 0 | U26: =(J26+K26)*$P26*(1+$R$7)^4 -> 0 | V26: =(K26+L26)*$P26*(1+$R$7)^4 -> 0 | W26: =(L26+M26)*$P26*(1+$R$7)^4 -> 0
A27: Otros | Q27: =(B27+C27)*$P27 -> 0 | R27: =(D27+E27)*$P27*(1+$R$7) -> 0 | S27: =(F27+G27)*$P27*(1+$R$7)^2 -> 0 | T27: =(H27+I27)*$P27*(1+$R$7)^3 -> 0 | U27: =(J27+K27)*$P27*(1+$R$7)^4 -> 0 | V27: =(K27+L27)*$P27*(1+$R$7)^4 -> 0 | W27: =(L27+M27)*$P27*(1+$R$7)^4 -> 0
A30: INGRESO POR MATRICULAS | I30: Niveles plan de estudio | J30: 12
B32: No. ESTUDIANTES | Q32: =P35 -> 0 | R32: =+Q32*(1+$R$7) -> 0 | S32: =+R32*(1+$R$7) -> 0 | T32: =+S32*(1+$R$7) -> 0 | U32: =+T32*(1+$R$7) -> 0 | V32: =+U32*(1+$R$7) -> 0 | W32: =+V32*(1+$R$7) -> 0
A33: NIVEL | B33: =B$12 -> 2027 | D33: =D$12 -> 2028 | F33: =F$12 -> 2029 | H33: =H$12 -> 2030 | J33: =J$12 -> 2031 | L33: =L$12 -> 2032 | N33: =N$12 -> 2033 | P33: Vr. Matricula | Q33: =Q$12 -> 2027 | R33: =R$12 -> 2028 | S33: =S$12 -> 2029 | T33: =T$12 -> 2030 | U33: =U$12 -> 2031 | V33: =V$12 -> 2032 | W33: =W$12 -> 2033
B34: =B$13 -> PERIODO A | C34: =C$13 -> PERIODO B | D34: =D$13 -> PERIODO A | E34: =E$13 -> PERIODO B | F34: =F$13 -> PERIODO A | G34: =G$13 -> PERIODO B | H34: =H$13 -> PERIODO A | I34: =I$13 -> PERIODO B | ... O34: =O$13 -> PERIODO B | X34: No. | Y34: Deserción | Z34: % Deserción Acumulada | AA34: Matriculados Periodo actual
A35: Primero | B35: =IF(B14>Y14,B14-$Y14,0) -> 0 | C35: =IF(C14>0,C14-$Y14,0) -> 0 | D35: =IF(D14>0,D14-$Y14,0) -> 0 | E35: =IF(E14>0,E14-$Y14,0) -> 0 | F35: =IF(F14>0,F14-$Y14,0) -> 0 | G35: =IF(G14>0,G14-$Y14,0) -> 0 | H35: =IF(H14>0,H14-$Y14,0) -> 0 | I35: =IF(I14>0,I14-$Y14,0) -> 0 | J35: =IF(J14>0,J14-$Y14,0) -> 0 | ... O35: =IF(O14>0,O14-$Y14,0) -> 0 | Q35: =(B35+C35)*Q$32 -> 0 | R35: =(D35+E35)*R$32 -> 0 | S35: =(F35+G35)*S$32 -> 0 | T35: =(H35+I35)*T$32 -> 0 | U35: =(J35+K35)*U$32 -> 0 | V35: =(L35+M35)*V$32 -> 0 | W35: =(N35+O35)*W$32 -> 0 | X35: 1
A36: Segundo | B36: =IF($X36>$J$30,0,IF(AA35=0,0,AA35-$Y35)) -> 0 | C36: =IF($X36>$J$30,0,IF(B35=0,0,B35-$Y35)) -> 0 | D36: =IF($X36>$J$30,0,IF(C35=0,0,C35-$Y35)) -> 0 | E36: =IF($X36>$J$30,0,IF(D35=0,0,D35-$Y35)) -> 0 | F36: =IF($X36>$J$30,0,IF(E35=0,0,E35-$Y35)) -> 0 | G36: =IF($X36>$J$30,0,IF(F35=0,0,F35-$Y35)) -> 0 | H36: =IF($X36>$J$30,0,IF(G35=0,0,G35-$Y35)) -> 0 | I36: =IF($X36>$J$30,0,IF(H35=0,0,H35-$Y35)) -> 0 | J36: =IF($X36>$J$30,0,IF(I35=0,0,I35-$Y35)) -> 0 | ... O36: =IF($X36>$J$30,0,IF(N35=0,0,N35-$Y35)) -> 0 | Q36: =(B36+C36)*Q$32 -> 0 | R36: =(D36+E36)*R$32 -> 0 | S36: =(F36+G36)*S$32 -> 0 | T36: =(H36+I36)*T$32 -> 0 | U36: =(J36+K36)*U$32 -> 0 | V36: =(L36+M36)*V$32 -> 0 | W36: =(N36+O36)*W$32 -> 0 | X36: 2 | Z36: =IF(X35<$J$30,IF($B$35>0,SUM($Y$35:Y35)/$B$35,0),0) -> 0
A37: Tercero | B37: =IF($X37>$J$30,0,IF(AA36=0,0,AA36-$Y36)) -> 0 | C37: =IF($X37>$J$30,0,IF($Y36>B36,0,B36-$Y36)) -> 0 | D37: =IF($X37>$J$30,0,IF(C36=0,0,C36-$Y36)) -> 0 | E37: =IF($X37>$J$30,0,IF(D36=0,0,D36-$Y36)) -> 0 | F37: =IF($X37>$J$30,0,IF(E36=0,0,E36-$Y36)) -> 0 | G37: =IF($X37>$J$30,0,IF(F36=0,0,F36-$Y36)) -> 0 | H37: =IF($X37>$J$30,0,IF(G36=0,0,G36-$Y36)) -> 0 | I37: =IF($X37>$J$30,0,IF(H36=0,0,H36-$Y36)) -> 0 | J37: =IF($X37>$J$30,0,IF(I36=0,0,I36-$Y36)) -> 0 | K37: =IF($X37>$J$30,0,IF(J36=0,0,J36-$Y36)) -> 0 | ... O37: =IF($X37>$J$30,0,IF(N36=0,0,N36-$Y36)) -> 0 | Q37: =(B37+C37)*Q$32 -> 0 | R37: =(D37+E37)*R$32 -> 0 | S37: =(F37+G37)*S$32 -> 0 | T37: =(H37+I37)*T$32 -> 0 | U37: =(J37+K37)*U$32 -> 0 | V37: =(L37+M37)*V$32 -> 0 | W37: =(N37+O37)*W$32 -> 0 | X37: 3 | Z37: =IF(X36<$J$30,IF($B$35>0,SUM($Y$35:Y36)/$B$35,0),0) -> 0
A38: Cuarto | B38: =IF($X38>$J$30,0,IF(AA37=0,0,AA37-$Y37)) -> 0 | C38: =IF($X38>$J$30,0,IF($Y37>B37,0,B37-$Y37)) -> 0 | D38: =IF($X38>$J$30,0,IF($Y37>C37,0,C37-$Y37)) -> 0 | E38: =IF($X38>$J$30,0,IF(D37=0,0,D37-$Y37)) -> 0 | F38: =IF($X38>$J$30,0,IF(E37=0,0,E37-$Y37)) -> 0 | G38: =IF($X38>$J$30,0,IF(F37=0,0,F37-$Y37)) -> 0 | H38: =IF($X38>$J$30,0,IF(G37=0,0,G37-$Y37)) -> 0 | I38: =IF($X38>$J$30,0,IF(H37=0,0,H37-$Y37)) -> 0 | J38: =IF($X38>$J$30,0,IF(I37=0,0,I37-$Y37)) -> 0 | K38: =IF($X38>$J$30,0,IF(J37=0,0,J37-$Y37)) -> 0 | L38: =IF($X38>$J$30,0,IF(K37=0,0,K37-$Y37)) -> 0 | ... O38: =IF($X38>$J$30,0,IF(N37=0,0,N37-$Y37)) -> 0 | Q38: =(B38+C38)*Q$32 -> 0 | R38: =(D38+E38)*R$32 -> 0 | S38: =(F38+G38)*S$32 -> 0 | T38: =(H38+I38)*T$32 -> 0 | U38: =(J38+K38)*U$32 -> 0 | V38: =(L38+M38)*V$32 -> 0 | W38: =(N38+O38)*W$32 -> 0 | X38: 4 | Z38: =IF(X37<$J$30,IF($B$35>0,SUM($Y$35:Y37)/$B$35,0),0) -> 0
A39: Quinto | B39: =IF($X39>$J$30,0,IF(AA38=0,0,AA38-$Y38)) -> 0 | C39: =IF($X39>$J$30,0,IF($Y38>B38,0,B38-$Y38)) -> 0 | D39: =IF($X39>$J$30,0,IF($Y38>C38,0,C38-$Y38)) -> 0 | E39: =IF($X39>$J$30,0,IF($Y38>D38,0,D38-$Y38)) -> 0 | F39: =IF($X39>$J$30,0,IF(E38=0,0,E38-$Y38)) -> 0 | G39: =IF($X39>$J$30,0,IF(F38=0,0,F38-$Y38)) -> 0 | H39: =IF($X39>$J$30,0,IF(G38=0,0,G38-$Y38)) -> 0 | I39: =IF($X39>$J$30,0,IF(H38=0,0,H38-$Y38)) -> 0 | J39: =IF($X39>$J$30,0,IF(I38=0,0,I38-$Y38)) -> 0 | K39: =IF($X39>$J$30,0,IF(J38=0,0,J38-$Y38)) -> 0 | L39: =IF($X39>$J$30,0,IF(K38=0,0,K38-$Y38)) -> 0 | M39: =IF($X39>$J$30,0,IF(L38=0,0,L38-$Y38)) -> 0 | ... O39: =IF($X39>$J$30,0,IF(N38=0,0,N38-$Y38)) -> 0 | Q39: =(B39+C39)*Q$32 -> 0 | R39: =(D39+E39)*R$32 -> 0 | S39: =(F39+G39)*S$32 -> 0 | T39: =(H39+I39)*T$32 -> 0 | U39: =(J39+K39)*U$32 -> 0 | V39: =(L39+M39)*V$32 -> 0 | W39: =(N39+O39)*W$32 -> 0 | X39: 5 | Z39: =IF(X38<$J$30,IF($B$35>0,SUM($Y$35:Y38)/$B$35,0),0) -> 0
A40: Sexto | B40: =IF($X40>$J$30,0,IF(AA39=0,0,AA39-$Y39)) -> 0 | C40: =IF($X40>$J$30,0,IF($Y39>B39,0,B39-$Y39)) -> 0 | D40: =IF($X40>$J$30,0,IF($Y39>C39,0,C39-$Y39)) -> 0 | E40: =IF($X40>$J$30,0,IF($Y39>D39,0,D39-$Y39)) -> 0 | F40: =IF($X40>$J$30,0,IF($Y39>E39,0,E39-$Y39)) -> 0 | G40: =IF($X40>$J$30,0,IF(F39=0,0,F39-$Y39)) -> 0 | H40: =IF($X40>$J$30,0,IF(G39=0,0,G39-$Y39)) -> 0 | I40: =IF($X40>$J$30,0,IF(H39=0,0,H39-$Y39)) -> 0 | J40: =IF($X40>$J$30,0,IF(I39=0,0,I39-$Y39)) -> 0 | K40: =IF($X40>$J$30,0,IF(J39=0,0,J39-$Y39)) -> 0 | L40: =IF($X40>$J$30,0,IF(K39=0,0,K39-$Y39)) -> 0 | M40: =IF($X40>$J$30,0,IF(L39=0,0,L39-$Y39)) -> 0 | N40: =IF($X40>$J$30,0,IF(M39=0,0,M39-$Y39)) -> 0 | O40: =IF($X40>$J$30,0,IF(N39=0,0,N39-$Y39)) -> 0 | Q40: =(B40+C40)*Q$32 -> 0 | R40: =(D40+E40)*R$32 -> 0 | S40: =(F40+G40)*S$32 -> 0 | T40: =(H40+I40)*T$32 -> 0 | U40: =(J40+K40)*U$32 -> 0 | V40: =(L40+M40)*V$32 -> 0 | W40: =(N40+O40)*W$32 -> 0 | X40: 6 | Z40: =IF(X39<$J$30,IF($B$35>0,SUM($Y$35:Y39)/$B$35,0),0) -> 0
A41: Septimo | B41: =IF($X41>$J$30,0,IF(AA40=0,0,AA40-$Y40)) -> 0 | C41: =IF($X41>$J$30,0,IF($Y40>B40,0,B40-$Y40)) -> 0 | D41: =IF($X41>$J$30,0,IF($Y40>C40,0,C40-$Y40)) -> 0 | E41: =IF($X41>$J$30,0,IF($Y40>D40,0,D40-$Y40)) -> 0 | F41: =IF($X41>$J$30,0,IF($Y40>E40,0,E40-$Y40)) -> 0 | G41: =IF($X41>$J$30,0,IF($Y40>F40,0,F40-$Y40)) -> 0 | H41: =IF($X41>$J$30,0,IF(G40=0,0,G40-$Y40)) -> 0 | I41: =IF($X41>$J$30,0,IF(H40=0,0,H40-$Y40)) -> 0 | J41: =IF($X41>$J$30,0,IF(I40=0,0,I40-$Y40)) -> 0 | K41: =IF($X41>$J$30,0,IF(J40=0,0,J40-$Y40)) -> 0 | L41: =IF($X41>$J$30,0,IF(K40=0,0,K40-$Y40)) -> 0 | M41: =IF($X41>$J$30,0,IF(L40=0,0,L40-$Y40)) -> 0 | N41: =IF($X41>$J$30,0,IF(M40=0,0,M40-$Y40)) -> 0 | O41: =IF($X41>$J$30,0,IF(N40=0,0,N40-$Y40)) -> 0 | Q41: =(B41+C41)*Q$32 -> 0 | R41: =(D41+E41)*R$32 -> 0 | S41: =(F41+G41)*S$32 -> 0 | T41: =(H41+I41)*T$32 -> 0 | U41: =(J41+K41)*U$32 -> 0 | V41: =(L41+M41)*V$32 -> 0 | W41: =(N41+O41)*W$32 -> 0 | X41: 7 | Z41: =IF(X40<$J$30,IF($B$35>0,SUM($Y$35:Y40)/$B$35,0),0) -> 0
A42: Octavo | B42: =IF($X42>$J$30,0,IF(AA41=0,0,AA41-$Y41)) -> 0 | C42: =IF($X42>$J$30,0,IF($Y41>B41,0,B41-$Y41)) -> 0 | D42: =IF($X42>$J$30,0,IF($Y41>C41,0,C41-$Y41)) -> 0 | E42: =IF($X42>$J$30,0,IF($Y41>D41,0,D41-$Y41)) -> 0 | F42: =IF($X42>$J$30,0,IF($Y41>E41,0,E41-$Y41)) -> 0 | G42: =IF($X42>$J$30,0,IF($Y41>F41,0,F41-$Y41)) -> 0 | H42: =IF($X42>$J$30,0,IF($Y41>G41,0,G41-$Y41)) -> 0 | I42: =IF($X42>$J$30,0,IF(H41=0,0,H41-$Y41)) -> 0 | J42: =IF($X42>$J$30,0,IF(I41=0,0,I41-$Y41)) -> 0 | K42: =IF($X42>$J$30,0,IF(J41=0,0,J41-$Y41)) -> 0 | L42: =IF($X42>$J$30,0,IF(K41=0,0,K41-$Y41)) -> 0 | M42: =IF($X42>$J$30,0,IF(L41=0,0,L41-$Y41)) -> 0 | N42: =IF($X42>$J$30,0,IF(M41=0,0,M41-$Y41)) -> 0 | O42: =IF($X42>$J$30,0,IF(N41=0,0,N41-$Y41)) -> 0 | Q42: =(B42+C42)*Q$32 -> 0 | R42: =(D42+E42)*R$32 -> 0 | S42: =(F42+G42)*S$32 -> 0 | T42: =(H42+I42)*T$32 -> 0 | U42: =(J42+K42)*U$32 -> 0 | V42: =(L42+M42)*V$32 -> 0 | W42: =(N42+O42)*W$32 -> 0 | X42: 8 | Z42: =IF(X41<$J$30,IF($B$35>0,SUM($Y$35:Y41)/$B$35,0),0) -> 0
A43: Noveno | B43: =IF($X43>$J$30,0,IF(AA42=0,0,AA42-$Y42)) -> 0 | C43: =IF($X43>$J$30,0,IF($Y42>B42,0,B42-$Y42)) -> 0 | D43: =IF($X43>$J$30,0,IF($Y42>C42,0,C42-$Y42)) -> 0 | E43: =IF($X43>$J$30,0,IF($Y42>D42,0,D42-$Y42)) -> 0 | F43: =IF($X43>$J$30,0,IF($Y42>E42,0,E42-$Y42)) -> 0 | G43: =IF($X43>$J$30,0,IF($Y42>F42,0,F42-$Y42)) -> 0 | H43: =IF($X43>$J$30,0,IF($Y42>G42,0,G42-$Y42)) -> 0 | I43: =IF($X43>$J$30,0,IF($Y42>H42,0,H42-$Y42)) -> 0 | J43: =IF($X43>$J$30,0,IF(I42=0,0,I42-$Y42)) -> 0 | K43: =IF($X43>$J$30,0,IF(J42=0,0,J42-$Y42)) -> 0 | L43: =IF($X43>$J$30,0,IF(K42=0,0,K42-$Y42)) -> 0 | M43: =IF($X43>$J$30,0,IF(L42=0,0,L42-$Y42)) -> 0 | N43: =IF($X43>$J$30,0,IF(M42=0,0,M42-$Y42)) -> 0 | O43: =IF($X43>$J$30,0,IF(N42=0,0,N42-$Y42)) -> 0 | Q43: =(B43+C43)*Q$32 -> 0 | R43: =(D43+E43)*R$32 -> 0 | S43: =(F43+G43)*S$32 -> 0 | T43: =(H43+I43)*T$32 -> 0 | U43: =(J43+K43)*U$32 -> 0 | V43: =(L43+M43)*V$32 -> 0 | W43: =(N43+O43)*W$32 -> 0 | X43: 9 | Z43: =IF(X42<$J$30,IF($B$35>0,SUM($Y$35:Y42)/$B$35,0),0) -> 0
A44: Decimo | B44: =IF($X44>$J$30,0,IF(AA43=0,0,AA43-$Y43)) -> 0 | C44: =IF($X44>$J$30,0,IF($Y43>B43,0,B43-$Y43)) -> 0 | D44: =IF($X44>$J$30,0,IF($Y43>C43,0,C43-$Y43)) -> 0 | E44: =IF($X44>$J$30,0,IF($Y43>D43,0,D43-$Y43)) -> 0 | F44: =IF($X44>$J$30,0,IF($Y43>E43,0,E43-$Y43)) -> 0 | G44: =IF($X44>$J$30,0,IF($Y43>F43,0,F43-$Y43)) -> 0 | H44: =IF($X44>$J$30,0,IF($Y43>G43,0,G43-$Y43)) -> 0 | I44: =IF($X44>$J$30,0,IF($Y43>H43,0,H43-$Y43)) -> 0 | J44: =IF($X44>$J$30,0,IF($Y43>I43,0,I43-$Y43)) -> 0 | K44: =IF($X44>$J$30,0,IF(J43=0,0,J43-$Y43)) -> 0 | L44: =IF($X44>$J$30,0,IF(K43=0,0,K43-$Y43)) -> 0 | M44: =IF($X44>$J$30,0,IF(L43=0,0,L43-$Y43)) -> 0 | N44: =IF($X44>$J$30,0,IF(M43=0,0,M43-$Y43)) -> 0 | O44: =IF($X44>$J$30,0,IF(N43=0,0,N43-$Y43)) -> 0 | Q44: =(B44+C44)*Q$32 -> 0 | R44: =(D44+E44)*R$32 -> 0 | S44: =(F44+G44)*S$32 -> 0 | T44: =(H44+I44)*T$32 -> 0 | U44: =(J44+K44)*U$32 -> 0 | V44: =(L44+M44)*V$32 -> 0 | W44: =(N44+O44)*W$32 -> 0 | X44: 10 | Z44: =IF(X43<$J$30,IF($B$35>0,SUM($Y$35:Y43)/$B$35,0),0) -> 0
A45: Once | B45: =IF($X45>$J$30,0,IF(AA44=0,0,AA44-$Y44)) -> 0 | C45: =IF($X45>$J$30,0,IF($Y44>B44,0,B44-$Y44)) -> 0 | D45: =IF($X45>$J$30,0,IF($Y44>C44,0,C44-$Y44)) -> 0 | E45: =IF($X45>$J$30,0,IF($Y44>D44,0,D44-$Y44)) -> 0 | F45: =IF($X45>$J$30,0,IF($Y44>E44,0,E44-$Y44)) -> 0 | G45: =IF($X45>$J$30,0,IF($Y44>F44,0,F44-$Y44)) -> 0 | H45: =IF($X45>$J$30,0,IF($Y44>G44,0,G44-$Y44)) -> 0 | I45: =IF($X45>$J$30,0,IF($Y44>H44,0,H44-$Y44)) -> 0 | J45: =IF($X45>$J$30,0,IF($Y44>I44,0,I44-$Y44)) -> 0 | K45: =IF($X45>$J$30,0,IF($Y44>J44,0,J44-$Y44)) -> 0 | L45: =IF($X45>$J$30,0,IF(K44=0,0,K44-$Y44)) -> 0 | M45: =IF($X45>$J$30,0,IF(L44=0,0,L44-$Y44)) -> 0 | N45: =IF($X45>$J$30,0,IF(M44=0,0,M44-$Y44)) -> 0 | O45: =IF($X45>$J$30,0,IF(N44=0,0,N44-$Y44)) -> 0 | Q45: =(B45+C45)*Q$32 -> 0 | R45: =(D45+E45)*R$32 -> 0 | S45: =(F45+G45)*S$32 -> 0 | T45: =(H45+I45)*T$32 -> 0 | U45: =(J45+K45)*U$32 -> 0 | V45: =(L45+M45)*V$32 -> 0 | W45: =(N45+O45)*W$32 -> 0 | X45: 11 | Z45: =IF(X44<$J$30,IF($B$35>0,SUM($Y$35:Y44)/$B$35,0),0) -> 0
A46: Doce | B46: =IF($X46>$J$30,0,IF(AA45=0,0,AA45-$Y45)) -> 0 | C46: =IF($X46>$J$30,0,IF($Y45>B45,0,B45-$Y45)) -> 0 | D46: =IF($X46>$J$30,0,IF($Y45>C45,0,C45-$Y45)) -> 0 | E46: =IF($X46>$J$30,0,IF($Y45>D45,0,D45-$Y45)) -> 0 | F46: =IF($X46>$J$30,0,IF($Y45>E45,0,E45-$Y45)) -> 0 | G46: =IF($X46>$J$30,0,IF($Y45>F45,0,F45-$Y45)) -> 0 | H46: =IF($X46>$J$30,0,IF($Y45>G45,0,G45-$Y45)) -> 0 | I46: =IF($X46>$J$30,0,IF($Y45>H45,0,H45-$Y45)) -> 0 | J46: =IF($X46>$J$30,0,IF($Y45>I45,0,I45-$Y45)) -> 0 | ... L46: =IF($X46>$J$30,0,IF($Y45>K45,0,K45-$Y45)) -> 0 | M46: =IF($X46>$J$30,0,IF(L45=0,0,L45-$Y45)) -> 0 | N46: =IF($X46>$J$30,0,IF(M45=0,0,M45-$Y45)) -> 0 | O46: =IF($X46>$J$30,0,IF(N45=0,0,N45-$Y45)) -> 0 | Q46: =(B46+C46)*Q$32 -> 0 | R46: =(D46+E46)*R$32 -> 0 | S46: =(F46+G46)*S$32 -> 0 | T46: =(H46+I46)*T$32 -> 0 | U46: =(J46+K46)*U$32 -> 0 | V46: =(L46+M46)*V$32 -> 0 | W46: =(N46+O46)*W$32 -> 0 | X46: 12 | Z46: =IF(X45<$J$30,IF($B$35>0,SUM($Y$35:Y45)/$B$35,0),0) -> 0
A47: Total | B47: =SUM(B35:B46) -> 0 | C47: =SUM(C35:C46) -> 0 | D47: =SUM(D35:D46) -> 0 | E47: =SUM(E35:E46) -> 0 | F47: =SUM(F35:F46) -> 0 | G47: =SUM(G35:G46) -> 0 | H47: =SUM(H35:H46) -> 0 | I47: =SUM(I35:I46) -> 0 | ... O47: =SUM(O35:O46) -> 0 | Q47: =SUM(Q35:Q46) -> 0 | R47: =SUM(R35:R46) -> 0 | S47: =SUM(S35:S46) -> 0 | T47: =SUM(T35:T46) -> 0 | U47: =SUM(U35:U46) -> 0 | V47: =SUM(V35:V46) -> 0 | W47: =SUM(W35:W46) -> 0
A50: INGRESO POR DERECHOS DE GRADO
Q51: =P54 -> 1135149 | R51: =+Q51*(1+$R$7) -> 1191906.4 | S51: =+R51*(1+$R$7) -> 1251501.8 | T51: =+S51*(1+$R$7) -> 1314076.9 | U51: =+T51*(1+$R$7) -> 1379780.7 | V51: =+U51*(1+$R$7) -> 1448769.7 | W51: =+V51*(1+$R$7) -> 1521208.2
A52: CURSO | B52: =B$12 -> 2027 | D52: =D$12 -> 2028 | F52: =F$12 -> 2029 | H52: =H$12 -> 2030 | J52: =J$12 -> 2031 | L52: =L$12 -> 2032 | N52: =N$12 -> 2033 | P52: Vr. Derechos | Q52: =Q$12 -> 2027 | R52: =R$12 -> 2028 | S52: =S$12 -> 2029 | T52: =T$12 -> 2030 | U52: =U$12 -> 2031 | V52: =V$12 -> 2032 | W52: =W$12 -> 2033 | Y52: Cantidad de estudiantes que culminan el ciclo y no cumplen con los requisitos de grado
B53: =B$13 -> PERIODO A | C53: =C$13 -> PERIODO B | D53: =D$13 -> PERIODO A | E53: =E$13 -> PERIODO B | F53: =F$13 -> PERIODO A | G53: =G$13 -> PERIODO B | H53: =H$13 -> PERIODO A | I53: =I$13 -> PERIODO B | ... O53: =O$13 -> PERIODO B
A54: Estudiantes | B54: =IF(LOOKUP($J$30,$X$35:$X$46,$AA$35:$AA$46)=0,0,LOOKUP($J$30,$X$35:$X$46,$AA$35:$AA$46)-$Y$54) -> 0 | C54: =IF(LOOKUP($J$30,$X$35:$X$46,B35:B46)=0,0,LOOKUP($J$30,$X$35:$X$46,B35:B46)-$Y$54) -> 0 | D54: =IF(LOOKUP($J$30,$X$35:$X$46,C35:C46)=0,0,LOOKUP($J$30,$X$35:$X$46,C35:C46)-$Y$54) -> 0 | E54: =IF(LOOKUP($J$30,$X$35:$X$46,D35:D46)=0,0,LOOKUP($J$30,$X$35:$X$46,D35:D46)-$Y$54) -> 0 | F54: =IF(LOOKUP($J$30,$X$35:$X$46,E35:E46)=0,0,LOOKUP($J$30,$X$35:$X$46,E35:E46)-$Y$54) -> 0 | G54: =IF(LOOKUP($J$30,$X$35:$X$46,F35:F46)=0,0,LOOKUP($J$30,$X$35:$X$46,F35:F46)-$Y$54) -> 0 | H54: =IF(LOOKUP($J$30,$X$35:$X$46,G35:G46)=0,0,LOOKUP($J$30,$X$35:$X$46,G35:G46)-$Y$54) -> 0 | I54: =IF(LOOKUP($J$30,$X$35:$X$46,H35:H46)=0,0,LOOKUP($J$30,$X$35:$X$46,H35:H46)-$Y$54) -> 0 | J54: =IF(LOOKUP($J$30,$X$35:$X$46,I35:I46)=0,0,LOOKUP($J$30,$X$35:$X$46,I35:I46)-$Y$54) -> 0 | ... O54: =IF(LOOKUP($J$30,$X$35:$X$46,N35:N46)=0,0,LOOKUP($J$30,$X$35:$X$46,N35:N46)-$Y$54) -> 0 | P54: 1135149 | Q54: =(B54+C54)*Q$51 -> 0 | R54: =(D54+E54)*R$51 -> 0 | S54: =(F54+G54)*S$51 -> 0 | T54: =(H54+I54)*T$51 -> 0 | U54: =(J54+K54)*U$51 -> 0 | V54: =(L54+M54)*V$51 -> 0 | W54: =(N54+O54)*W$51 -> 0 | Z54: =IF($B$35>0,(SUM($Y$35:Y47)+Y54)/$B$35,0) -> 0
A57: OTROS INGRESO ACADEMICOS DIVERSOS
A59: CONCEPTO | B59: =B$12 -> 2027 | D59: =D$12 -> 2028 | F59: =F$12 -> 2029 | H59: =H$12 -> 2030 | J59: =J$12 -> 2031 | L59: =L$12 -> 2032 | N59: =N$12 -> 2033 | P59: Vr. Derechos | Q59: =Q$12 -> 2027 | R59: =R$12 -> 2028 | S59: =S$12 -> 2029 | T59: =T$12 -> 2030 | U59: =U$12 -> 2031 | V59: =V$12 -> 2032 | W59: =W$12 -> 2033 | Y59: Un servico por cada X estudiantes
B60: =B$13 -> PERIODO A | C60: =C$13 -> PERIODO B | D60: =D$13 -> PERIODO A | E60: =E$13 -> PERIODO B | F60: =F$13 -> PERIODO A | G60: =G$13 -> PERIODO B | H60: =H$13 -> PERIODO A | I60: =I$13 -> PERIODO B | ... O60: =O$13 -> PERIODO B
A61: Certificaciones | B61: =IF($Y61=0,0,ROUNDUP(B$47/$Y61,0)) -> 0 | C61: =IF($Y61=0,0,ROUNDUP(C$47/$Y61,0)) -> 0 | D61: =IF($Y61=0,0,ROUNDUP(D$47/$Y61,0)) -> 0 | E61: =IF($Y61=0,0,ROUNDUP(E$47/$Y61,0)) -> 0 | F61: =IF($Y61=0,0,ROUNDUP(F$47/$Y61,0)) -> 0 | G61: =IF($Y61=0,0,ROUNDUP(G$47/$Y61,0)) -> 0 | H61: =IF($Y61=0,0,ROUNDUP(H$47/$Y61,0)) -> 0 | I61: =IF($Y61=0,0,ROUNDUP(I$47/$Y61,0)) -> 0 | ... O61: =IF($Y61=0,0,ROUNDUP(O$47/$Y61,0)) -> 0 | P61: 19527 | Q61: =(B61+C61)*$P61 -> 0 | R61: =(D61+E61)*$P61*(1+$R$7) -> 0 | S61: =(F61+G61)*$P61*(1+$R$7)^2 -> 0 | T61: =(H61+I61)*$P61*(1+$R$7)^3 -> 0 | U61: =(J61+K61)*$P61*(1+$R$7)^4 -> 0 | V61: =(L61+M61)*$P61*(1+$R$7)^5 -> 0 | W61: =(N61+O61)*$P61*(1+$R$7)^6 -> 0 | Y61: 30
A62: Supletorios | B62: =IF($Y62=0,0,ROUNDUP(B$47/$Y62,0)) -> 0 | C62: =IF($Y62=0,0,ROUNDUP(C$47/$Y62,0)) -> 0 | D62: =IF($Y62=0,0,ROUNDUP(D$47/$Y62,0)) -> 0 | E62: =IF($Y62=0,0,ROUNDUP(E$47/$Y62,0)) -> 0 | F62: =IF($Y62=0,0,ROUNDUP(F$47/$Y62,0)) -> 0 | G62: =IF($Y62=0,0,ROUNDUP(G$47/$Y62,0)) -> 0 | H62: =IF($Y62=0,0,ROUNDUP(H$47/$Y62,0)) -> 0 | I62: =IF($Y62=0,0,ROUNDUP(I$47/$Y62,0)) -> 0 | ... O62: =IF($Y62=0,0,ROUNDUP(O$47/$Y62,0)) -> 0 | P62: 76629 | Q62: =(B62+C62)*$P62 -> 0 | R62: =(D62+E62)*$P62*(1+$R$7) -> 0 | S62: =(F62+G62)*$P62*(1+$R$7)^2 -> 0 | T62: =(H62+I62)*$P62*(1+$R$7)^3 -> 0 | U62: =(J62+K62)*$P62*(1+$R$7)^4 -> 0 | V62: =(L62+M62)*$P62*(1+$R$7)^5 -> 0 | W62: =(N62+O62)*$P62*(1+$R$7)^6 -> 0 | Y62: 50
A63: Habilitaciones | B63: =IF($Y63=0,0,ROUNDUP(B$47/$Y63,0)) -> 0 | C63: =IF($Y63=0,0,ROUNDUP(C$47/$Y63,0)) -> 0 | D63: =IF($Y63=0,0,ROUNDUP(D$47/$Y63,0)) -> 0 | E63: =IF($Y63=0,0,ROUNDUP(E$47/$Y63,0)) -> 0 | F63: =IF($Y63=0,0,ROUNDUP(F$47/$Y63,0)) -> 0 | G63: =IF($Y63=0,0,ROUNDUP(G$47/$Y63,0)) -> 0 | H63: =IF($Y63=0,0,ROUNDUP(H$47/$Y63,0)) -> 0 | I63: =IF($Y63=0,0,ROUNDUP(I$47/$Y63,0)) -> 0 | ... O63: =IF($Y63=0,0,ROUNDUP(O$47/$Y63,0)) -> 0 | P63: 70962 | Q63: =(B63+C63)*$P63 -> 0 | R63: =(D63+E63)*$P63*(1+$R$7) -> 0 | S63: =(F63+G63)*$P63*(1+$R$7)^2 -> 0 | T63: =(H63+I63)*$P63*(1+$R$7)^3 -> 0 | U63: =(J63+K63)*$P63*(1+$R$7)^4 -> 0 | V63: =(L63+M63)*$P63*(1+$R$7)^5 -> 0 | W63: =(N63+O63)*$P63*(1+$R$7)^6 -> 0 | Y63: 50
A64: Reintegros | B64: =IF($Y64=0,0,ROUNDUP(B$47/$Y64,0)) -> 0 | C64: =IF($Y64=0,0,ROUNDUP(C$47/$Y64,0)) -> 0 | D64: =IF($Y64=0,0,ROUNDUP(D$47/$Y64,0)) -> 0 | E64: =IF($Y64=0,0,ROUNDUP(E$47/$Y64,0)) -> 0 | F64: =IF($Y64=0,0,ROUNDUP(F$47/$Y64,0)) -> 0 | G64: =IF($Y64=0,0,ROUNDUP(G$47/$Y64,0)) -> 0 | H64: =IF($Y64=0,0,ROUNDUP(H$47/$Y64,0)) -> 0 | I64: =IF($Y64=0,0,ROUNDUP(I$47/$Y64,0)) -> 0 | ... O64: =IF($Y64=0,0,ROUNDUP(O$47/$Y64,0)) -> 0 | P64: 108149 | Q64: =(B64+C64)*$P64 -> 0 | R64: =(D64+E64)*$P64*(1+$R$7) -> 0 | S64: =(F64+G64)*$P64*(1+$R$7)^2 -> 0 | T64: =(H64+I64)*$P64*(1+$R$7)^3 -> 0 | U64: =(J64+K64)*$P64*(1+$R$7)^4 -> 0 | V64: =(L64+M64)*$P64*(1+$R$7)^5 -> 0 | W64: =(N64+O64)*$P64*(1+$R$7)^6 -> 0 | Y64: 50
A65: Validaciones y Homologaciones | B65: =IF($Y65=0,0,ROUNDUP(B$47/$Y65,0)) -> 0 | C65: =IF($Y65=0,0,ROUNDUP(C$47/$Y65,0)) -> 0 | D65: =IF($Y65=0,0,ROUNDUP(D$47/$Y65,0)) -> 0 | E65: =IF($Y65=0,0,ROUNDUP(E$47/$Y65,0)) -> 0 | F65: =IF($Y65=0,0,ROUNDUP(F$47/$Y65,0)) -> 0 | G65: =IF($Y65=0,0,ROUNDUP(G$47/$Y65,0)) -> 0 | H65: =IF($Y65=0,0,ROUNDUP(H$47/$Y65,0)) -> 0 | I65: =IF($Y65=0,0,ROUNDUP(I$47/$Y65,0)) -> 0 | ... O65: =IF($Y65=0,0,ROUNDUP(O$47/$Y65,0)) -> 0 | P65: 1019087 | Q65: =(B65+C65)*$P65 -> 0 | R65: =(D65+E65)*$P65*(1+$R$7) -> 0 | S65: =(F65+G65)*$P65*(1+$R$7)^2 -> 0 | T65: =(H65+I65)*$P65*(1+$R$7)^3 -> 0 | U65: =(J65+K65)*$P65*(1+$R$7)^4 -> 0 | V65: =(L65+M65)*$P65*(1+$R$7)^5 -> 0 | W65: =(N65+O65)*$P65*(1+$R$7)^6 -> 0 | Y65: 50
B66: =IF($Y66=0,0,ROUNDUP(B$47/$Y66,0)) -> 0 | C66: =IF($Y66=0,0,ROUNDUP(C$47/$Y66,0)) -> 0 | D66: =IF($Y66=0,0,ROUNDUP(D$47/$Y66,0)) -> 0 | E66: =IF($Y66=0,0,ROUNDUP(E$47/$Y66,0)) -> 0 | F66: =IF($Y66=0,0,ROUNDUP(F$47/$Y66,0)) -> 0 | G66: =IF($Y66=0,0,ROUNDUP(G$47/$Y66,0)) -> 0 | H66: =IF($Y66=0,0,ROUNDUP(H$47/$Y66,0)) -> 0 | I66: =IF($Y66=0,0,ROUNDUP(I$47/$Y66,0)) -> 0 | ... O66: =IF($Y66=0,0,ROUNDUP(O$47/$Y66,0)) -> 0 | Q66: =(B66+C66)*$P66 -> 0 | R66: =(D66+E66)*$P66*(1+$R$7) -> 0 | S66: =(F66+G66)*$P66*(1+$R$7)^2 -> 0 | T66: =(H66+I66)*$P66*(1+$R$7)^3 -> 0 | U66: =(J66+K66)*$P66*(1+$R$7)^4 -> 0 | V66: =(K66+L66)*$P66*(1+$R$7)^4 -> 0 | W66: =(L66+M66)*$P66*(1+$R$7)^4 -> 0
B67: =IF($Y67=0,0,ROUNDUP(B$47/$Y67,0)) -> 0 | C67: =IF($Y67=0,0,ROUNDUP(C$47/$Y67,0)) -> 0 | D67: =IF($Y67=0,0,ROUNDUP(D$47/$Y67,0)) -> 0 | E67: =IF($Y67=0,0,ROUNDUP(E$47/$Y67,0)) -> 0 | F67: =IF($Y67=0,0,ROUNDUP(F$47/$Y67,0)) -> 0 | G67: =IF($Y67=0,0,ROUNDUP(G$47/$Y67,0)) -> 0 | H67: =IF($Y67=0,0,ROUNDUP(H$47/$Y67,0)) -> 0 | I67: =IF($Y67=0,0,ROUNDUP(I$47/$Y67,0)) -> 0 | ... O67: =IF($Y67=0,0,ROUNDUP(O$47/$Y67,0)) -> 0 | Q67: =(B67+C67)*$P67 -> 0 | R67: =(D67+E67)*$P67*(1+$R$7) -> 0 | S67: =(F67+G67)*$P67*(1+$R$7)^2 -> 0 | T67: =(H67+I67)*$P67*(1+$R$7)^3 -> 0 | U67: =(J67+K67)*$P67*(1+$R$7)^4 -> 0 | V67: =(K67+L67)*$P67*(1+$R$7)^4 -> 0 | W67: =(L67+M67)*$P67*(1+$R$7)^4 -> 0
P68: Total | Q68: =SUM(Q61:Q67) -> 0 | R68: =SUM(R61:R67) -> 0 | S68: =SUM(S61:S67) -> 0 | T68: =SUM(T61:T67) -> 0 | U68: =SUM(U61:U67) -> 0 | V68: =SUM(V61:V67) -> 0 | W68: =SUM(W61:W67) -> 0
A71: DESCUENTOS BECAS MATRÍCULAS DE HONOR
A73: CURSO | B73: =B$12 -> 2027 | D73: =D$12 -> 2028 | F73: =F$12 -> 2029 | H73: =H$12 -> 2030 | J73: =J$12 -> 2031 | L73: =L$12 -> 2032 | N73: =N$12 -> 2033 | Q73: =Q$12 -> 2027 | R73: =R$12 -> 2028 | S73: =S$12 -> 2029 | T73: =T$12 -> 2030 | U73: =U$12 -> 2031 | V73: =V$12 -> 2032 | W73: =W$12 -> 2033
B74: =B$13 -> PERIODO A | C74: =C$13 -> PERIODO B | D74: =D$13 -> PERIODO A | E74: =E$13 -> PERIODO B | F74: =F$13 -> PERIODO A | G74: =G$13 -> PERIODO B | H74: =H$13 -> PERIODO A | I74: =I$13 -> PERIODO B | ... O74: =O$13 -> PERIODO B
B75: =IF($A$7="POSTGRADO",0,COUNTIF(B36:B46,">0")*1.5) -> 0 | C75: =IF($A$7="POSTGRADO",0,COUNTIF(C36:C46,">0")*1.5) -> 0 | D75: =IF($A$7="POSTGRADO",0,COUNTIF(D36:D46,">0")*1.5) -> 0 | E75: =IF($A$7="POSTGRADO",0,COUNTIF(E36:E46,">0")*1.5) -> 0 | F75: =IF($A$7="POSTGRADO",0,COUNTIF(F36:F46,">0")*1.5) -> 0 | G75: =IF($A$7="POSTGRADO",0,COUNTIF(G36:G46,">0")*1.5) -> 0 | H75: =IF($A$7="POSTGRADO",0,COUNTIF(H36:H46,">0")*1.5) -> 0 | I75: =IF($A$7="POSTGRADO",0,COUNTIF(I36:I46,">0")*1.5) -> 0 | ... O75: =IF($A$7="POSTGRADO",0,COUNTIF(O36:O46,">0")*1.5) -> 0 | Q75: =(B75+C75)*Q$32 -> 0 | R75: =(D75+E75)*R$32 -> 0 | S75: =(F75+G75)*S$32 -> 0 | T75: =(H75+I75)*T$32 -> 0 | U75: =(J75+K75)*U$32 -> 0 | V75: =(L75+M75)*V$32 -> 0 | W75: =(N75+O75)*W$32 -> 0 | Y75: =IF(SUM(Q47:W47)>0,SUM(Q75:W75)/SUM(Q47:W47),0) -> 0
A78: OTROS INGRESOS
A80: CURSO | B80: =B$12 -> 2027 | D80: =D$12 -> 2028 | F80: =F$12 -> 2029 | H80: =H$12 -> 2030 | J80: =J$12 -> 2031 | L80: =L$12 -> 2032 | N80: =N$12 -> 2033 | P80: Vr. Unitario | Q80: =Q$12 -> 2027 | R80: =R$12 -> 2028 | S80: =S$12 -> 2029 | T80: =T$12 -> 2030 | U80: =U$12 -> 2031 | V80: =V$12 -> 2032 | W80: =W$12 -> 2033
B81: =B$13 -> PERIODO A | C81: =C$13 -> PERIODO B | D81: =D$13 -> PERIODO A | E81: =E$13 -> PERIODO B | F81: =F$13 -> PERIODO A | G81: =G$13 -> PERIODO B | H81: =H$13 -> PERIODO A | I81: =I$13 -> PERIODO B | ... O81: =O$13 -> PERIODO B
A82: Convenios | Q82: =(B82+C82)*$P82 -> 0 | R82: =(D82+E82)*$P82*(1+$R$7) -> 0 | S82: =(F82+G82)*$P82*(1+$R$7)^2 -> 0 | T82: =(H82+I82)*$P82*(1+$R$7)^3 -> 0 | U82: =(J82+K82)*$P82*(1+$R$7)^4 -> 0 | V82: =(L82+M82)*$P82*(1+$R$7)^5 -> 0 | W82: =(N82+O82)*$P82*(1+$R$7)^6 -> 0
A83: Bienestar Universitario | Q83: =(B83+C83)*$P83 -> 0 | R83: =(D83+E83)*$P83*(1+$R$7) -> 0 | S83: =(F83+G83)*$P83*(1+$R$7)^2 -> 0 | T83: =(H83+I83)*$P83*(1+$R$7)^3 -> 0 | U83: =(J83+K83)*$P83*(1+$R$7)^4 -> 0 | V83: =(L83+M83)*$P83*(1+$R$7)^5 -> 0 | W83: =(N83+O83)*$P83*(1+$R$7)^6 -> 0
A86: UNIDADES DE NEGOCIO
A88: DESCRIPCION | B88: =B$12 -> 2027 | D88: =D$12 -> 2028 | F88: =F$12 -> 2029 | H88: =H$12 -> 2030 | J88: =J$12 -> 2031 | L88: =L$12 -> 2032 | N88: =N$12 -> 2033 | P88: Vr. Unitario | Q88: =Q$12 -> 2027 | R88: =R$12 -> 2028 | S88: =S$12 -> 2029 | T88: =T$12 -> 2030 | U88: =U$12 -> 2031 | V88: =V$12 -> 2032 | W88: =W$12 -> 2033
B89: =B$13 -> PERIODO A | C89: =C$13 -> PERIODO B | D89: =D$13 -> PERIODO A | E89: =E$13 -> PERIODO B | F89: =F$13 -> PERIODO A | G89: =G$13 -> PERIODO B | H89: =H$13 -> PERIODO A | I89: =I$13 -> PERIODO B | ... O89: =O$13 -> PERIODO B
A90: Medicamentos - Centro de Vacunación | Q90: =(B90+C90)*$P90 -> 0 | R90: =(D90+E90)*$P90*(1+$R$7) -> 0 | S90: =(F90+G90)*$P90*(1+$R$7)^2 -> 0 | T90: =(H90+I90)*$P90*(1+$R$7)^3 -> 0 | U90: =(J90+K90)*$P90*(1+$R$7)^4 -> 0 | V90: =(L90+M90)*$P90*(1+$R$7)^5 -> 0 | W90: =(N90+O90)*$P90*(1+$R$7)^6 -> 0
A91: Comercializados - Tienda USC | Q91: =(B91+C91)*$P91 -> 0 | R91: =(D91+E91)*$P91*(1+$R$7) -> 0 | S91: =(F91+G91)*$P91*(1+$R$7)^2 -> 0 | T91: =(H91+I91)*$P91*(1+$R$7)^3 -> 0 | U91: =(J91+K91)*$P91*(1+$R$7)^4 -> 0 | V91: =(L91+M91)*$P91*(1+$R$7)^5 -> 0 | W91: =(N91+O91)*$P91*(1+$R$7)^6 -> 0
A92: Preescolar - Jardion Infantil USC | Q92: =(B92+C92)*$P92 -> 0 | R92: =(D92+E92)*$P92*(1+$R$7) -> 0 | S92: =(F92+G92)*$P92*(1+$R$7)^2 -> 0 | T92: =(H92+I92)*$P92*(1+$R$7)^3 -> 0 | U92: =(J92+K92)*$P92*(1+$R$7)^4 -> 0 | V92: =(L92+M92)*$P92*(1+$R$7)^5 -> 0 | W92: =(N92+O92)*$P92*(1+$R$7)^6 -> 0
A93: Salud oral - Clinica Odontologica | Q93: =(B93+C93)*$P93 -> 0 | R93: =(D93+E93)*$P93*(1+$R$7) -> 0 | S93: =(F93+G93)*$P93*(1+$R$7)^2 -> 0 | T93: =(H93+I93)*$P93*(1+$R$7)^3 -> 0 | U93: =(J93+K93)*$P93*(1+$R$7)^4 -> 0 | V93: =(L93+M93)*$P93*(1+$R$7)^5 -> 0 | W93: =(N93+O93)*$P93*(1+$R$7)^6 -> 0
A94: Asistencia Tecnica - Metrología | Q94: =D94*P94 -> 0 | R94: =P94*Q94 -> 0 | S94: =Q94*R94 -> 0 | T94: =R94*S94 -> 0 | U94: =S94*T94 -> 0 | V94: =T94*U94 -> 0 | W94: =U94*V94 -> 0
A95: Consultorias | Q95: =D95*P95 -> 0 | R95: =P95*Q95 -> 0 | S95: =Q95*R95 -> 0 | T95: =R95*S95 -> 0 | U95: =S95*T95 -> 0 | V95: =T95*U95 -> 0 | W95: =U95*V95 -> 0
A103: FORMACION | C103: FORMAL Y NO FORMAL
A105: TECNICO | B105: 0.15 | C105: CONGRESO
A106: TECNOLOGICO | B106: 0.2 | C106: DIPLOMADO
A107: PROFESIONAL | B107: 0.35 | C107: SEMINARIO
A108: POSTGRADO | B108: 0.25 | C108: CURSO DE ACTUALIZACION
A109: EXTENSIVA | C109: CONFERENCIA
A110: CONTINUADA | C110: TALLER
C111: OTROS

Sheet COSTOS Y GASTOS
A2: #VALUE! | B2: #VALUE! | C2: FORMATO Presupuesto para el Ministerio de Educación Nacional | G2: Código: R-PO003
G3: Versión: 014
C4: PROCESO Planeación Financiera | G4: Fecha de vigencia: 03/08/2026
A6: ANEXOS COSTOS Y GASTOS | J6: DILIGENCIE SOLO LAS CELDAS EN COLOR GRIS ACORDE CON LA INSTRUCCIÓN DE LA NOTA
A8: PERSONAL ADMINISTRATIVO
A9: CARGO | B9: No. REQUERIDO | C9: SUELDO BASE | D9: AUX TRANSPORTE | E9: COSTO AÑO SUELDO | F9: FACTOR PRESTACIÓN | G9: TOTAL PERSONAL
F10: 0.52
E11: =((C11+D11)*B11)*11.5 -> 0 | F11: =E11*$F$10 -> 0 | G11: =E11+F11 -> 0
E12: =((C12+D12)*B12)*11.5 -> 0 | F12: =E12*$F$10 -> 0 | G12: =E12+F12 -> 0
A13: TOTAL | E13: =SUM(E11:E12) -> 0 | F13: =SUM(F11:F12) -> 0 | G13: =SUM(G11:G12) -> 0
A16: OTROS GASTOS DE PERSONAL ADMINISTRATIVO
A17: CONCEPTO | B17: No. REQUERIDO | C17: VALOR UNITARIO | D17: VALOR TOTAL | E17: OBSERVACIONES
D19: =+B19*C19 -> 0
D20: =+B20*C20 -> 0
A21: TOTAL | D21: =SUM(D19:D20) -> 0
A24: OTROS GASTOS DE PERSONAL DOCENTE
A25: CONCEPTO | B25: No. REQUERIDO | C25: VALOR UNITARIO | D25: VALOR TOTAL | E25: OBSERVACIONES
D27: =+B27*C27 -> 0
D28: =+B28*C28 -> 0
A29: TOTAL | D29: =SUM(D27:D28) -> 0
A32: HONORARIOS DOCENTES Y/O CONFERENCISTAS
A33: CONCEPTO | B33: MOTIVO | C33: No. DE HORAS | D33: V/HORA | E33: VALOR TOTAL | F33: OBSERVACIONES
A34: Docentes año 1 | C34: =+'ESTUDIANTES Y DOCENTES'!D$51+'ESTUDIANTES Y DOCENTES'!F$51 -> 0 | D34: =TARIFAS!C5 -> 51779 | E34: =+C34*D34 -> 0
A35: Docentes año 2 | C35: =+'ESTUDIANTES Y DOCENTES'!H$51+'ESTUDIANTES Y DOCENTES'!J$51 -> 0 | D35: =+D34*(1+CONSOLIDADO!G$77) -> 54367.95 | E35: =+C35*D35 -> 0
A36: Docentes año 3 | C36: =+'ESTUDIANTES Y DOCENTES'!L$51+'ESTUDIANTES Y DOCENTES'!N$51 -> 0 | D36: =+D35*(1+CONSOLIDADO!H$77) -> 57086.348 | E36: =+C36*D36 -> 0
A37: Docentes año 4 | C37: =+'ESTUDIANTES Y DOCENTES'!P$51+'ESTUDIANTES Y DOCENTES'!R$51 -> 0 | D37: =+D36*(1+CONSOLIDADO!I$77) -> 59940.665 | E37: =+C37*D37 -> 0
A38: Docentes año 5 | C38: =+'ESTUDIANTES Y DOCENTES'!T$51+'ESTUDIANTES Y DOCENTES'!V$51 -> 0 | D38: =+D37*(1+CONSOLIDADO!J$77) -> 62937.698 | E38: =+C38*D38 -> 0
A39: Docentes año 6 | C39: ='ESTUDIANTES Y DOCENTES'!X51+'ESTUDIANTES Y DOCENTES'!Z51 -> 0 | D39: =+D38*(1+CONSOLIDADO!K$77) -> 66084.583 | E39: =+C39*D39 -> 0
A40: Docentes año 7 | C40: ='ESTUDIANTES Y DOCENTES'!AB51+'ESTUDIANTES Y DOCENTES'!AD51 -> 0 | D40: =+D39*(1+CONSOLIDADO!L$77) -> 69388.812 | E40: =+C40*D40 -> 0
A41: TOTAL | C41: =SUM(C34:C40) -> 0 | E41: =SUM(E34:E40) -> 0
A44: HONORARIOS POR ASESORIAS
A45: CONCEPTO | B45: MOTIVO | C45: CASO | D45: VALOR | E45: VALOR TOTAL | F45: OBSERVACIONES
E46: =+C46*D46 -> 0
E47: =+C47*D47 -> 0
E48: =+C48*D48 -> 0
E49: =+C49*D49 -> 0
A50: TOTAL | E50: =SUM(E46:E49) -> 0
A53: HONORARIOS POR TRABAJOS ESPECIALES
A54: CONCEPTO | B54: MOTIVO | C54: CANTIDAD | D54: VALOR | E54: VALOR TOTAL | F54: OBSERVACIONES
E55: =+D55*C55 -> 0
E56: =+D56*C56 -> 0
E57: =+D57*C57 -> 0
E58: =+D58*C58 -> 0
A59: TOTAL | E59: =SUM(E55:E58) -> 0
A62: PASAJES AEREOS ADMINISTRATIVOS
A63: NOMBRE BENEFICIARIO | B63: MOTIVO | C63: FECHA ESTIMADA | D63: No. TIQUETES | E63: V/ UNITARIO | F63: VALOR TOTAL | G63: OBSEVACIONES
F64: =+D64*E64 -> 0
F65: =+D65*E65 -> 0
F66: =+D66*E66 -> 0
A67: TOTAL | F67: =SUM(F64:F66) -> 0
A70: PASAJES AEREOS DOCENTES
A71: NOMBRE BENEFICIARIO | B71: MOTIVO | C71: FECHA ESTIMADA | D71: No. TIQUETES | E71: V/ UNITARIO | F71: VALOR TOTAL | G71: OBSEVACIONES
F72: =+D72*E72 -> 0
F73: =+D73*E73 -> 0
F74: =+D74*E74 -> 0
F75: =+D75*E75 -> 0
F76: =+D76*E76 -> 0
A77: TOTAL | F77: =SUM(F72:F76) -> 0
A80: HOSPEDAJE Y ALIMENTACION ADMINISTRATIVOS
A81: MOTIVO | B81: HOTEL | C81: INCLUYE ALIMENTACION | D81: No. DE NOCHES | E81: VALOR POR NOCHE | F81: VALOR TOTAL | G81: OBSEVACIONES
F82: =+D82*E82 -> 0
F83: =+D83*E83 -> 0
F84: =+D84*E84 -> 0
A85: TOTAL | F85: =SUM(F82:F84) -> 0
A88: HOSPEDAJE Y ALIMENTACION DOCENTES
A89: MOTIVO | B89: HOTEL | C89: INCLUYE ALIMENTACION | D89: No. DE NOCHES | E89: VALOR POR NOCHE | F89: VALOR TOTAL | G89: OBSERVACIONES
F90: =+D90*E90 -> 0
F91: =+D91*E91 -> 0
F92: =+D92*E92 -> 0
A93: TOTAL | F93: =SUM(F90:F92) -> 0
A96: TRANSPORTE TERRESTRE ADMINISTRATIVOS
A97: MOTIVO | B97: ORGEN | C97: DESTINO | D97: No DE VIAJES | E97: VALOR UNITARIO | F97: VALOR TOTAL | G97: OBSERVACIONES
A98: Viajes personal administrativo | D98: =SUM(D64:D66) -> 0 | E98: 120000 | F98: =+E98*D98 -> 0 | G98: Desplazamientos al aeropuerto
F99: =+E99*D99 -> 0
F100: =+E100*D100 -> 0
A101: TOTAL | F101: =SUM(F98:F100) -> 0
A104: TRANSPORTE TERRESTRE DOCENTES
A105: MOTIVO | B105: ORGEN | C105: DESTINO | D105: No DE VIAJES | E105: VALOR UNITARIO | F105: VALOR TOTAL | G105: OBSERVACIONES
A106: Viajes docentes esntrantes y salientes | D106: =SUM(D72:D76) -> 0 | E106: 120000 | F106: =+E106*D106 -> 0 | G106: Desplazamientos al aeropuerto
F107: =+E107*D107 -> 0
F108: =+E108*D108 -> 0
A109: TOTAL | F109: =SUM(F106:F108) -> 0
A112: VIATICOS ADMINISTRATIVOS
A113: CONCEPTO | B113: MOTIVO | C113: DESTINO | D113: V/DIA | E113: No. DE DIAS | F113: VALOR TOTAL | G113: OBSERVACIONES
F114: =+D114*E114 -> 0 | G114: Según las tarifas establecidas
F115: =+D115*E115 -> 0
F116: =+D116*E116 -> 0
A117: TOTAL | F117: =SUM(F114:F116) -> 0
A120: VIATICOS DOCENTES
A121: CONCEPTO | B121: MOTIVO | C121: DESTINO | D121: V/DIA | E121: No. DE DIAS | F121: VALOR TOTAL | G121: OBSERVACIONES
F122: =+D122*E122 -> 0 | G122: Según las tarifas establecidas
F123: =+D123*E123 -> 0
A124: TOTAL | F124: =SUM(F122:F123) -> 0
A127: ARRENDAMIENTOS
A128: CONCEPTO | B128: CLASE DE BIEN | C128: CANON MES | D128: CANTIDAD | E128: MESES | F128: V / TOTAL | G128: MOTIVO
A129: Bienes Muebles | F129: =+C129*E129*D129 -> 0
A130: Bienes Inmuebles | F130: =+C130*E130*D130 -> 0
A131: TOTAL | F131: =SUM(F129:F130) -> 0
A134: IMPRESIONES, PUBLICACIONES, SUSCRIPCIONES Y AFILIACIONES
A135: CONCEPTO | B135: VALOR ANUAL | C135: CANTIDAD | D135: VALOR | E135: PROVEEDOR | F135: V / TOTAL
...

Sheet ESTUDIANTES Y DOCENTES
B2: #VALUE! | I2: #VALUE! | P2: FORMATO Presupuesto para el Ministerio de Educación Nacional | AP2: Código: R-PO003
AP3: Versión: 014
P4: PROCESO Planeación Financiera | AP4: Fecha de vigencia: 03/08/2026
B8: COMPORTAMIENTO DE LA MATRICULA DE ESTUDIANTES EN LA COHORTE INICIAL | P8: DILIGENCIE SOLO LAS CELDAS EN COLOR GRIS ACORDE CON LA INSTRUCCIÓN DE LA NOTA
B9: Semestre | C9: =INGRESOS!B$12 -> 2027 | E9: =INGRESOS!D$12 -> 2028 | G9: =INGRESOS!F$12 -> 2029 | I9: =INGRESOS!H$12 -> 2030 | K9: =INGRESOS!J$12 -> 2031 | M9: =INGRESOS!L$12 -> 2032
C10: =INGRESOS!B$13 -> PERIODO A | D10: =INGRESOS!C$13 -> PERIODO B | E10: =INGRESOS!D$13 -> PERIODO A | F10: =INGRESOS!E$13 -> PERIODO B | G10: =INGRESOS!F$13 -> PERIODO A | H10: =INGRESOS!G$13 -> PERIODO B | I10: =INGRESOS!H$13 -> PERIODO A | J10: =INGRESOS!I$13 -> PERIODO B | ... N10: =INGRESOS!M$13 -> PERIODO B
B11: =+INGRESOS!A35 -> Primero | C11: =+INGRESOS!B35 -> 0
B12: =+INGRESOS!A36 -> Segundo | D12: =+INGRESOS!C36 -> 0
B13: =+INGRESOS!A37 -> Tercero | E13: =+INGRESOS!D37 -> 0
B14: =+INGRESOS!A38 -> Cuarto | F14: =+INGRESOS!E38 -> 0
B15: =+INGRESOS!A39 -> Quinto | G15: =+INGRESOS!F39 -> 0
B16: =+INGRESOS!A40 -> Sexto | H16: =+INGRESOS!G40 -> 0
B17: =+INGRESOS!A41 -> Septimo | I17: =+INGRESOS!H41 -> 0
B18: =+INGRESOS!A42 -> Octavo | J18: =+INGRESOS!I42 -> 0
B19: =+INGRESOS!A43 -> Noveno | K19: =+INGRESOS!J43 -> 0
B20: =+INGRESOS!A44 -> Decimo | L20: =+INGRESOS!K44 -> 0
B21: =+INGRESOS!A45 -> Once | M21: =+INGRESOS!L45 -> 0
B22: =+INGRESOS!A46 -> Doce | N22: =+INGRESOS!M46 -> 0
B23: Graduados | C23: =IF(INGRESOS!$J$30=1,INGRESOS!C$54,0) -> 0 | D23: =IF(INGRESOS!$J$30=2,INGRESOS!D$54,0) -> 0 | E23: =IF(INGRESOS!$J$30=3,INGRESOS!E$54,0) -> 0 | F23: =IF(INGRESOS!$J$30=4,INGRESOS!F$54,0) -> 0 | G23: =IF(INGRESOS!$J$30=5,INGRESOS!G$54,0) -> 0 | H23: =IF(INGRESOS!$J$30=6,INGRESOS!H$54,0) -> 0 | I23: =IF(INGRESOS!$J$30=7,INGRESOS!I$54,0) -> 0 | J23: =IF(INGRESOS!$J$30=8,INGRESOS!J$54,0) -> 0 | K23: =IF(INGRESOS!$J$30=9,INGRESOS!K$54,0) -> 0 | L23: =IF(INGRESOS!$J$30=10,INGRESOS!L$54,0) -> 0 | M23: =IF(INGRESOS!$J$30=11,INGRESOS!M$54,0) -> 0 | N23: =IF(INGRESOS!$J$30=12,INGRESOS!N$54,0) -> 0
B24: Deserción Acumulada | D24: =INGRESOS!$Z$36 -> 0 | E24: =INGRESOS!$Z$37 -> 0 | F24: =INGRESOS!$Z$38 -> 0 | G24: =INGRESOS!$Z$39 -> 0 | H24: =INGRESOS!$Z$40 -> 0 | I24: =INGRESOS!$Z$41 -> 0 | J24: =INGRESOS!$Z$42 -> 0 | K24: =INGRESOS!$Z$43 -> 0 | L24: =INGRESOS!$Z$44 -> 0 | M24: =INGRESOS!$Z$45 -> 0 | N24: =INGRESOS!$Z$46 -> 0
B25: Deserción a la Titulación | D25: =IF(D23=0," ",IF($C$11=0,0,($C$11-D23)/$C$11)) | E25: =IF(E23=0," ",IF($C$11=0,0,($C$11-E23)/$C$11)) | F25: =IF(F23=0," ",IF($C$11=0,0,($C$11-F23)/$C$11)) | G25: =IF(G23=0," ",IF($C$11=0,0,($C$11-G23)/$C$11)) | H25: =IF(H23=0," ",IF($C$11=0,0,($C$11-H23)/$C$11)) | I25: =IF(I23=0," ",IF($C$11=0,0,($C$11-I23)/$C$11)) | J25: =IF(J23=0," ",IF($C$11=0,0,($C$11-J23)/$C$11)) | K25: =IF(K23=0," ",IF($C$11=0,0,($C$11-K23)/$C$11)) | ... N25: =IF(N23=0," ",IF($C$11=0,0,($C$11-N23)/$C$11))
B27: =CONCATENATE("Un Crédito Académico son 48 horas (",B28," con acompañamieto (sincrónicas) y ",48-B28," independientes (asincrónicas))") -> Un Crédito Académico son 48 horas (16 con acompañamieto (sincrónicas) y 32 independientes (asincrónicas))
B28: 16 | E28: indica una relación de 1 a | F28: =48/B28-1 -> 2 | G28: Con Acompañamiento (sincrónico) / Independiente (asincrónico) | AN28: Información de Estructura Actual
B29: CRÉDITOS Y HORAS DE DOCENCIA PRESENCIAL REQUERIDAS SEMESTRE A SEMESTRE DURANTE LA COHORTE | AI29: 40 | AJ29: POR PRACTICA | AQ29: 40 | AR29: POR PRACTICA
B30: Semestre | C30: Periodo 1 | E30: Periodo 2 | G30: Periodo 3 | I30: Periodo 4 | K30: Periodo 5 | M30: Periodo 6 | O30: Periodo 7 | Q30: Periodo 8 | S30: Periodo 9 | U30: Periodo 10 | W30: Periodo 11 | Y30: Periodo 12 | AA30: Periodo 13 | AC30: Periodo 14 | AF30: CREDITOS | AI30: No. Grup | AJ30: Horas Presenc | AK30: No. Estud | AL30: No. Grupos | AN30: CREDITOS | AQ30: No. Grup | AR30: Horas Presenc | AS30: No. Estud | AT30: No. Grupos
C31: Creditos | D31: Horas | E31: Creditos | F31: Horas | G31: Creditos | H31: Horas | I31: Creditos | J31: Horas | K31: Creditos | L31: Horas | M31: Creditos | N31: Horas | O31: Creditos | P31: Horas | Q31: Creditos | R31: Horas | S31: Creditos | T31: Horas | U31: Creditos | V31: Horas | W31: Creditos | X31: Horas | Y31: Creditos | Z31: Horas | AA31: Creditos | AB31: Horas | AC31: Creditos | AD31: Horas | AF31: Oblig | AG31: Elect | AH31: Pract | AN31: Oblig | AO31: Elect | AP31: Pract
B32: =+B11 -> Primero | C32: =($AF32+$AG32*2+$AH32)*$AI32 -> 0 | D32: =($AF32+$AG32*2)*$AI32*$B$28+$AH32*$AJ32*$AL32 -> 0 | E32: =IF(INGRESOS!$J$10=INGRESOS!$AA$8,0,IF(INGRESOS!$J$10=INGRESOS!$AA$7,0,($AF32+$AG32*2+$AH32)*$AI32)) -> 0 | F32: =IF(INGRESOS!$J$10=INGRESOS!$AA$8,0,IF(INGRESOS!$J$10=INGRESOS!$AA$7,0,($AF32+$AG32*2)*$AI32*$B$28+$AH32*$AJ32*$AL32)) -> 0 | G32: =IF(INGRESOS!$J$10=INGRESOS!$AA$8,0,($AF32+$AG32*2+$AH32)*$AI32) -> 0 | H32: =IF(INGRESOS!$J$10=INGRESOS!$AA$8,0,($AF32+$AG32*2)*$AI32*$B$28+$AH32*$AJ32*$AL32) -> 0 | I32: =IF(INGRESOS!$J$10=INGRESOS!$AA$8,0,IF(INGRESOS!$J$10=INGRESOS!$AA$7,0,($AF32+$AG32*2+$AH32)*$AI32)) -> 0 | J32: =IF(INGRESOS!$J$10=INGRESOS!$AA$8,0,IF(INGRESOS!$J$10=INGRESOS!$AA$7,0,($AF32+$AG32*2)*$AI32*$B$28+$AH32*$AJ32*$AL32)) -> 0 | K32: =IF(INGRESOS!$J$10=INGRESOS!$AA$8,0,($AF32+$AG32*2+$AH32)*$AI32) -> 0 | L32: =IF(INGRESOS!$J$10=INGRESOS!$AA$8,0,($AF32+$AG32*2)*$AI32*$B$28+$AH32*$AJ32*$AL32) -> 0 | M32: =IF(INGRESOS!$J$10=INGRESOS!$AA$8,0,IF(INGRESOS!$J$10=INGRESOS!$AA$7,0,($AF32+$AG32*2+$AH32)*$AI32)) -> 0 | N32: =IF(INGRESOS!$J$10=INGRESOS!$AA$8,0,IF(INGRESOS!$J$10=INGRESOS!$AA$7,0,($AF32+$AG32*2)*$AI32*$B$28+$AH32*$AJ32*$AL32)) -> 0 | O32: =IF(INGRESOS!$J$10=INGRESOS!$AA$8,0,($AF32+$AG32*2+$AH32)*$AI32) -> 0 | P32: =IF(INGRESOS!$J$10=INGRESOS!$AA$8,0,($AF32+$AG32*2)*$AI32*$B$28+$AH32*$AJ32*$AL32) -> 0 | Q32: =IF(INGRESOS!$J$10=INGRESOS!$AA$8,0,IF(INGRESOS!$J$10=INGRESOS!$AA$7,0,($AF32+$AG32*2+$AH32)*$AI32)) -> 0 | R32: =IF(INGRESOS!$J$10=INGRESOS!$AA$8,0,IF(INGRESOS!$J$10=INGRESOS!$AA$7,0,($AF32+$AG32*2)*$AI32*$B$28+$AH32*$AJ32*$AL32)) -> 0 | S32: =IF(INGRESOS!$J$10=INGRESOS!$AA$8,0,($AF32+$AG32*2+$AH32)*$AI32) -> 0 | T32: =IF(INGRESOS!$J$10=INGRESOS!$AA$8,0,($AF32+$AG32*2)*$AI32*$B$28+$AH32*$AJ32*$AL32) -> 0 | U32: =IF(INGRESOS!$J$10=INGRESOS!$AA$8,0,IF(INGRESOS!$J$10=INGRESOS!$AA$7,0,($AF32+$AG32*2+$AH32)*$AI32)) -> 0 | V32: =IF(INGRESOS!$J$10=INGRESOS!$AA$8,0,IF(INGRESOS!$J$10=INGRESOS!$AA$7,0,($AF32+$AG32*2)*$AI32*$B$28+$AH32*$AJ32*$AL32)) -> 0 | W32: =IF(INGRESOS!$J$10=INGRESOS!$AA$8,0,($AF32+$AG32*2+$AH32)*$AI32) -> 0 | X32: =IF(INGRESOS!$J$10=INGRESOS!$AA$8,0,($AF32+$AG32*2)*$AI32*$B$28+$AH32*$AJ32*$AL32) -> 0 | Y32: =IF(INGRESOS!$J$10=INGRESOS!$AA$8,0,IF(INGRESOS!$J$10=INGRESOS!$AA$7,0,($AF32+$AG32*2+$AH32)*$AI32)) -> 0 | Z32: =IF(INGRESOS!$J$10=INGRESOS!$AA$8,0,IF(INGRESOS!$J$10=INGRESOS!$AA$7,0,($AF32+$AG32*2)*$AI32*$B$28+$AH32*$AJ32*$AL32)) -> 0 | AA32: =IF(INGRESOS!$J$10=INGRESOS!$AA$8,0,($AF32+$AG32*2+$AH32)*$AI32) -> 0 | AB32: =IF(INGRESOS!$J$10=INGRESOS!$AA$8,0,($AF32+$AG32*2)*$AI32*$B$28+$AH32*$AJ32*$AL32) -> 0 | AC32: =IF(INGRESOS!$J$10=INGRESOS!$AA$8,0,IF(INGRESOS!$J$10=INGRESOS!$AA$7,0,($AF32+$AG32*2+$AH32)*$AI32)) -> 0 | AD32: =IF(INGRESOS!$J$10=INGRESOS!$AA$8,0,IF(INGRESOS!$J$10=INGRESOS!$AA$7,0,($AF32+$AG32*2)*$AI32*$B$28+$AH32*$AJ32*$AL32)) -> 0 | AF32: =SUM(Malla!$F$10:$F$17)-AH32-AG32 -> 0 | AG32: =SUMIF(Malla!$E$10:$E$17,Malla!$AB$11,Malla!$F$10:$F$17) -> 0 | AH32: =SUMIF(Malla!$D$10:$D$17,Malla!$AA$12,Malla!$F$10:$F$17) -> 0 | AI32: =ROUNDUP(IF($C11=0,0,$C11/$AI$29),0) -> 0 | AL32: =ROUNDUP(IF(AH32>0,C11/AK32,0),0) -> 0 | AN32: =SUM(Malla!$R$10:$R$17)-AP32-AO32 -> 0 | AO32: =SUMIF(Malla!$Q$10:$Q$17,Malla!$AB$11,Malla!$R$10:$R$17) -> 0 | AP32: =SUMIF(Malla!$P$10:$P$17,Malla!$AA$12,Malla!$R$10:$R$17) -> 0 | AQ32: =ROUNDUP(IF(INGRESOS!$AA35=0,0,INGRESOS!$AA35/$AQ$29),0) -> 0 | AT32: =ROUNDUP(IF(AP32>0,C11/AS32,0),0) -> 0
B33: =+B12 -> Segundo | C33: =IF(INGRESOS!$J$10=INGRESOS!$AA$8,0,IF(INGRESOS!$J$10=INGRESOS!$AA$7,0,($AN33+$AO33*2+$AP33)*$AQ33)) -> 0 | D33: =IF(INGRESOS!$J$10=INGRESOS!$AA$8,0,IF(C33=0,0,IF(INGRESOS!$J$10=INGRESOS!$AA$7,0,($AN33+$AO33*2)*$AQ33*$B$28+$AP33*$AR33*$AT33))) -> 0 | E33: =($AF33+$AG33*2+$AH33)*$AI33 -> 0 | F33: =($AF33+$AG33*2)*$AI33*$B$28+$AH33*$AJ33*$AL33 -> 0 | G33: =IF(INGRESOS!$J$10=INGRESOS!$AA$8,0,IF(INGRESOS!$J$10=INGRESOS!$AA$7,0,($AF33+$AG33*2+$AH33)*$AI33)) -> 0 | H33: =IF(INGRESOS!$J$10=INGRESOS!$AA$8,0,IF(INGRESOS!$J$10=INGRESOS!$AA$7,0,($AF33+$AG33*2)*$AI33*$B$28+$AH33*$AJ33*$AL33)) -> 0 | I33: =IF(INGRESOS!$J$10=INGRESOS!$AA$8,0,($AF33+$AG33*2+$AH33)*$AI33) -> 0 | J33: =IF(INGRESOS!$J$10=INGRESOS!$AA$8,0,($AF33+$AG33*2)*$AI33*$B$28+$AH33*$AJ33*$AL33) -> 0 | K33: =IF(INGRESOS!$J$10=INGRESOS!$AA$8,0,IF(INGRESOS!$J$10=INGRESOS!$AA$7,0,($AF33+$AG33*2+$AH33)*$AI33)) -> 0 | L33: =IF(INGRESOS!$J$10=INGRESOS!$AA$8,0,IF(INGRESOS!$J$10=INGRESOS!$AA$7,0,($AF33+$AG33*2)*$AI33*$B$28+$AH33*$AJ33*$AL33)) -> 0 | M33: =IF(INGRESOS!$J$10=INGRESOS!$AA$8,0,($AF33+$AG33*2+$AH33)*$AI33) -> 0 | N33: =IF(INGRESOS!$J$10=INGRESOS!$AA$8,0,($AF33+$AG33*2)*$AI33*$B$28+$AH33*$AJ33*$AL33) -> 0 | O33: =IF(INGRESOS!$J$10=INGRESOS!$AA$8,0,IF(INGRESOS!$J$10=INGRESOS!$AA$7,0,($AF33+$AG33*2+$AH33)*$AI33)) -> 0 | P33: =IF(INGRESOS!$J$10=INGRESOS!$AA$8,0,IF(INGRESOS!$J$10=INGRESOS!$AA$7,0,($AF33+$AG33*2)*$AI33*$B$28+$AH33*$AJ33*$AL33)) -> 0 | Q33: =IF(INGRESOS!$J$10=INGRESOS!$AA$8,0,($AF33+$AG33*2+$AH33)*$AI33) -> 0 | R33: =IF(INGRESOS!$J$10=INGRESOS!$AA$8,0,($AF33+$AG33*2)*$AI33*$B$28+$AH33*$AJ33*$AL33) -> 0 | S33: =IF(INGRESOS!$J$10=INGRESOS!$AA$8,0,IF(INGRESOS!$J$10=INGRESOS!$AA$7,0,($AF33+$AG33*2+$AH33)*$AI33)) -> 0 | T33: =IF(INGRESOS!$J$10=INGRESOS!$AA$8,0,IF(INGRESOS!$J$10=INGRESOS!$AA$7,0,($AF33+$AG33*2)*$AI33*$B$28+$AH33*$AJ33*$AL33)) -> 0 | U33: =IF(INGRESOS!$J$10=INGRESOS!$AA$8,0,($AF33+$AG33*2+$AH33)*$AI33) -> 0 | V33: =IF(INGRESOS!$J$10=INGRESOS!$AA$8,0,($AF33+$AG33*2)*$AI33*$B$28+$AH33*$AJ33*$AL33) -> 0 | W33: =IF(INGRESOS!$J$10=INGRESOS!$AA$8,0,IF(INGRESOS!$J$10=INGRESOS!$AA$7,0,($AF33+$AG33*2+$AH33)*$AI33)) -> 0 | X33: =IF(INGRESOS!$J$10=INGRESOS!$AA$8,0,IF(INGRESOS!$J$10=INGRESOS!$AA$7,0,($AF33+$AG33*2)*$AI33*$B$28+$AH33*$AJ33*$AL33)) -> 0 | Y33: =IF(INGRESOS!$J$10=INGRESOS!$AA$8,0,($AF33+$AG33*2+$AH33)*$AI33) -> 0 | Z33: =IF(INGRESOS!$J$10=INGRESOS!$AA$8,0,($AF33+$AG33*2)*$AI33*$B$28+$AH33*$AJ33*$AL33) -> 0 | AA33: =IF(INGRESOS!$J$10=INGRESOS!$AA$8,0,IF(INGRESOS!$J$10=INGRESOS!$AA$7,0,($AF33+$AG33*2+$AH33)*$AI33)) -> 0 | AB33: =IF(INGRESOS!$J$10=INGRESOS!$AA$8,0,IF(INGRESOS!$J$10=INGRESOS!$AA$7,0,($AF33+$AG33*2)*$AI33*$B$28+$AH33*$AJ33*$AL33)) -> 0 | AC33: =IF(INGRESOS!$J$10=INGRESOS!$AA$8,0,($AF33+$AG33*2+$AH33)*$AI33) -> 0 | AD33: =IF(INGRESOS!$J$10=INGRESOS!$AA$8,0,($AF33+$AG33*2)*$AI33*$B$28+$AH33*$AJ33*$AL33) -> 0 | AF33: =SUM(Malla!$F$18:$F$25)-AH33-AG33 -> 0 | AG33: =SUMIF(Malla!$E$18:$E$25,Malla!$AB$11,Malla!$F$18:$F$25) -> 0 | AH33: =SUMIF(Malla!$D$18:$D$25,Malla!$AA$12,Malla!$F$18:$F$25) -> 0 | AI33: =ROUNDUP(IF($D12=0,0,$D12/$AI$29),0) -> 0 | AL33: =ROUNDUP(IF(AH33>0,D12/AK33,0),0) -> 0 | AN33: =SUM(Malla!$R$18:$R$25)-AP33-AO33 -> 0 | AO33: =SUMIF(Malla!$Q$18:$Q$25,Malla!$AB$11,Malla!$R$18:$R$25) -> 0 | AP33: =SUMIF(Malla!$P$18:$P$25,Malla!$AA$12,Malla!$R$18:$R$25) -> 0 | AQ33: =ROUNDUP(IF(INGRESOS!$AA36=0,0,INGRESOS!$AA36/$AQ$29),0) -> 0 | AT33: =ROUNDUP(IF(AP33>0,D12/AS33,0),0) -> 0
B34: =+B13 -> Tercero | C34: =IF(INGRESOS!$J$10=INGRESOS!$AA$8,0,($AN34+$AO34*2+$AP34)*$AQ34) -> 0 | D34: =IF(INGRESOS!$J$10=INGRESOS!$AA$8,0,IF(C34=0,0,($AN34+$AO34*2)*$AQ34*$B$28+$AP34*$AR34*$AT34)) -> 0 | E34: =IF(INGRESOS!$J$10=INGRESOS!$AA$8,0,IF(INGRESOS!$J$10=INGRESOS!$AA$7,0,($AN34+$AO34*2+$AP34)*$AQ34)) -> 0 | F34: =IF(INGRESOS!$J$10=INGRESOS!$AA$8,0,IF(E34=0,0,($AN34+$AO34*2)*$AQ34*$B$28+$AP34*$AR34*$AT34)) -> 0 | G34: =($AF34+$AG34*2+$AH34)*$AI34 -> 0 | H34: =($AF34+$AG34*2)*$AI34*$B$28+$AH34*$AJ34*$AL34 -> 0 | I34: =IF(INGRESOS!$J$10=INGRESOS!$AA$8,0,IF(INGRESOS!$J$10=INGRESOS!$AA$7,0,($AF34+$AG34*2+$AH34)*$AI34)) -> 0 | J34: =IF(INGRESOS!$J$10=INGRESOS!$AA$8,0,IF(INGRESOS!$J$10=INGRESOS!$AA$7,0,($AF34+$AG34*2)*$AI34*$B$28+$AH34*$AJ34*$AL34)) -> 0 | K34: =IF(INGRESOS!$J$10=INGRESOS!$AA$8,0,($AF34+$AG34*2+$AH34)*$AI34) -> 0 | L34: =IF(INGRESOS!$J$10=INGRESOS!$AA$8,0,($AF34+$AG34*2)*$AI34*$B$28+$AH34*$AJ34*$AL34) -> 0 | M34: =IF(INGRESOS!$J$10=INGRESOS!$AA$8,0,IF(INGRESOS!$J$10=INGRESOS!$AA$7,0,($AF34+$AG34*2+$AH34)*$AI34)) -> 0 | N34: =IF(INGRESOS!$J$10=INGRESOS!$AA$8,0,IF(INGRESOS!$J$10=INGRESOS!$AA$7,0,($AF34+$AG34*2)*$AI34*$B$28+$AH34*$AJ34*$AL34)) -> 0 | O34: =IF(INGRESOS!$J$10=INGRESOS!$AA$8,0,($AF34+$AG34*2+$AH34)*$AI34) -> 0 | P34: =IF(INGRESOS!$J$10=INGRESOS!$AA$8,0,($AF34+$AG34*2)*$AI34*$B$28+$AH34*$AJ34*$AL34) -> 0 | Q34: =IF(INGRESOS!$J$10=INGRESOS!$AA$8,0,IF(INGRESOS!$J$10=INGRESOS!$AA$7,0,($AF34+$AG34*2+$AH34)*$AI34)) -> 0 | R34: =IF(INGRESOS!$J$10=INGRESOS!$AA$8,0,IF(INGRESOS!$J$10=INGRESOS!$AA$7,0,($AF34+$AG34*2)*$AI34*$B$28+$AH34*$AJ34*$AL34)) -> 0 | S34: =IF(INGRESOS!$J$10=INGRESOS!$AA$8,0,($AF34+$AG34*2+$AH34)*$AI34) -> 0 | T34: =IF(INGRESOS!$J$10=INGRESOS!$AA$8,0,($AF34+$AG34*2)*$AI34*$B$28+$AH34*$AJ34*$AL34) -> 0 | U34: =IF(INGRESOS!$J$10=INGRESOS!$AA$8,0,IF(INGRESOS!$J$10=INGRESOS!$AA$7,0,($AF34+$AG34*2+$AH34)*$AI34)) -> 0 | V34: =IF(INGRESOS!$J$10=INGRESOS!$AA$8,0,IF(INGRESOS!$J$10=INGRESOS!$AA$7,0,($AF34+$AG34*2)*$AI34*$B$28+$AH34*$AJ34*$AL34)) -> 0 | W34: =IF(INGRESOS!$J$10=INGRESOS!$AA$8,0,($AF34+$AG34*2+$AH34)*$AI34) -> 0 | X34: =IF(INGRESOS!$J$10=INGRESOS!$AA$8,0,($AF34+$AG34*2)*$AI34*$B$28+$AH34*$AJ34*$AL34) -> 0 | Y34: =IF(INGRESOS!$J$10=INGRESOS!$AA$8,0,IF(INGRESOS!$J$10=INGRESOS!$AA$7,0,($AF34+$AG34*2+$AH34)*$AI34)) -> 0 | Z34: =IF(INGRESOS!$J$10=INGRESOS!$AA$8,0,IF(INGRESOS!$J$10=INGRESOS!$AA$7,0,($AF34+$AG34*2)*$AI34*$B$28+$AH34*$AJ34*$AL34)) -> 0 | AA34: =IF(INGRESOS!$J$10=INGRESOS!$AA$8,0,($AF34+$AG34*2+$AH34)*$AI34) -> 0 | AB34: =IF(INGRESOS!$J$10=INGRESOS!$AA$8,0,($AF34+$AG34*2)*$AI34*$B$28+$AH34*$AJ34*$AL34) -> 0 | AC34: =IF(INGRESOS!$J$10=INGRESOS!$AA$8,0,IF(INGRESOS!$J$10=INGRESOS!$AA$7,0,($AF34+$AG34*2+$AH34)*$AI34)) -> 0 | AD34: =IF(INGRESOS!$J$10=INGRESOS!$AA$8,0,IF(INGRESOS!$J$10=INGRESOS!$AA$7,0,($AF34+$AG34*2)*$AI34*$B$28+$AH34*$AJ34*$AL34)) -> 0 | AF34: =SUM(Malla!$F$26:$F$33)-AH34-AG34 -> 0 | AG34: =SUMIF(Malla!$E$26:$E$33,Malla!$AB$11,Malla!$F$26:$F$33) -> 0 | AH34: =SUMIF(Malla!$D$26:$D$33,Malla!$AA$12,Malla!$F$26:$F$33) -> 0 | AI34: =ROUNDUP(IF($E13=0,0,$E13/$AI$29),0) -> 0 | AL34: =ROUNDUP(IF(AH34>0,E13/AK34,0),0) -> 0 | AN34: =SUM(Malla!$R$26:$R$33)-AP34-AO34 -> 0 | AO34: =SUMIF(Malla!$Q$26:$Q$33,Malla!$AB$11,Malla!$R$26:$R$33) -> 0 | AP34: =SUMIF(Malla!$P$26:$P$33,Malla!$AA$12,Malla!$R$26:$R$33) -> 0 | AQ34: =IF(INGRESOS!$J$30>=INGRESOS!$X37,MAX(AQ32:AQ33),0) -> 0 | AT34: =ROUNDUP(IF(AP34>0,E13/AS34,0),0) -> 0
B35: =+B14 -> Cuarto | C35: =IF(INGRESOS!$J$10=INGRESOS!$AA$8,0,IF(INGRESOS!$J$10=INGRESOS!$AA$7,0,($AN35+$AO35*2+$AP35)*$AQ35)) -> 0 | D35: =IF(INGRESOS!$J$10=INGRESOS!$AA$8,0,IF(C35=0,0,IF(INGRESOS!$J$10=INGRESOS!$AA$7,0,($AN35+$AO35*2)*$AQ35*$B$28+$AP35*$AR35*$AT35))) -> 0 | E35: =IF(INGRESOS!$J$10=INGRESOS!$AA$8,0,($AN35+$AO35*2+$AP35)*$AQ35) -> 0 | F35: =IF(INGRESOS!$J$10=INGRESOS!$AA$8,0,IF(E35=0,0,($AN35+$AO35*2)*$AQ35*$B$28+$AP35*$AR35*$AT35)) -> 0 | G35: =IF(INGRESOS!$J$10=INGRESOS!$AA$8,0,IF(INGRESOS!$J$10=INGRESOS!$AA$7,0,($AN35+$AO35*2+$AP35)*$AQ35)) -> 0 | H35: =IF(INGRESOS!$J$10=INGRESOS!$AA$8,0,IF(G35=0,0,IF(INGRESOS!$J$10=INGRESOS!$AA$7,0,($AN35+$AO35*2)*$AQ35*$B$28+$AP35*$AR35*$AT35))) -> 0 | I35: =($AF35+$AG35*2+$AH35)*$AI35 -> 0 | J35: =($AF35+$AG35*2)*$AI35*$B$28+$AH35*$AJ35*$AL35 -> 0 | K35: =IF(INGRESOS!$J$10=INGRESOS!$AA$8,0,IF(INGRESOS!$J$10=INGRESOS!$AA$7,0,($AF35+$AG35*2+$AH35)*$AI35)) -> 0 | L35: =IF(INGRESOS!$J$10=INGRESOS!$AA$8,0,IF(INGRESOS!$J$10=INGRESOS!$AA$7,0,($AF35+$AG35*2)*$AI35*$B$28+$AH35*$AJ35*$AL35)) -> 0 | M35: =IF(INGRESOS!$J$10=INGRESOS!$AA$8,0,($AF35+$AG35*2+$AH35)*$AI35) -> 0 | N35: =IF(INGRESOS!$J$10=INGRESOS!$AA$8,0,($AF35+$AG35*2)*$AI35*$B$28+$AH35*$AJ35*$AL35) -> 0 | O35: =IF(INGRESOS!$J$10=INGRESOS!$AA$8,0,IF(INGRESOS!$J$10=INGRESOS!$AA$7,0,($AF35+$AG35*2+$AH35)*$AI35)) -> 0 | P35: =IF(INGRESOS!$J$10=INGRESOS!$AA$8,0,IF(INGRESOS!$J$10=INGRESOS!$AA$7,0,($AF35+$AG35*2)*$AI35*$B$28+$AH35*$AJ35*$AL35)) -> 0 | Q35: =IF(INGRESOS!$J$10=INGRESOS!$AA$8,0,($AF35+$AG35*2+$AH35)*$AI35) -> 0 | R35: =IF(INGRESOS!$J$10=INGRESOS!$AA$8,0,($AF35+$AG35*2)*$AI35*$B$28+$AH35*$AJ35*$AL35) -> 0 | S35: =IF(INGRESOS!$J$10=INGRESOS!$AA$8,0,IF(INGRESOS!$J$10=INGRESOS!$AA$7,0,($AF35+$AG35*2+$AH35)*$AI35)) -> 0 | T35: =IF(INGRESOS!$J$10=INGRESOS!$AA$8,0,IF(INGRESOS!$J$10=INGRESOS!$AA$7,0,($AF35+$AG35*2)*$AI35*$B$28+$AH35*$AJ35*$AL35)) -> 0 | U35: =IF(INGRESOS!$J$10=INGRESOS!$AA$8,0,($AF35+$AG35*2+$AH35)*$AI35) -> 0 | V35: =IF(INGRESOS!$J$10=INGRESOS!$AA$8,0,($AF35+$AG35*2)*$AI35*$B$28+$AH35*$AJ35*$AL35) -> 0 | W35: =IF(INGRESOS!$J$10=INGRESOS!$AA$8,0,IF(INGRESOS!$J$10=INGRESOS!$AA$7,0,($AF35+$AG35*2+$AH35)*$AI35)) -> 0 | X35: =IF(INGRESOS!$J$10=INGRESOS!$AA$8,0,IF(INGRESOS!$J$10=INGRESOS!$AA$7,0,($AF35+$AG35*2)*$AI35*$B$28+$AH35*$AJ35*$AL35)) -> 0 | Y35: =IF(INGRESOS!$J$10=INGRESOS!$AA$8,0,($AF35+$AG35*2+$AH35)*$AI35) -> 0 | Z35: =IF(INGRESOS!$J$10=INGRESOS!$AA$8,0,($AF35+$AG35*2)*$AI35*$B$28+$AH35*$AJ35*$AL35) -> 0 | AA35: =IF(INGRESOS!$J$10=INGRESOS!$AA$8,0,IF(INGRESOS!$J$10=INGRESOS!$AA$7,0,($AF35+$AG35*2+$AH35)*$AI35)) -> 0 | AB35: =IF(INGRESOS!$J$10=INGRESOS!$AA$8,0,IF(INGRESOS!$J$10=INGRESOS!$AA$7,0,($AF35+$AG35*2)*$AI35*$B$28+$AH35*$AJ35*$AL35)) -> 0 | AC35: =IF(INGRESOS!$J$10=INGRESOS!$AA$8,0,($AF35+$AG35*2+$AH35)*$AI35) -> 0 | AD35: =IF(INGRESOS!$J$10=INGRESOS!$AA$8,0,($AF35+$AG35*2)*$AI35*$B$28+$AH35*$AJ35*$AL35) -> 0 | AF35: =SUM(Malla!$F$34:$F$41)-AH35-AG35 -> 0 | AG35: =SUMIF(Malla!$E$34:$E$41,Malla!$AB$11,Malla!$F$34:$F$41) -> 0 | AH35: =SUMIF(Malla!$D$34:$D$41,Malla!$AA$12,Malla!$F$34:$F$41) -> 0 | AI35: =ROUNDUP(IF($F14=0,0,$F14/$AI$29),0) -> 0 | AL35: =ROUNDUP(IF(AH35>0,F14/AK35,0),0) -> 0 | AN35: =SUM(Malla!$R$34:$R$41)-AP35-AO35 -> 0 | AO35: =SUMIF(Malla!$Q$34:$Q$41,Malla!$AB$11,Malla!$R$34:$R$41) -> 0 | AP35: =SUMIF(Malla!$P$34:$P$41,Malla!$AA$12,Malla!$R$34:$R$41) -> 0 | AQ35: =IF(INGRESOS!$J$30>=INGRESOS!$X38,AQ34,0) -> 0 | AT35: =ROUNDUP(IF(AP35>0,F14/AS35,0),0) -> 0
B36: =+B15 -> Quinto | C36: =IF(INGRESOS!$J$10=INGRESOS!$AA$8,0,($AN36+$AO36*2+$AP36)*$AQ36) -> 0 | D36: =IF(INGRESOS!$J$10=INGRESOS!$AA$8,0,IF(C36=0,0,($AN36+$AO36*2)*$AQ36*$B$28+$AP36*$AR36*$AT36)) -> 0 | E36: =IF(INGRESOS!$J$10=INGRESOS!$AA$8,0,IF(INGRESOS!$J$10=INGRESOS!$AA$7,0,($AN36+$AO36*2+$AP36)*$AQ36)) -> 0 | F36: =IF(INGRESOS!$J$10=INGRESOS!$AA$8,0,IF(E36=0,0,($AN36+$AO36*2)*$AQ36*$B$28+$AP36*$AR36*$AT36)) -> 0 | G36: =IF(INGRESOS!$J$10=INGRESOS!$AA$8,0,($AN36+$AO36*2+$AP36)*$AQ36) -> 0 | H36: =IF(INGRESOS!$J$10=INGRESOS!$AA$8,0,IF(G36=0,0,($AN36+$AO36*2)*$AQ36*$B$28+$AP36*$AR36*$AT36)) -> 0 | I36: =IF(INGRESOS!$J$10=INGRESOS!$AA$8,0,IF(INGRESOS!$J$10=INGRESOS!$AA$7,0,($AN36+$AO36*2+$AP36)*$AQ36)) -> 0 | J36: =IF(INGRESOS!$J$10=INGRESOS!$AA$8,0,IF(I36=0,0,($AN36+$AO36*2)*$AQ36*$B$28+$AP36*$AR36*$AT36)) -> 0 | K36: =($AF36+$AG36*2+$AH36)*$AI36 -> 0 | L36: =($AF36+$AG36*2)*$AI36*$B$28+$AH36*$AJ36*$AL36 -> 0 | M36: =IF(INGRESOS!$J$10=INGRESOS!$AA$8,0,IF(INGRESOS!$J$10=INGRESOS!$AA$7,0,($AF36+$AG36*2+$AH36)*$AI36)) -> 0 | N36: =IF(INGRESOS!$J$10=INGRESOS!$AA$8,0,IF(INGRESOS!$J$10=INGRESOS!$AA$7,0,($AF36+$AG36*2)*$AI36*$B$28+$AH36*$AJ36*$AL36)) -> 0 | O36: =IF(INGRESOS!$J$10=INGRESOS!$AA$8,0,($AF36+$AG36*2+$AH36)*$AI36) -> 0 | P36: =IF(INGRESOS!$J$10=INGRESOS!$AA$8,0,($AF36+$AG36*2)*$AI36*$B$28+$AH36*$AJ36*$AL36) -> 0 | Q36: =IF(INGRESOS!$J$10=INGRESOS!$AA$8,0,IF(INGRESOS!$J$10=INGRESOS!$AA$7,0,($AF36+$AG36*2+$AH36)*$AI36)) -> 0 | R36: =IF(INGRESOS!$J$10=INGRESOS!$AA$8,0,IF(INGRESOS!$J$10=INGRESOS!$AA$7,0,($AF36+$AG36*2)*$AI36*$B$28+$AH36*$AJ36*$AL36)) -> 0 | S36: =IF(INGRESOS!$J$10=INGRESOS!$AA$8,0,($AF36+$AG36*2+$AH36)*$AI36) -> 0 | T36: =IF(INGRESOS!$J$10=INGRESOS!$AA$8,0,($AF36+$AG36*2)*$AI36*$B$28+$AH36*$AJ36*$AL36) -> 0 | U36: =IF(INGRESOS!$J$10=INGRESOS!$AA$8,0,IF(INGRESOS!$J$10=INGRESOS!$AA$7,0,($AF36+$AG36*2+$AH36)*$AI36)) -> 0 | V36: =IF(INGRESOS!$J$10=INGRESOS!$AA$8,0,IF(INGRESOS!$J$10=INGRESOS!$AA$7,0,($AF36+$AG36*2)*$AI36*$B$28+$AH36*$AJ36*$AL36)) -> 0 | W36: =IF(INGRESOS!$J$10=INGRESOS!$AA$8,0,($AF36+$AG36*2+$AH36)*$AI36) -> 0 | X36: =IF(INGRESOS!$J$10=INGRESOS!$AA$8,0,($AF36+$AG36*2)*$AI36*$B$28+$AH36*$AJ36*$AL36) -> 0 | Y36: =IF(INGRESOS!$J$10=INGRESOS!$AA$8,0,IF(INGRESOS!$J$10=INGRESOS!$AA$7,0,($AF36+$AG36*2+$AH36)*$AI36)) -> 0 | Z36: =IF(INGRESOS!$J$10=INGRESOS!$AA$8,0,IF(INGRESOS!$J$10=INGRESOS!$AA$7,0,($AF36+$AG36*2)*$AI36*$B$28+$AH36*$AJ36*$AL36)) -> 0 | AA36: =IF(INGRESOS!$J$10=INGRESOS!$AA$8,0,($AF36+$AG36*2+$AH36)*$AI36) -> 0 | AB36: =IF(INGRESOS!$J$10=INGRESOS!$AA$8,0,($AF36+$AG36*2)*$AI36*$B$28+$AH36*$AJ36*$AL36) -> 0 | AC36: =IF(INGRESOS!$J$10=INGRESOS!$AA$8,0,IF(INGRESOS!$J$10=INGRESOS!$AA$7,0,($AF36+$AG36*2+$AH36)*$AI36)) -> 0 | AD36: =IF(INGRESOS!$J$10=INGRESOS!$AA$8,0,IF(INGRESOS!$J$10=INGRESOS!$AA$7,0,($AF36+$AG36*2)*$AI36*$B$28+$AH36*$AJ36*$AL36)) -> 0 | AF36: =SUM(Malla!$F$42:$F$49)-AH36-AG36 -> 0 | AG36: =SUMIF(Malla!$E$42:$E$49,Malla!$AB$11,Malla!$F$42:$F$49) -> 0 | AH36: =SUMIF(Malla!$D$42:$D$49,Malla!$AA$12,Malla!$F$42:$F$49) -> 0 | AI36: =ROUNDUP(IF($G15=0,0,$G15/$AI$29),0) -> 0 | AL36: =ROUNDUP(IF(AH36>0,G15/AK36,0),0) -> 0 | AN36: =SUM(Malla!$R$42:$R$49)-AP36-AO36 -> 0 | AO36: =SUMIF(Malla!$Q$42:$Q$49,Malla!$AB$11,Malla!$R$42:$R$49) -> 0 | AP36: =SUMIF(Malla!$P$42:$P$49,Malla!$AA$12,Malla!$R$42:$R$49) -> 0 | AQ36: =IF(INGRESOS!$J$30>=INGRESOS!$X39,AQ35,0) -> 0 | AT36: =ROUNDUP(IF(AP36>0,G15/AS36,0),0) -> 0
B37: =+B16 -> Sexto | C37: =IF(INGRESOS!$J$10=INGRESOS!$AA$8,0,IF(INGRESOS!$J$10=INGRESOS!$AA$7,0,($AN37+$AO37*2+$AP37)*$AQ37)) -> 0 | D37: =IF(INGRESOS!$J$10=INGRESOS!$AA$8,0,IF(C37=0,0,IF(INGRESOS!$J$10=INGRESOS!$AA$7,0,($AN37+$AO37*2)*$AQ37*$B$28+$AP37*$AR37*$AT37))) -> 0 | E37: =IF(INGRESOS!$J$10=INGRESOS!$AA$8,0,($AN37+$AO37*2+$AP37)*$AQ37) -> 0 | F37: =IF(INGRESOS!$J$10=INGRESOS!$AA$8,0,IF(E37=0,0,($AN37+$AO37*2)*$AQ37*$B$28+$AP37*$AR37*$AT37)) -> 0 | G37: =IF(INGRESOS!$J$10=INGRESOS!$AA$8,0,IF(INGRESOS!$J$10=INGRESOS!$AA$7,0,($AN37+$AO37*2+$AP37)*$AQ37)) -> 0 | H37: =IF(INGRESOS!$J$10=INGRESOS!$AA$8,0,IF(G37=0,0,IF(INGRESOS!$J$10=INGRESOS!$AA$7,0,($AN37+$AO37*2)*$AQ37*$B$28+$AP37*$AR37*$AT37))) -> 0 | I37: =IF(INGRESOS!$J$10=INGRESOS!$AA$8,0,($AN37+$AO37*2+$AP37)*$AQ37) -> 0 | J37: =IF(INGRESOS!$J$10=INGRESOS!$AA$8,0,IF(I37=0,0,($AN37+$AO37*2)*$AQ37*$B$28+$AP37*$AR37*$AT37)) -> 0 | K37: =IF(INGRESOS!$J$10=INGRESOS!$AA$8,0,IF(INGRESOS!$J$10=INGRESOS!$AA$7,0,($AN37+$AO37*2+$AP37)*$AQ37)) -> 0 | L37: =IF(INGRESOS!$J$10=INGRESOS!$AA$8,0,IF(K37=0,0,IF(INGRESOS!$J$10=INGRESOS!$AA$7,0,($AN37+$AO37*2)*$AQ37*$B$28+$AP37*$AR37*$AT37))) -> 0 | M37: =($AF37+$AG37*2+$AH37)*$AI37 -> 0 | N37: =($AF37+$AG37*2)*$AI37*$B$28+$AH37*$AJ37*$AL37 -> 0 | O37: =IF(INGRESOS!$J$10=INGRESOS!$AA$8,0,IF(INGRESOS!$J$10=INGRESOS!$AA$7,0,($AF37+$AG37*2+$AH37)*$AI37)) -> 0 | P37: =IF(INGRESOS!$J$10=INGRESOS!$AA$8,0,IF(INGRESOS!$J$10=INGRESOS!$AA$7,0,($AF37+$AG37*2)*$AI37*$B$28+$AH37*$AJ37*$AL37)) -> 0 | Q37: =IF(INGRESOS!$J$10=INGRESOS!$AA$8,0,($AF37+$AG37*2+$AH37)*$AI37) -> 0 | R37: =IF(INGRESOS!$J$10=INGRESOS!$AA$8,0,($AF37+$AG37*2)*$AI37*$B$28+$AH37*$AJ37*$AL37) -> 0 | S37: =IF(INGRESOS!$J$10=INGRESOS!$AA$8,0,IF(INGRESOS!$J$10=INGRESOS!$AA$7,0,($AF37+$AG37*2+$AH37)*$AI37)) -> 0 | T37: =IF(INGRESOS!$J$10=INGRESOS!$AA$8,0,IF(INGRESOS!$J$10=INGRESOS!$AA$7,0,($AF37+$AG37*2)*$AI37*$B$28+$AH37*$AJ37*$AL37)) -> 0 | U37: =IF(INGRESOS!$J$10=INGRESOS!$AA$8,0,($AF37+$AG37*2+$AH37)*$AI37) -> 0 | V37: =IF(INGRESOS!$J$10=INGRESOS!$AA$8,0,($AF37+$AG37*2)*$AI37*$B$28+$AH37*$AJ37*$AL37) -> 0 | W37: =IF(INGRESOS!$J$10=INGRESOS!$AA$8,0,IF(INGRESOS!$J$10=INGRESOS!$AA$7,0,($AF37+$AG37*2+$AH37)*$AI37)) -> 0 | X37: =IF(INGRESOS!$J$10=INGRESOS!$AA$8,0,IF(INGRESOS!$J$10=INGRESOS!$AA$7,0,($AF37+$AG37*2)*$AI37*$B$28+$AH37*$AJ37*$AL37)) -> 0 | Y37: =IF(INGRESOS!$J$10=INGRESOS!$AA$8,0,($AF37+$AG37*2+$AH37)*$AI37) -> 0 | Z37: =IF(INGRESOS!$J$10=INGRESOS!$AA$8,0,($AF37+$AG37*2)*$AI37*$B$28+$AH37*$AJ37*$AL37) -> 0 | AA37: =IF(INGRESOS!$J$10=INGRESOS!$AA$8,0,IF(INGRESOS!$J$10=INGRESOS!$AA$7,0,($AF37+$AG37*2+$AH37)*$AI37)) -> 0 | AB37: =IF(INGRESOS!$J$10=INGRESOS!$AA$8,0,IF(INGRESOS!$J$10=INGRESOS!$AA$7,0,($AF37+$AG37*2)*$AI37*$B$28+$AH37*$AJ37*$AL37)) -> 0 | AC37: =IF(INGRESOS!$J$10=INGRESOS!$AA$8,0,($AF37+$AG37*2+$AH37)*$AI37) -> 0 | AD37: =IF(INGRESOS!$J$10=INGRESOS!$AA$8,0,($AF37+$AG37*2)*$AI37*$B$28+$AH37*$AJ37*$AL37) -> 0 | AF37: =SUM(Malla!$F$50:$F$57)-AH37-AG37 -> 0 | AG37: =SUMIF(Malla!$E$50:$E$57,Malla!$AB$11,Malla!$F$50:$F$57) -> 0 | AH37: =SUMIF(Malla!$D$50:$D$57,Malla!$AA$12,Malla!$F$50:$F$57) -> 0 | AI37: =ROUNDUP(IF($H16=0,0,$H16/$AI$29),0) -> 0 | AL37: =ROUNDUP(IF(AH37>0,H16/AK37,0),0) -> 0 | AN37: =SUM(Malla!$R$50:$R$57)-AP37-AO37 -> 0 | AO37: =SUMIF(Malla!$Q$50:$Q$57,Malla!$AB$11,Malla!$R$50:$R$57) -> 0 | AP37: =SUMIF(Malla!$P$50:$P$57,Malla!$AA$12,Malla!$R$50:$R$57) -> 0 | AQ37: =IF(INGRESOS!$J$30>=INGRESOS!$X40,AQ36,0) -> 0 | AT37: =ROUNDUP(IF(AP37>0,H16/AS37,0),0) -> 0
B38: =+B17 -> Septimo | C38: =IF(INGRESOS!$J$10=INGRESOS!$AA$8,0,($AN38+$AO38*2+$AP38)*$AQ38) -> 0 | D38: =IF(INGRESOS!$J$10=INGRESOS!$AA$8,0,IF(C38=0,0,($AN38+$AO38*2)*$AQ38*$B$28+$AP38*$AR38*$AT38)) -> 0 | E38: =IF(INGRESOS!$J$10=INGRESOS!$AA$8,0,IF(INGRESOS!$J$10=INGRESOS!$AA$7,0,($AN38+$AO38*2+$AP38)*$AQ38)) -> 0 | F38: =IF(INGRESOS!$J$10=INGRESOS!$AA$8,0,IF(E38=0,0,($AN38+$AO38*2)*$AQ38*$B$28+$AP38*$AR38*$AT38)) -> 0 | G38: =IF(INGRESOS!$J$10=INGRESOS!$AA$8,0,($AN38+$AO38*2+$AP38)*$AQ38) -> 0 | H38: =IF(INGRESOS!$J$10=INGRESOS!$AA$8,0,IF(G38=0,0,($AN38+$AO38*2)*$AQ38*$B$28+$AP38*$AR38*$AT38)) -> 0 | I38: =IF(INGRESOS!$J$10=INGRESOS!$AA$8,0,IF(INGRESOS!$J$10=INGRESOS!$AA$7,0,($AN38+$AO38*2+$AP38)*$AQ38)) -> 0 | J38: =IF(INGRESOS!$J$10=INGRESOS!$AA$8,0,IF(I38=0,0,($AN38+$AO38*2)*$AQ38*$B$28+$AP38*$AR38*$AT38)) -> 0 | K38: =IF(INGRESOS!$J$10=INGRESOS!$AA$8,0,($AN38+$AO38*2+$AP38)*$AQ38) -> 0 | L38: =IF(INGRESOS!$J$10=INGRESOS!$AA$8,0,IF(K38=0,0,($AN38+$AO38*2)*$AQ38*$B$28+$AP38*$AR38*$AT38)) -> 0 | M38: =IF(INGRESOS!$J$10=INGRESOS!$AA$8,0,IF(INGRESOS!$J$10=INGRESOS!$AA$7,0,($AN38+$AO38*2+$AP38)*$AQ38)) -> 0 | N38: =IF(INGRESOS!$J$10=INGRESOS!$AA$8,0,IF(M38=0,0,($AN38+$AO38*2)*$AQ38*$B$28+$AP38*$AR38*$AT38)) -> 0 | O38: =($AF38+$AG38*2+$AH38)*$AI38 -> 0 | P38: =($AF38+$AG38*2)*$AI38*$B$28+$AH38*$AJ38*$AL38 -> 0 | Q38: =IF(INGRESOS!$J$10=INGRESOS!$AA$8,0,IF(INGRESOS!$J$10=INGRESOS!$AA$7,0,($AF38+$AG38*2+$AH38)*$AI38)) -> 0 | R38: =IF(INGRESOS!$J$10=INGRESOS!$AA$8,0,IF(INGRESOS!$J$10=INGRESOS!$AA$7,0,($AF38+$AG38*2)*$AI38*$B$28+$AH38*$AJ38*$AL38)) -> 0 | S38: =IF(INGRESOS!$J$10=INGRESOS!$AA$8,0,($AF38+$AG38*2+$AH38)*$AI38) -> 0 | T38: =IF(INGRESOS!$J$10=INGRESOS!$AA$8,0,($AF38+$AG38*2)*$AI38*$B$28+$AH38*$AJ38*$AL38) -> 0 | U38: =IF(INGRESOS!$J$10=INGRESOS!$AA$8,0,IF(INGRESOS!$J$10=INGRESOS!$AA$7,0,($AF38+$AG38*2+$AH38)*$AI38)) -> 0 | V38: =IF(INGRESOS!$J$10=INGRESOS!$AA$8,0,IF(INGRESOS!$J$10=INGRESOS!$AA$7,0,($AF38+$AG38*2)*$AI38*$B$28+$AH38*$AJ38*$AL38)) -> 0 | W38: =IF(INGRESOS!$J$10=INGRESOS!$AA$8,0,($AF38+$AG38*2+$AH38)*$AI38) -> 0 | X38: =IF(INGRESOS!$J$10=INGRESOS!$AA$8,0,($AF38+$AG38*2)*$AI38*$B$28+$AH38*$AJ38*$AL38) -> 0 | Y38: =IF(INGRESOS!$J$10=INGRESOS!$AA$8,0,IF(INGRESOS!$J$10=INGRESOS!$AA$7,0,($AF38+$AG38*2+$AH38)*$AI38)) -> 0 | Z38: =IF(INGRESOS!$J$10=INGRESOS!$AA$8,0,IF(INGRESOS!$J$10=INGRESOS!$AA$7,0,($AF38+$AG38*2)*$AI38*$B$28+$AH38*$AJ38*$AL38)) -> 0 | AA38: =IF(INGRESOS!$J$10=INGRESOS!$AA$8,0,($AF38+$AG38*2+$AH38)*$AI38) -> 0 | AB38: =IF(INGRESOS!$J$10=INGRESOS!$AA$8,0,($AF38+$AG38*2)*$AI38*$B$28+$AH38*$AJ38*$AL38) -> 0 | AC38: =IF(INGRESOS!$J$10=INGRESOS!$AA$8,0,IF(INGRESOS!$J$10=INGRESOS!$AA$7,0,($AF38+$AG38*2+$AH38)*$AI38)) -> 0 | AD38: =IF(INGRESOS!$J$10=INGRESOS!$AA$8,0,IF(INGRESOS!$J$10=INGRESOS!$AA$7,0,($AF38+$AG38*2)*$AI38*$B$28+$AH38*$AJ38*$AL38)) -> 0 | AF38: =SUM(Malla!$F$58:$F$65)-AH38-AG38 -> 0 | AG38: =SUMIF(Malla!$E$58:$E$65,Malla!$AB$11,Malla!$F$58:$F$65) -> 0 | AH38: =SUMIF(Malla!$D$58:$D$65,Malla!$AA$12,Malla!$F$58:$F$65) -> 0 | AI38: =ROUNDUP(IF($I17=0,0,$I17/$AI$29),0) -> 0 | AL38: =ROUNDUP(IF(AH38>0,I17/AK38,0),0) -> 0 | AN38: =SUM(Malla!$R$58:$R$65)-AP38-AO38 -> 0 | AO38: =SUMIF(Malla!$Q$58:$Q$65,Malla!$AB$11,Malla!$R$58:$R$65) -> 0 | AP38: =SUMIF(Malla!$P$58:$P$65,Malla!$AA$12,Malla!$R$58:$R$65) -> 0 | AQ38: =IF(INGRESOS!$J$30>=INGRESOS!$X41,AQ37,0) -> 0 | AT38: =ROUNDUP(IF(AP38>0,I17/AS38,0),0) -> 0
B39: =+B18 -> Octavo | C39: =IF(INGRESOS!$J$10=INGRESOS!$AA$8,0,IF(INGRESOS!$J$10=INGRESOS!$AA$7,0,($AN39+$AO39*2+$AP39)*$AQ39)) -> 0 | D39: =IF(INGRESOS!$J$10=INGRESOS!$AA$8,0,IF(C39=0,0,IF(INGRESOS!$J$10=INGRESOS!$AA$7,0,($AN39+$AO39*2)*$AQ39*$B$28+$AP39*$AR39*$AT39))) -> 0 | E39: =IF(INGRESOS!$J$10=INGRESOS!$AA$8,0,($AN39+$AO39*2+$AP39)*$AQ39) -> 0 | F39: =IF(INGRESOS!$J$10=INGRESOS!$AA$8,0,IF(E39=0,0,($AN39+$AO39*2)*$AQ39*$B$28+$AP39*$AR39*$AT39)) -> 0 | G39: =IF(INGRESOS!$J$10=INGRESOS!$AA$8,0,IF(INGRESOS!$J$10=INGRESOS!$AA$7,0,($AN39+$AO39*2+$AP39)*$AQ39)) -> 0 | H39: =IF(INGRESOS!$J$10=INGRESOS!$AA$8,0,IF(G39=0,0,IF(INGRESOS!$J$10=INGRESOS!$AA$7,0,($AN39+$AO39*2)*$AQ39*$B$28+$AP39*$AR39*$AT39))) -> 0 | I39: =IF(INGRESOS!$J$10=INGRESOS!$AA$8,0,($AN39+$AO39*2+$AP39)*$AQ39) -> 0 | J39: =IF(INGRESOS!$J$10=INGRESOS!$AA$8,0,IF(I39=0,0,($AN39+$AO39*2)*$AQ39*$B$28+$AP39*$AR39*$AT39)) -> 0 | K39: =IF(INGRESOS!$J$10=INGRESOS!$AA$8,0,IF(INGRESOS!$J$10=INGRESOS!$AA$7,0,($AN39+$AO39*2+$AP39)*$AQ39)) -> 0 | L39: =IF(INGRESOS!$J$10=INGRESOS!$AA$8,0,IF(K39=0,0,IF(INGRESOS!$J$10=INGRESOS!$AA$7,0,($AN39+$AO39*2)*$AQ39*$B$28+$AP39*$AR39*$AT39))) -> 0 | M39: =IF(INGRESOS!$J$10=INGRESOS!$AA$8,0,($AN39+$AO39*2+$AP39)*$AQ39) -> 0 | N39: =IF(INGRESOS!$J$10=INGRESOS!$AA$8,0,IF(M39=0,0,($AN39+$AO39*2)*$AQ39*$B$28+$AP39*$AR39*$AT39)) -> 0 | O39: =IF(INGRESOS!$J$10=INGRESOS!$AA$8,0,IF(INGRESOS!$J$10=INGRESOS!$AA$7,0,($AN39+$AO39*2+$AP39)*$AQ39)) -> 0 | P39: =IF(INGRESOS!$J$10=INGRESOS!$AA$8,0,IF(O39=0,0,IF(INGRESOS!$J$10=INGRESOS!$AA$7,0,($AN39+$AO39*2)*$AQ39*$B$28+$AP39*$AR39*$AT39))) -> 0 | Q39: =($AF39+$AG39*2+$AH39)*$AI39 -> 0 | R39: =($AF39+$AG39*2)*$AI39*$B$28+$AH39*$AJ39*$AL39 -> 0 | S39: =IF(INGRESOS!$J$10=INGRESOS!$AA$8,0,IF(INGRESOS!$J$10=INGRESOS!$AA$7,0,($AF39+$AG39*2+$AH39)*$AI39)) -> 0 | T39: =IF(INGRESOS!$J$10=INGRESOS!$AA$8,0,IF(INGRESOS!$J$10=INGRESOS!$AA$7,0,($AF39+$AG39*2)*$AI39*$B$28+$AH39*$AJ39*$AL39)) -> 0 | U39: =IF(INGRESOS!$J$10=INGRESOS!$AA$8,0,($AF39+$AG39*2+$AH39)*$AI39) -> 0 | V39: =IF(INGRESOS!$J$10=INGRESOS!$AA$8,0,($AF39+$AG39*2)*$AI39*$B$28+$AH39*$AJ39*$AL39) -> 0 | W39: =IF(INGRESOS!$J$10=INGRESOS!$AA$8,0,IF(INGRESOS!$J$10=INGRESOS!$AA$7,0,($AF39+$AG39*2+$AH39)*$AI39)) -> 0 | X39: =IF(INGRESOS!$J$10=INGRESOS!$AA$8,0,IF(INGRESOS!$J$10=INGRESOS!$AA$7,0,($AF39+$AG39*2)*$AI39*$B$28+$AH39*$AJ39*$AL39)) -> 0 | Y39: =IF(INGRESOS!$J$10=INGRESOS!$AA$8,0,($AF39+$AG39*2+$AH39)*$AI39) -> 0 | Z39: =IF(INGRESOS!$J$10=INGRESOS!$AA$8,0,($AF39+$AG39*2)*$AI39*$B$28+$AH39*$AJ39*$AL39) -> 0 | AA39: =IF(INGRESOS!$J$10=INGRESOS!$AA$8,0,IF(INGRESOS!$J$10=INGRESOS!$AA$7,0,($AF39+$AG39*2+$AH39)*$AI39)) -> 0 | AB39: =IF(INGRESOS!$J$10=INGRESOS!$AA$8,0,IF(INGRESOS!$J$10=INGRESOS!$AA$7,0,($AF39+$AG39*2)*$AI39*$B$28+$AH39*$AJ39*$AL39)) -> 0 | AC39: =IF(INGRESOS!$J$10=INGRESOS!$AA$8,0,($AF39+$AG39*2+$AH39)*$AI39) -> 0 | AD39: =IF(INGRESOS!$J$10=INGRESOS!$AA$8,0,($AF39+$AG39*2)*$AI39*$B$28+$AH39*$AJ39*$AL39) -> 0 | AF39: =SUM(Malla!$F$66:$F$73)-AH39-AG39 -> 0 | AG39: =SUMIF(Malla!$E$66:$E$73,Malla!$AB$11,Malla!$F$66:$F$73) -> 0 | AH39: =SUMIF(Malla!$D$66:$D$73,Malla!$AA$12,Malla!$F$66:$F$73) -> 0 | AI39: =ROUNDUP(IF($J18=0,0,$J18/$AI$29),0) -> 0 | AL39: =ROUNDUP(IF(AH39>0,J18/AK39,0),0) -> 0 | AN39: =SUM(Malla!$R$66:$R$73)-AP39-AO39 -> 0 | AO39: =SUMIF(Malla!$Q$66:$Q$73,Malla!$AB$11,Malla!$R$66:$R$73) -> 0 | AP39: =SUMIF(Malla!$P$66:$P$73,Malla!$AA$12,Malla!$R$66:$R$73) -> 0 | AQ39: =IF(INGRESOS!$J$30>=INGRESOS!$X42,AQ38,0) -> 0 | AT39: =ROUNDUP(IF(AP39>0,J18/AS39,0),0) -> 0
B40: =+B19 -> Noveno | C40: =IF(INGRESOS!$J$10=INGRESOS!$AA$8,0,($AN40+$AO40*2+$AP40)*$AQ40) -> 0 | D40: =IF(INGRESOS!$J$10=INGRESOS!$AA$8,0,IF(C40=0,0,($AN40+$AO40*2)*$AQ40*$B$28+$AP40*$AR40*$AT40)) -> 0 | E40: =IF(INGRESOS!$J$10=INGRESOS!$AA$8,0,IF(INGRESOS!$J$10=INGRESOS!$AA$7,0,($AN40+$AO40*2+$AP40)*$AQ40)) -> 0 | F40: =IF(INGRESOS!$J$10=INGRESOS!$AA$8,0,IF(E40=0,0,($AN40+$AO40*2)*$AQ40*$B$28+$AP40*$AR40*$AT40)) -> 0 | G40: =IF(INGRESOS!$J$10=INGRESOS!$AA$8,0,($AN40+$AO40*2+$AP40)*$AQ40) -> 0 | H40: =IF(INGRESOS!$J$10=INGRESOS!$AA$8,0,IF(G40=0,0,($AN40+$AO40*2)*$AQ40*$B$28+$AP40*$AR40*$AT40)) -> 0 | I40: =IF(INGRESOS!$J$10=INGRESOS!$AA$8,0,IF(INGRESOS!$J$10=INGRESOS!$AA$7,0,($AN40+$AO40*2+$AP40)*$AQ40)) -> 0 | J40: =IF(INGRESOS!$J$10=INGRESOS!$AA$8,0,IF(I40=0,0,($AN40+$AO40*2)*$AQ40*$B$28+$AP40*$AR40*$AT40)) -> 0 | K40: =IF(INGRESOS!$J$10=INGRESOS!$AA$8,0,($AN40+$AO40*2+$AP40)*$AQ40) -> 0 | L40: =IF(INGRESOS!$J$10=INGRESOS!$AA$8,0,IF(K40=0,0,($AN40+$AO40*2)*$AQ40*$B$28+$AP40*$AR40*$AT40)) -> 0 | M40: =IF(INGRESOS!$J$10=INGRESOS!$AA$8,0,IF(INGRESOS!$J$10=INGRESOS!$AA$7,0,($AN40+$AO40*2+$AP40)*$AQ40)) -> 0 | N40: =IF(INGRESOS!$J$10=INGRESOS!$AA$8,0,IF(M40=0,0,($AN40+$AO40*2)*$AQ40*$B$28+$AP40*$AR40*$AT40)) -> 0 | O40: =IF(INGRESOS!$J$10=INGRESOS!$AA$8,0,($AN40+$AO40*2+$AP40)*$AQ40) -> 0 | P40: =IF(INGRESOS!$J$10=INGRESOS!$AA$8,0,IF(O40=0,0,($AN40+$AO40*2)*$AQ40*$B$28+$AP40*$AR40*$AT40)) -> 0 | Q40: =IF(INGRESOS!$J$10=INGRESOS!$AA$8,0,IF(INGRESOS!$J$10=INGRESOS!$AA$7,0,($AN40+$AO40*2+$AP40)*$AQ40)) -> 0 | R40: =IF(INGRESOS!$J$10=INGRESOS!$AA$8,0,IF(Q40=0,0,($AN40+$AO40*2)*$AQ40*$B$28+$AP40*$AR40*$AT40)) -> 0 | S40: =($AF40+$AG40*2+$AH40)*$AI40 -> 0 | T40: =($AF40+$AG40*2)*$AI40*$B$28+$AH40*$AJ40*$AL40 -> 0 | U40: =IF(INGRESOS!$J$10=INGRESOS!$AA$8,0,IF(INGRESOS!$J$10=INGRESOS!$AA$7,0,($AF40+$AG40*2+$AH40)*$AI40)) -> 0 | V40: =IF(INGRESOS!$J$10=INGRESOS!$AA$8,0,IF(INGRESOS!$J$10=INGRESOS!$AA$7,0,($AF40+$AG40*2)*$AI40*$B$28+$AH40*$AJ40*$AL40)) -> 0 | W40: =IF(INGRESOS!$J$10=INGRESOS!$AA$8,0,($AF40+$AG40*2+$AH40)*$AI40) -> 0 | X40: =IF(INGRESOS!$J$10=INGRESOS!$AA$8,0,($AF40+$AG40*2)*$AI40*$B$28+$AH40*$AJ40*$AL40) -> 0 | Y40: =IF(INGRESOS!$J$10=INGRESOS!$AA$8,0,IF(INGRESOS!$J$10=INGRESOS!$AA$7,0,($AF40+$AG40*2+$AH40)*$AI40)) -> 0 | Z40: =IF(INGRESOS!$J$10=INGRESOS!$AA$8,0,IF(INGRESOS!$J$10=INGRESOS!$AA$7,0,($AF40+$AG40*2)*$AI40*$B$28+$AH40*$AJ40*$AL40)) -> 0 | AA40: =IF(INGRESOS!$J$10=INGRESOS!$AA$8,0,($AF40+$AG40*2+$AH40)*$AI40) -> 0 | AB40: =IF(INGRESOS!$J$10=INGRESOS!$AA$8,0,($AF40+$AG40*2)*$AI40*$B$28+$AH40*$AJ40*$AL40) -> 0 | AC40: =IF(INGRESOS!$J$10=INGRESOS!$AA$8,0,IF(INGRESOS!$J$10=INGRESOS!$AA$7,0,($AF40+$AG40*2+$AH40)*$AI40)) -> 0 | AD40: =IF(INGRESOS!$J$10=INGRESOS!$AA$8,0,IF(INGRESOS!$J$10=INGRESOS!$AA$7,0,($AF40+$AG40*2)*$AI40*$B$28+$AH40*$AJ40*$AL40)) -> 0 | AF40: =SUM(Malla!$F$74:$F$81)-AH40-AG40 -> 0 | AG40: =SUMIF(Malla!$E$74:$E$81,Malla!$AB$11,Malla!$F$74:$F$81) -> 0 | AH40: =SUMIF(Malla!$D$74:$D$81,Malla!$AA$12,Malla!$F$74:$F$81) -> 0 | AI40: =ROUNDUP(IF($K19=0,0,$K19/$AI$29),0) -> 0 | AL40: =ROUNDUP(IF(AH40>0,K19/AK40,0),0) -> 0 | AN40: =SUM(Malla!$R$74:$R$81)-AP40-AO40 -> 0 | AO40: =SUMIF(Malla!$Q$74:$Q$81,Malla!$AB$11,Malla!$R$74:$R$81) -> 0 | AP40: =SUMIF(Malla!$P$74:$P$81,Malla!$AA$12,Malla!$R$74:$R$81) -> 0 | AQ40: =IF(INGRESOS!$J$30>=INGRESOS!$X43,AQ39,0) -> 0 | AT40: =ROUNDUP(IF(AP40>0,K19/AS40,0),0) -> 0
B41: =+B20 -> Decimo | C41: =IF(INGRESOS!$J$10=INGRESOS!$AA$8,0,IF(INGRESOS!$J$10=INGRESOS!$AA$7,0,($AN41+$AO41*2+$AP41)*$AQ41)) -> 0 | D41: =IF(INGRESOS!$J$10=INGRESOS!$AA$8,0,IF(C41=0,0,IF(INGRESOS!$J$10=INGRESOS!$AA$7,0,($AN41+$AO41*2)*$AQ41*$B$28+$AP41*$AR41*$AT41))) -> 0 | E41: =IF(INGRESOS!$J$10=INGRESOS!$AA$8,0,($AN41+$AO41*2+$AP41)*$AQ41) -> 0 | F41: =IF(INGRESOS!$J$10=INGRESOS!$AA$8,0,IF(E41=0,0,($AN41+$AO41*2)*$AQ41*$B$28+$AP41*$AR41*$AT41)) -> 0 | G41: =IF(INGRESOS!$J$10=INGRESOS!$AA$8,0,IF(INGRESOS!$J$10=INGRESOS!$AA$7,0,($AN41+$AO41*2+$AP41)*$AQ41)) -> 0 | H41: =IF(INGRESOS!$J$10=INGRESOS!$AA$8,0,IF(G41=0,0,IF(INGRESOS!$J$10=INGRESOS!$AA$7,0,($AN41+$AO41*2)*$AQ41*$B$28+$AP41*$AR41*$AT41))) -> 0 | I41: =IF(INGRESOS!$J$10=INGRESOS!$AA$8,0,($AN41+$AO41*2+$AP41)*$AQ41) -> 0 | J41: =IF(INGRESOS!$J$10=INGRESOS!$AA$8,0,IF(I41=0,0,($AN41+$AO41*2)*$AQ41*$B$28+$AP41*$AR41*$AT41)) -> 0 | K41: =IF(INGRESOS!$J$10=INGRESOS!$AA$8,0,IF(INGRESOS!$J$10=INGRESOS!$AA$7,0,($AN41+$AO41*2+$AP41)*$AQ41)) -> 0 | L41: =IF(INGRESOS!$J$10=INGRESOS!$AA$8,0,IF(K41=0,0,IF(INGRESOS!$J$10=INGRESOS!$AA$7,0,($AN41+$AO41*2)*$AQ41*$B$28+$AP41*$AR41*$AT41))) -> 0 | M41: =IF(INGRESOS!$J$10=INGRESOS!$AA$8,0,($AN41+$AO41*2+$AP41)*$AQ41) -> 0 | N41: =IF(INGRESOS!$J$10=INGRESOS!$AA$8,0,IF(M41=0,0,($AN41+$AO41*2)*$AQ41*$B$28+$AP41*$AR41*$AT41)) -> 0 | O41: =IF(INGRESOS!$J$10=INGRESOS!$AA$8,0,IF(INGRESOS!$J$10=INGRESOS!$AA$7,0,($AN41+$AO41*2+$AP41)*$AQ41)) -> 0 | P41: =IF(INGRESOS!$J$10=INGRESOS!$AA$8,0,IF(O41=0,0,IF(INGRESOS!$J$10=INGRESOS!$AA$7,0,($AN41+$AO41*2)*$AQ41*$B$28+$AP41*$AR41*$AT41))) -> 0 | Q41: =IF(INGRESOS!$J$10=INGRESOS!$AA$8,0,($AN41+$AO41*2+$AP41)*$AQ41) -> 0 | R41: =IF(INGRESOS!$J$10=INGRESOS!$AA$8,0,IF(Q41=0,0,($AN41+$AO41*2)*$AQ41*$B$28+$AP41*$AR41*$AT41)) -> 0 | S41: =IF(INGRESOS!$J$10=INGRESOS!$AA$8,0,IF(INGRESOS!$J$10=INGRESOS!$AA$7,0,($AN41+$AO41*2+$AP41)*$AQ41)) -> 0 | T41: =IF(INGRESOS!$J$10=INGRESOS!$AA$8,0,IF(S41=0,0,IF(INGRESOS!$J$10=INGRESOS!$AA$7,0,($AN41+$AO41*2)*$AQ41*$B$28+$AP41*$AR41*$AT41))) -> 0 | U41: =($AF41+$AG41*2+$AH41)*$AI41 -> 0 | V41: =($AF41+$AG41*2)*$AI41*$B$28+$AH41*$AJ41*$AL41 -> 0 | W41: =IF(INGRESOS!$J$10=INGRESOS!$AA$8,0,IF(INGRESOS!$J$10=INGRESOS!$AA$7,0,($AF41+$AG41*2+$AH41)*$AI41)) -> 0 | X41: =IF(INGRESOS!$J$10=INGRESOS!$AA$8,0,IF(INGRESOS!$J$10=INGRESOS!$AA$7,0,($AF41+$AG41*2)*$AI41*$B$28+$AH41*$AJ41*$AL41)) -> 0 | Y41: =IF(INGRESOS!$J$10=INGRESOS!$AA$8,0,($AF41+$AG41*2+$AH41)*$AI41) -> 0 | Z41: =IF(INGRESOS!$J$10=INGRESOS!$AA$8,0,($AF41+$AG41*2)*$AI41*$B$28+$AH41*$AJ41*$AL41) -> 0 | AA41: =IF(INGRESOS!$J$10=INGRESOS!$AA$8,0,IF(INGRESOS!$J$10=INGRESOS!$AA$7,0,($AF41+$AG41*2+$AH41)*$AI41)) -> 0 | AB41: =IF(INGRESOS!$J$10=INGRESOS!$AA$8,0,IF(INGRESOS!$J$10=INGRESOS!$AA$7,0,($AF41+$AG41*2)*$AI41*$B$28+$AH41*$AJ41*$AL41)) -> 0 | AC41: =IF(INGRESOS!$J$10=INGRESOS!$AA$8,0,($AF41+$AG41*2+$AH41)*$AI41) -> 0 | AD41: =IF(INGRESOS!$J$10=INGRESOS!$AA$8,0,($AF41+$AG41*2)*$AI41*$B$28+$AH41*$AJ41*$AL41) -> 0 | AF41: =SUM(Malla!$F$82:$F$89)-AH41-AG41 -> 0 | AG41: =SUMIF(Malla!$E$82:$E$89,Malla!$AB$11,Malla!$F$82:$F$89) -> 0 | AH41: =SUMIF(Malla!$D$82:$D$89,Malla!$AA$12,Malla!$F$82:$F$89) -> 0 | AI41: =ROUNDUP(IF($L20=0,0,$L20/$AI$29),0) -> 0 | AL41: =ROUNDUP(IF(AH41>0,L20/AK41,0),0) -> 0 | AN41: =SUM(Malla!$R$82:$R$89)-AP41-AO41 -> 0 | AO41: =SUMIF(Malla!$Q$82:$Q$89,Malla!$AB$11,Malla!$R$82:$R$89) -> 0 | AP41: =SUMIF(Malla!$P$82:$P$89,Malla!$AA$12,Malla!$R$82:$R$89) -> 0 | AQ41: =IF(INGRESOS!$J$30>=INGRESOS!$X44,AQ40,0) -> 0 | AT41: =ROUNDUP(IF(AP41>0,L20/AS41,0),0) -> 0
B42: =+B21 -> Once | C42: =IF(INGRESOS!$J$10=INGRESOS!$AA$8,0,($AN42+$AO42*2+$AP42)*$AQ42) -> 0 | D42: =IF(INGRESOS!$J$10=INGRESOS!$AA$8,0,IF(C42=0,0,($AN42+$AO42*2)*$AQ42*$B$28+$AP42*$AR42*$AT42)) -> 0 | E42: =IF(INGRESOS!$J$10=INGRESOS!$AA$8,0,IF(INGRESOS!$J$10=INGRESOS!$AA$7,0,($AN42+$AO42*2+$AP42)*$AQ42)) -> 0 | F42: =IF(INGRESOS!$J$10=INGRESOS!$AA$8,0,IF(E42=0,0,($AN42+$AO42*2)*$AQ42*$B$28+$AP42*$AR42*$AT42)) -> 0 | G42: =IF(INGRESOS!$J$10=INGRESOS!$AA$8,0,($AN42+$AO42*2+$AP42)*$AQ42) -> 0 | H42: =IF(INGRESOS!$J$10=INGRESOS!$AA$8,0,IF(G42=0,0,($AN42+$AO42*2)*$AQ42*$B$28+$AP42*$AR42*$AT42)) -> 0 | I42: =IF(INGRESOS!$J$10=INGRESOS!$AA$8,0,IF(INGRESOS!$J$10=INGRESOS!$AA$7,0,($AN42+$AO42*2+$AP42)*$AQ42)) -> 0 | J42: =IF(INGRESOS!$J$10=INGRESOS!$AA$8,0,IF(I42=0,0,($AN42+$AO42*2)*$AQ42*$B$28+$AP42*$AR42*$AT42)) -> 0 | K42: =IF(INGRESOS!$J$10=INGRESOS!$AA$8,0,($AN42+$AO42*2+$AP42)*$AQ42) -> 0 | L42: =IF(INGRESOS!$J$10=INGRESOS!$AA$8,0,IF(K42=0,0,($AN42+$AO42*2)*$AQ42*$B$28+$AP42*$AR42*$AT42)) -> 0 | M42: =IF(INGRESOS!$J$10=INGRESOS!$AA$8,0,IF(INGRESOS!$J$10=INGRESOS!$AA$7,0,($AN42+$AO42*2+$AP42)*$AQ42)) -> 0 | N42: =IF(INGRESOS!$J$10=INGRESOS!$AA$8,0,IF(M42=0,0,($AN42+$AO42*2)*$AQ42*$B$28+$AP42*$AR42*$AT42)) -> 0 | O42: =IF(INGRESOS!$J$10=INGRESOS!$AA$8,0,($AN42+$AO42*2+$AP42)*$AQ42) -> 0 | P42: =IF(INGRESOS!$J$10=INGRESOS!$AA$8,0,IF(O42=0,0,($AN42+$AO42*2)*$AQ42*$B$28+$AP42*$AR42*$AT42)) -> 0 | Q42: =IF(INGRESOS!$J$10=INGRESOS!$AA$8,0,IF(INGRESOS!$J$10=INGRESOS!$AA$7,0,($AN42+$AO42*2+$AP42)*$AQ42)) -> 0 | R42: =IF(INGRESOS!$J$10=INGRESOS!$AA$8,0,IF(Q42=0,0,($AN42+$AO42*2)*$AQ42*$B$28+$AP42*$AR42*$AT42)) -> 0 | S42: =IF(INGRESOS!$J$10=INGRESOS!$AA$8,0,($AN42+$AO42*2+$AP42)*$AQ42) -> 0 | T42: =IF(INGRESOS!$J$10=INGRESOS!$AA$8,0,IF(S42=0,0,($AN42+$AO42*2)*$AQ42*$B$28+$AP42*$AR42*$AT42)) -> 0 | U42: =IF(INGRESOS!$J$10=INGRESOS!$AA$8,0,IF(INGRESOS!$J$10=INGRESOS!$AA$7,0,($AN42+$AO42*2+$AP42)*$AQ42)) -> 0 | V42: =IF(INGRESOS!$J$10=INGRESOS!$AA$8,0,IF(U42=0,0,($AN42+$AO42*2)*$AQ42*$B$28+$AP42*$AR42*$AT42)) -> 0 | W42: =($AF42+$AG42*2+$AH42)*$AI42 -> 0 | X42: =($AF42+$AG42*2)*$AI42*$B$28+$AH42*$AJ42*$AL42 -> 0 | Y42: =IF(INGRESOS!$J$10=INGRESOS!$AA$8,0,IF(INGRESOS!$J$10=INGRESOS!$AA$7,0,($AF42+$AG42*2+$AH42)*$AI42)) -> 0 | Z42: =IF(INGRESOS!$J$10=INGRESOS!$AA$8,0,IF(INGRESOS!$J$10=INGRESOS!$AA$7,0,($AF42+$AG42*2)*$AI42*$B$28+$AH42*$AJ42*$AL42)) -> 0 | AA42: =IF(INGRESOS!$J$10=INGRESOS!$AA$8,0,($AF42+$AG42*2+$AH42)*$AI42) -> 0 | AB42: =IF(INGRESOS!$J$10=INGRESOS!$AA$8,0,($AF42+$AG42*2)*$AI42*$B$28+$AH42*$AJ42*$AL42) -> 0 | AC42: =IF(INGRESOS!$J$10=INGRESOS!$AA$8,0,IF(INGRESOS!$J$10=INGRESOS!$AA$7,0,($AF42+$AG42*2+$AH42)*$AI42)) -> 0 | AD42: =IF(INGRESOS!$J$10=INGRESOS!$AA$8,0,IF(INGRESOS!$J$10=INGRESOS!$AA$7,0,($AF42+$AG42*2)*$AI42*$B$28+$AH42*$AJ42*$AL42)) -> 0 | AF42: =SUM(Malla!$F$90:$F$97)-AH42-AG42 -> 0 | AG42: =SUMIF(Malla!$E$90:$E$97,Malla!$AB$11,Malla!$F$90:$F$97) -> 0 | AH42: =SUMIF(Malla!$D$90:$D$97,Malla!$AA$12,Malla!$F$90:$F$97) -> 0 | AI42: =ROUNDUP(IF($M21=0,0,$M21/$AI$29),0) -> 0 | AL42: =ROUNDUP(IF(AH42>0,M21/AK42,0),0) -> 0 | AN42: =SUM(Malla!$R$90:$R$97)-AP42-AO42 -> 0 | AO42: =SUMIF(Malla!$Q$90:$Q$97,Malla!$AB$11,Malla!$R$90:$R$97) -> 0 | AP42: =SUMIF(Malla!$P$90:$P$97,Malla!$AA$12,Malla!$R$90:$R$97) -> 0 | AQ42: =IF(INGRESOS!$J$30>=INGRESOS!$X45,AQ41,0) -> 0 | AT42: =ROUNDUP(IF(AP42>0,M21/AS42,0),0) -> 0
B43: =+B22 -> Doce | C43: =IF(INGRESOS!$J$10=INGRESOS!$AA$8,0,IF(INGRESOS!$J$10=INGRESOS!$AA$7,0,($AN43+$AO43*2+$AP43)*$AQ43)) -> 0 | D43: =IF(INGRESOS!$J$10=INGRESOS!$AA$8,0,IF(C43=0,0,IF(INGRESOS!$J$10=INGRESOS!$AA$7,0,($AN43+$AO43*2)*$AQ43*$B$28+$AP43*$AR43*$AT43))) -> 0 | E43: =IF(INGRESOS!$J$10=INGRESOS!$AA$8,0,($AN43+$AO43*2+$AP43)*$AQ43) -> 0 | F43: =IF(INGRESOS!$J$10=INGRESOS!$AA$8,0,IF(E43=0,0,($AN43+$AO43*2)*$AQ43*$B$28+$AP43*$AR43*$AT43)) -> 0 | G43: =IF(INGRESOS!$J$10=INGRESOS!$AA$8,0,IF(INGRESOS!$J$10=INGRESOS!$AA$7,0,($AN43+$AO43*2+$AP43)*$AQ43)) -> 0 | H43: =IF(INGRESOS!$J$10=INGRESOS!$AA$8,0,IF(G43=0,0,IF(INGRESOS!$J$10=INGRESOS!$AA$7,0,($AN43+$AO43*2)*$AQ43*$B$28+$AP43*$AR43*$AT43))) -> 0 | I43: =IF(INGRESOS!$J$10=INGRESOS!$AA$8,0,($AN43+$AO43*2+$AP43)*$AQ43) -> 0 | J43: =IF(INGRESOS!$J$10=INGRESOS!$AA$8,0,IF(I43=0,0,($AN43+$AO43*2)*$AQ43*$B$28+$AP43*$AR43*$AT43)) -> 0 | K43: =IF(INGRESOS!$J$10=INGRESOS!$AA$8,0,IF(INGRESOS!$J$10=INGRESOS!$AA$7,0,($AN43+$AO43*2+$AP43)*$AQ43)) -> 0 | L43: =IF(INGRESOS!$J$10=INGRESOS!$AA$8,0,IF(K43=0,0,IF(INGRESOS!$J$10=INGRESOS!$AA$7,0,($AN43+$AO43*2)*$AQ43*$B$28+$AP43*$AR43*$AT43))) -> 0 | M43: =IF(INGRESOS!$J$10=INGRESOS!$AA$8,0,($AN43+$AO43*2+$AP43)*$AQ43) -> 0 | N43: =IF(INGRESOS!$J$10=INGRESOS!$AA$8,0,IF(M43=0,0,($AN43+$AO43*2)*$AQ43*$B$28+$AP43*$AR43*$AT43)) -> 0 | O43: =IF(INGRESOS!$J$10=INGRESOS!$AA$8,0,IF(INGRESOS!$J$10=INGRESOS!$AA$7,0,($AN43+$AO43*2+$AP43)*$AQ43)) -> 0 | P43: =IF(INGRESOS!$J$10=INGRESOS!$AA$8,0,IF(O43=0,0,IF(INGRESOS!$J$10=INGRESOS!$AA$7,0,($AN43+$AO43*2)*$AQ43*$B$28+$AP43*$AR43*$AT43))) -> 0 | Q43: =IF(INGRESOS!$J$10=INGRESOS!$AA$8,0,($AN43+$AO43*2+$AP43)*$AQ43) -> 0 | R43: =IF(INGRESOS!$J$10=INGRESOS!$AA$8,0,IF(Q43=0,0,($AN43+$AO43*2)*$AQ43*$B$28+$AP43*$AR43*$AT43)) -> 0 | S43: =IF(INGRESOS!$J$10=INGRESOS!$AA$8,0,IF(INGRESOS!$J$10=INGRESOS!$AA$7,0,($AN43+$AO43*2+$AP43)*$AQ43)) -> 0 | T43: =IF(INGRESOS!$J$10=INGRESOS!$AA$8,0,IF(S43=0,0,IF(INGRESOS!$J$10=INGRESOS!$AA$7,0,($AN43+$AO43*2)*$AQ43*$B$28+$AP43*$AR43*$AT43))) -> 0 | U43: =IF(INGRESOS!$J$10=INGRESOS!$AA$8,0,($AN43+$AO43*2+$AP43)*$AQ43) -> 0 | V43: =IF(INGRESOS!$J$10=INGRESOS!$AA$8,0,IF(U43=0,0,($AN43+$AO43*2)*$AQ43*$B$28+$AP43*$AR43*$AT43)) -> 0 | W43: =IF(INGRESOS!$J$10=INGRESOS!$AA$8,0,IF(INGRESOS!$J$10=INGRESOS!$AA$7,0,($AN43+$AO43*2+$AP43)*$AQ43)) -> 0 | X43: =IF(INGRESOS!$J$10=INGRESOS!$AA$8,0,IF(W43=0,0,IF(INGRESOS!$J$10=INGRESOS!$AA$7,0,($AN43+$AO43*2)*$AQ43*$B$28+$AP43*$AR43*$AT43))) -> 0 | Y43: =($AF43+$AG43*2+$AH43)*$AI43 -> 0 | Z43: =($AF43+$AG43*2)*$AI43*$B$28+$AH43*$AJ43*$AL43 -> 0 | AA43: =IF(INGRESOS!$J$10=INGRESOS!$AA$8,0,IF(INGRESOS!$J$10=INGRESOS!$AA$7,0,($AF43+$AG43*2+$AH43)*$AI43)) -> 0 | AB43: =IF(INGRESOS!$J$10=INGRESOS!$AA$8,0,IF(INGRESOS!$J$10=INGRESOS!$AA$7,0,($AF43+$AG43*2)*$AI43*$B$28+$AH43*$AJ43*$AL43)) -> 0 | AC43: =IF(INGRESOS!$J$10=INGRESOS!$AA$8,0,($AF43+$AG43*2+$AH43)*$AI43) -> 0 | AD43: =IF(INGRESOS!$J$10=INGRESOS!$AA$8,0,($AF43+$AG43*2)*$AI43*$B$28+$AH43*$AJ43*$AL43) -> 0 | AF43: =SUM(Malla!$F$98:$F$105)-AH43-AG43 -> 0 | AG43: =SUMIF(Malla!$E$98:$E$105,Malla!$AB$11,Malla!$F$98:$F$105) -> 0 | AH43: =SUMIF(Malla!$D$98:$D$105,Malla!$AA$12,Malla!$F$98:$F$105) -> 0 | AI43: =ROUNDUP(IF($N22=0,0,$N22/$AI$29),0) -> 0 | AL43: =ROUNDUP(IF(AH43>0,N22/AK43,0),0) -> 0 | AN43: =SUM(Malla!$R$98:$R$105)-AP43-AO43 -> 0 | AO43: =SUMIF(Malla!$Q$98:$Q$105,Malla!$AB$11,Malla!$R$98:$R$105) -> 0 | AP43: =SUMIF(Malla!$P$98:$P$105,Malla!$AA$12,Malla!$R$98:$R$105) -> 0 | AQ43: =IF(INGRESOS!$J$30>=INGRESOS!$X46,AQ42,0) -> 0 | AT43: =ROUNDUP(IF(AP43>0,N22/AS43,0),0) -> 0
B44: TOTAL | C44: =SUM(C32:C43) -> 0 | D44: =SUM(D32:D43) -> 0 | E44: =SUM(E32:E43) -> 0 | F44: =SUM(F32:F43) -> 0 | G44: =SUM(G32:G43) -> 0 | H44: =SUM(H32:H43) -> 0 | I44: =SUM(I32:I43) -> 0 | J44: =SUM(J32:J43) -> 0 | ... AD44: =SUM(AD32:AD43) -> 0 | AF44: =SUM(AF32:AF43) -> 0 | AG44: =SUM(AG32:AG43) -> 0 | AH44: =SUM(AH32:AH43) -> 0 | AI44: =ROUNDUP(AVERAGE(AI32:AI43),0) -> 0 | AN44: =SUM(AN32:AN41) -> 0 | AO44: =SUM(AO32:AO41) -> 0 | AP44: =SUM(AP32:AP41) -> 0 | AQ44: =ROUNDUP(AVERAGE(AQ32:AQ43),0) -> 0
B45: En los semestres donde hay cursos electivos se considera su apertura. | U45: =C32+E33+G34+I35+K36+M37+O38+Q39+S40+U41 -> 0 | V45: =D32+F33+H34+J35+L36+N37+P38+R39+T40+V41 -> 0 | AC45: =C44+E44+G44+I44+K44+M44+O44+Q44+S44+U44+W44+Y44+AA44+AC44 -> 0 | AD45: =D44+F44+H44+J44+L44+N44+P44+R44+T44+V44+X44+Z44+AB44+AD44 -> 0 | AH45: =SUM(AF44:AH44) -> 0 | AP45: =SUM(AN44:AP44) -> 0
C47: HORAS DE DOCENCIA POR SEMESTRE
B48: Dex | C48: =IF(C$44=0,0,(Malla!$I$15+Malla!$U$23)/C$44) -> 0 | D48: =+D$44*C48 -> 0 | E48: =IF(E$44=0,0,(Malla!$I$23+Malla!$U$31)/E$44) -> 0 | F48: =+F$44*E48 -> 0 | G48: =IF(G$44=0,0,(Malla!$I$31+Malla!$U$39)/G$44) -> 0 | H48: =+H$44*G48 -> 0 | I48: =IF(I$44=0,0,(Malla!$I$39+Malla!$U$47)/I$44) -> 0 | J48: =+J$44*I48 -> 0 | K48: =IF(K$44=0,0,(Malla!$I$47+Malla!$U$55)/K$44) -> 0 | L48: =+L$44*K48 -> 0 | M48: =IF(M$44=0,0,(Malla!$I$55+Malla!$U$63)/M$44) -> 0 | N48: =+N$44*M48 -> 0 | O48: =IF(O$44=0,0,(Malla!$I$63+Malla!$U$71)/O$44) -> 0 | P48: =+P$44*O48 -> 0 | Q48: =IF(Q$44=0,0,(Malla!$I$71+Malla!$U$79)/Q$44) -> 0 | R48: =+R$44*Q48 -> 0 | S48: =IF(S$44=0,0,(Malla!$I$79+Malla!$U$87)/S$44) -> 0 | T48: =+T$44*S48 -> 0 | U48: =IF(U$44=0,0,(Malla!$I$87+Malla!$U$95)/U$44) -> 0 | V48: =+V$44*U48 -> 0 | W48: =IF(W$44=0,0,(Malla!$I$95+Malla!$U$103)/W$44) -> 0 | X48: =+X$44*W48 -> 0 | Y48: =IF(Y$44=0,0,(Malla!$I$103)/Y$44) -> 0 | Z48: =+Z$44*Y48 -> 0 | AA48: =IF(AA$44=0,0,(Malla!$I$103)/AA$44) -> 0 | AB48: =+AB$44*AA48 -> 0 | AC48: =IF(AC$44=0,0,(Malla!$I$103)/AC$44) -> 0 | AD48: =+AD$44*AC48 -> 0
B49: TC | C49: =IF(C$44=0,0,(Malla!$J$15+Malla!$V$23)/C$44) -> 0 | D49: =+D$44*C49 -> 0 | E49: =IF(E$44=0,0,(Malla!$J$23+Malla!$V$31)/E$44) -> 0 | F49: =+F$44*E49 -> 0 | G49: =IF(G$44=0,0,(Malla!$J$31+Malla!$V$39)/G$44) -> 0 | H49: =+H$44*G49 -> 0 | I49: =IF(I$44=0,0,(Malla!$J$39+Malla!$V$47)/I$44) -> 0 | J49: =+J$44*I49 -> 0 | K49: =IF(K$44=0,0,(Malla!$J$47+Malla!$V$55)/K$44) -> 0 | L49: =+L$44*K49 -> 0 | M49: =IF(M$44=0,0,(Malla!$J$55+Malla!$V$63)/M$44) -> 0 | N49: =+N$44*M49 -> 0 | O49: =IF(O$44=0,0,(Malla!$J$63+Malla!$V$71)/O$44) -> 0 | P49: =+P$44*O49 -> 0 | Q49: =IF(Q$44=0,0,(Malla!$J$71+Malla!$V$79)/Q$44) -> 0 | R49: =+R$44*Q49 -> 0 | S49: =IF(S$44=0,0,(Malla!$J$79+Malla!$V$87)/S$44) -> 0 | T49: =+T$44*S49 -> 0 | U49: =IF(U$44=0,0,(Malla!$J$87+Malla!$V$95)/U$44) -> 0 | V49: =+V$44*U49 -> 0 | W49: =IF(W$44=0,0,(Malla!$J$95+Malla!$V$103)/W$44) -> 0 | X49: =+X$44*W49 -> 0 | Y49: =IF(Y$44=0,0,(Malla!$J$103)/Y$44) -> 0 | Z49: =+Z$44*Y49 -> 0 | AA49: =IF(AA$44=0,0,(Malla!$J$103)/AA$44) -> 0 | AB49: =+AB$44*AA49 -> 0 | AC49: =IF(AC$44=0,0,(Malla!$J$103)/AC$44) -> 0 | AD49: =+AD$44*AC49 -> 0
B50: MT | C50: =IF(C$44=0,0,(Malla!$K$15+Malla!$W$23)/C$44) -> 0 | D50: =+D$44*C50 -> 0 | E50: =IF(E$44=0,0,(Malla!$K$23+Malla!$W$31)/E$44) -> 0 | F50: =+F$44*E50 -> 0 | G50: =IF(G$44=0,0,(Malla!$K$31+Malla!$W$39)/G$44) -> 0 | H50: =+H$44*G50 -> 0 | I50: =IF(I$44=0,0,(Malla!$K$39+Malla!$W$47)/I$44) -> 0 | J50: =+J$44*I50 -> 0 | K50: =IF(K$44=0,0,(Malla!$K$47+Malla!$W$55)/K$44) -> 0 | L50: =+L$44*K50 -> 0 | M50: =IF(M$44=0,0,(Malla!$K$55+Malla!$W$63)/M$44) -> 0 | N50: =+N$44*M50 -> 0 | O50: =IF(O$44=0,0,(Malla!$K$63+Malla!$W$71)/O$44) -> 0 | P50: =+P$44*O50 -> 0 | Q50: =IF(Q$44=0,0,(Malla!$K$71+Malla!$W$79)/Q$44) -> 0 | R50: =+R$44*Q50 -> 0 | S50: =IF(S$44=0,0,(Malla!$K$79+Malla!$W$87)/S$44) -> 0 | T50: =+T$44*S50 -> 0 | U50: =IF(U$44=0,0,(Malla!$K$87+Malla!$W$95)/U$44) -> 0 | V50: =+V$44*U50 -> 0 | W50: =IF(W$44=0,0,(Malla!$K$95+Malla!$W$103)/W$44) -> 0 | X50: =+X$44*W50 -> 0 | Y50: =IF(Y$44=0,0,(Malla!$K$103)/Y$44) -> 0 | Z50: =+Z$44*Y50 -> 0 | AA50: =IF(AA$44=0,0,(Malla!$K$103)/AA$44) -> 0 | AB50: =+AB$44*AA50 -> 0 | AC50: =IF(AC$44=0,0,(Malla!$K$103)/AC$44) -> 0 | AD50: =+AD$44*AC50 -> 0
B51: HC | C51: =1-C48-C49-C50 -> 1 | D51: =+D$44*C51 -> 0 | E51: =1-E48-E49-E50 -> 1 | F51: =+F$44*E51 -> 0 | G51: =1-G48-G49-G50 -> 1 | H51: =+H$44*G51 -> 0 | I51: =1-I48-I49-I50 -> 1 | J51: =+J$44*I51 -> 0 | K51: =1-K48-K49-K50 -> 1 | L51: =+L$44*K51 -> 0 | M51: =1-M48-M49-M50 -> 1 | N51: =+N$44*M51 -> 0 | O51: =1-O48-O49-O50 -> 1 | P51: =+P$44*O51 -> 0 | Q51: =1-Q48-Q49-Q50 -> 1 | R51: =+R$44*Q51 -> 0 | S51: =1-S48-S49-S50 -> 1 | T51: =+T$44*S51 -> 0 | U51: =1-U48-U49-U50 -> 1 | V51: =+V$44*U51 -> 0 | W51: =1-W48-W49-W50 -> 1 | X51: =+X$44*W51 -> 0 | Y51: =1-Y48-Y49-Y50 -> 1 | Z51: =+Z$44*Y51 -> 0 | AA51: =1-AA48-AA49-AA50 -> 1 | AB51: =+AB$44*AA51 -> 0 | AC51: =1-AC48-AC49-AC50 -> 1 | AD51: =+AD$44*AC51 -> 0
B52: TOTAL | C52: =SUM(C48:C51) -> 1 | D52: =SUM(D48:D51) -> 0 | E52: =SUM(E48:E51) -> 1 | F52: =SUM(F48:F51) -> 0 | G52: =SUM(G48:G51) -> 1 | H52: =SUM(H48:H51) -> 0 | I52: =SUM(I48:I51) -> 1 | J52: =SUM(J48:J51) -> 0 | ... AD52: =SUM(AD48:AD51) -> 0
C54: HORAS DE INVESTIGACIÓN POR SEMESTRE
B55: Dex | D55: =D48*TARIFAS!$O13 -> 0 | F55: =F48*TARIFAS!$O13 -> 0 | H55: =H48*TARIFAS!$O13 -> 0 | J55: =J48*TARIFAS!$O13 -> 0 | L55: =L48*TARIFAS!$O13 -> 0 | N55: =N48*TARIFAS!$O13 -> 0 | P55: =P48*TARIFAS!$O13 -> 0 | R55: =R48*TARIFAS!$O13 -> 0 | T55: =T48*TARIFAS!$O13 -> 0 | V55: =V48*TARIFAS!$O13 -> 0 | X55: =X48*TARIFAS!$O13 -> 0 | Z55: =Z48*TARIFAS!$O13 -> 0 | AB55: =AB48*TARIFAS!$O13 -> 0 | AD55: =AD48*TARIFAS!$O13 -> 0
B56: TC | D56: =D49*TARIFAS!$O14 -> 0 | F56: =F49*TARIFAS!$O14 -> 0 | H56: =H49*TARIFAS!$O14 -> 0 | J56: =J49*TARIFAS!$O14 -> 0 | L56: =L49*TARIFAS!$O14 -> 0 | N56: =N49*TARIFAS!$O14 -> 0 | P56: =P49*TARIFAS!$O14 -> 0 | R56: =R49*TARIFAS!$O14 -> 0 | T56: =T49*TARIFAS!$O14 -> 0 | V56: =V49*TARIFAS!$O14 -> 0 | X56: =X49*TARIFAS!$O14 -> 0 | Z56: =Z49*TARIFAS!$O14 -> 0 | AB56: =AB49*TARIFAS!$O14 -> 0 | AD56: =AD49*TARIFAS!$O14 -> 0
B57: MT | D57: =D50*TARIFAS!$O15 -> 0 | F57: =F50*TARIFAS!$O15 -> 0 | H57: =H50*TARIFAS!$O15 -> 0 | J57: =J50*TARIFAS!$O15 -> 0 | L57: =L50*TARIFAS!$O15 -> 0 | N57: =N50*TARIFAS!$O15 -> 0 | P57: =P50*TARIFAS!$O15 -> 0 | R57: =R50*TARIFAS!$O15 -> 0 | T57: =T50*TARIFAS!$O15 -> 0 | V57: =V50*TARIFAS!$O15 -> 0 | X57: =X50*TARIFAS!$O15 -> 0 | Z57: =Z50*TARIFAS!$O15 -> 0 | AB57: =AB50*TARIFAS!$O15 -> 0 | AD57: =AD50*TARIFAS!$O15 -> 0
B58: TOTAL | D58: =SUM(D55:D57) -> 0 | F58: =SUM(F55:F57) -> 0 | H58: =SUM(H55:H57) -> 0 | J58: =SUM(J55:J57) -> 0 | L58: =SUM(L55:L57) -> 0 | N58: =SUM(N55:N57) -> 0 | P58: =SUM(P55:P57) -> 0 | R58: =SUM(R55:R57) -> 0 | T58: =SUM(T55:T57) -> 0 | V58: =SUM(V55:V57) -> 0 | X58: =SUM(X55:X57) -> 0 | Z58: =SUM(Z55:Z57) -> 0 | AB58: =SUM(AB55:AB57) -> 0 | AD58: =SUM(AD55:AD57) -> 0

Sheet Malla
B2: #VALUE! | D2: #VALUE! | J2: FORMATO Presupuesto para el Ministerio de Educación Nacional | P2: Código: R-PO003
P3: Versión: 014
J4: PROCESO Planeación Financiera | P4: Fecha de vigencia: 03/08/2026
C7: DILIGENCIE SOLO LAS CELDAS EN COLOR GRIS ACORDE CON LAS ESTRUCTURAS CURRICULARES PROPUESTAS Y ACTUALES, SEGÚN DOCUMENTO MAESTRO
B8: ESTRUCTURA CURRICULAR PROPUESTA DEL PROGRAMA | N8: ESTRUCTURA CURRICULAR ACTUAL DEL PROGRAMA
B9: Semestre | C9: Curso, Módulo o Asignatura | D9: Modalidad (T; TP; P) | E9: Obligatoriedad (O; E) | F9: Créditos | G9: Docente (Dex; TC; MT; HC) | I9: Dex | J9: TC | K9: MT | L9: HC | N9: Semestre | O9: Curso, Módulo o Asignatura | P9: Modalidad (T; TP; P) | Q9: Obligatoriedad (O; E) | R9: Créditos | S9: Docente (Dex; TC; MT; HC) | U9: Dex | V9: TC | W9: MT | X9: HC
B10: 1 | I10: Para el semestre | N10: 1 | U10: Para el semestre | AA10: T | AB10: O | AC10: Dex
I11: =SUMIF($G10:$G17,I$9,$F10:$F17)+SUMIFS($F10:$F17,$G10:$G17,I$9,$E10:$E17,$AB$11) -> 0 | J11: =SUMIF($G10:$G17,J$9,$F10:$F17)+SUMIFS($F10:$F17,$G10:$G17,J$9,$E10:$E17,$AB$11) -> 0 | K11: =SUMIF($G10:$G17,K$9,$F10:$F17)+SUMIFS($F10:$F17,$G10:$G17,K$9,$E10:$E17,$AB$11) -> 0 | L11: =SUMIF($G10:$G17,L$9,$F10:$F17)+SUMIFS($F10:$F17,$G10:$G17,L$9,$E10:$E17,$AB$11) -> 0 | U11: =SUMIF($S10:$S17,U$9,$R10:$R17)+SUMIFS($R10:$R17,$S10:$S17,U$9,$Q10:$Q17,$AB$11) -> 0 | V11: =SUMIF($S10:$S17,V$9,$R10:$R17)+SUMIFS($R10:$R17,$S10:$S17,V$9,$Q10:$Q17,$AB$11) -> 0 | W11: =SUMIF($S10:$S17,W$9,$R10:$R17)+SUMIFS($R10:$R17,$S10:$S17,W$9,$Q10:$Q17,$AB$11) -> 0 | X11: =SUMIF($S10:$S17,X$9,$R10:$R17)+SUMIFS($R10:$R17,$S10:$S17,X$9,$Q10:$Q17,$AB$11) -> 0 | AA11: TP | AB11: E | AC11: TC
I12: Según el número de grupos | U12: Según el número de grupos | AA12: P | AC12: MT
I13: =I11*'ESTUDIANTES Y DOCENTES'!$AI$32 -> 0 | J13: =J11*'ESTUDIANTES Y DOCENTES'!$AI$32 -> 0 | K13: =K11*'ESTUDIANTES Y DOCENTES'!$AI$32 -> 0 | L13: =L11*'ESTUDIANTES Y DOCENTES'!$AI$32 -> 0 | U13: =U11*'ESTUDIANTES Y DOCENTES'!$AQ$32 -> 0 | V13: =V11*'ESTUDIANTES Y DOCENTES'!$AQ$32 -> 0 | W13: =W11*'ESTUDIANTES Y DOCENTES'!$AQ$32 -> 0 | X13: =X11*'ESTUDIANTES Y DOCENTES'!$AQ$32 -> 0 | AC13: HC
I14: Acumulado desde primero | U14: Acumulado a partir de aquí
I15: =I13 -> 0 | J15: =J13 -> 0 | K15: =K13 -> 0 | L15: =L13 -> 0 | U15: =U23+U13 -> 0 | V15: =V23+V13 -> 0 | W15: =W23+W13 -> 0 | X15: =X23+X13 -> 0
B18: 2 | I18: Para el semestre | N18: 2 | U18: Para el semestre
I19: =SUMIF($G18:$G25,I$9,$F18:$F25)+SUMIFS($F18:$F25,$G18:$G25,I$9,$E18:$E25,$AB$11) -> 0 | J19: =SUMIF($G18:$G25,J$9,$F18:$F25)+SUMIFS($F18:$F25,$G18:$G25,J$9,$E18:$E25,$AB$11) -> 0 | K19: =SUMIF($G18:$G25,K$9,$F18:$F25)+SUMIFS($F18:$F25,$G18:$G25,K$9,$E18:$E25,$AB$11) -> 0 | L19: =SUMIF($G18:$G25,L$9,$F18:$F25)+SUMIFS($F18:$F25,$G18:$G25,L$9,$E18:$E25,$AB$11) -> 0 | U19: =SUMIF($S18:$S25,U$9,$R18:$R25)+SUMIFS($R18:$R25,$S18:$S25,U$9,$Q18:$Q25,$AB$11) -> 0 | V19: =SUMIF($S18:$S25,V$9,$R18:$R25)+SUMIFS($R18:$R25,$S18:$S25,V$9,$Q18:$Q25,$AB$11) -> 0 | W19: =SUMIF($S18:$S25,W$9,$R18:$R25)+SUMIFS($R18:$R25,$S18:$S25,W$9,$Q18:$Q25,$AB$11) -> 0 | X19: =SUMIF($S18:$S25,X$9,$R18:$R25)+SUMIFS($R18:$R25,$S18:$S25,X$9,$Q18:$Q25,$AB$11) -> 0
I20: Según el número de grupos | U20: Según el número de grupos
I21: =I19*'ESTUDIANTES Y DOCENTES'!$AI$33 -> 0 | J21: =J19*'ESTUDIANTES Y DOCENTES'!$AI$33 -> 0 | K21: =K19*'ESTUDIANTES Y DOCENTES'!$AI$33 -> 0 | L21: =L19*'ESTUDIANTES Y DOCENTES'!$AI$33 -> 0 | U21: =U19*'ESTUDIANTES Y DOCENTES'!$AQ$33 -> 0 | V21: =V19*'ESTUDIANTES Y DOCENTES'!$AQ$33 -> 0 | W21: =W19*'ESTUDIANTES Y DOCENTES'!$AQ$33 -> 0 | X21: =X19*'ESTUDIANTES Y DOCENTES'!$AQ$33 -> 0
I22: Acumulado desde primero | U22: Acumulado a partir de aquí
I23: =I21+I15 -> 0 | J23: =J21+J15 -> 0 | K23: =K21+K15 -> 0 | L23: =L21+L15 -> 0 | U23: =U31+U21 -> 0 | V23: =V31+V21 -> 0 | W23: =W31+W21 -> 0 | X23: =X31+X21 -> 0
B26: 3 | I26: Para el semestre | N26: 3 | U26: Para el semestre
I27: =SUMIF($G26:$G33,I$9,$F26:$F33)+SUMIFS($F26:$F33,$G26:$G33,I$9,$E26:$E33,$AB$11) -> 0 | J27: =SUMIF($G26:$G33,J$9,$F26:$F33)+SUMIFS($F26:$F33,$G26:$G33,J$9,$E26:$E33,$AB$11) -> 0 | K27: =SUMIF($G26:$G33,K$9,$F26:$F33)+SUMIFS($F26:$F33,$G26:$G33,K$9,$E26:$E33,$AB$11) -> 0 | L27: =SUMIF($G26:$G33,L$9,$F26:$F33)+SUMIFS($F26:$F33,$G26:$G33,L$9,$E26:$E33,$AB$11) -> 0 | U27: =SUMIF($S26:$S33,U$9,$R26:$R33)+SUMIFS($R26:$R33,$S26:$S33,U$9,$Q26:$Q33,$AB$11) -> 0 | V27: =SUMIF($S26:$S33,V$9,$R26:$R33)+SUMIFS($R26:$R33,$S26:$S33,V$9,$Q26:$Q33,$AB$11) -> 0 | W27: =SUMIF($S26:$S33,W$9,$R26:$R33)+SUMIFS($R26:$R33,$S26:$S33,W$9,$Q26:$Q33,$AB$11) -> 0 | X27: =SUMIF($S26:$S33,X$9,$R26:$R33)+SUMIFS($R26:$R33,$S26:$S33,X$9,$Q26:$Q33,$AB$11) -> 0
I28: Según el número de grupos | U28: Según el número de grupos
I29: =I27*'ESTUDIANTES Y DOCENTES'!$AI$34 -> 0 | J29: =J27*'ESTUDIANTES Y DOCENTES'!$AI$34 -> 0 | K29: =K27*'ESTUDIANTES Y DOCENTES'!$AI$34 -> 0 | L29: =L27*'ESTUDIANTES Y DOCENTES'!$AI$34 -> 0 | U29: =U27*'ESTUDIANTES Y DOCENTES'!$AQ$34 -> 0 | V29: =V27*'ESTUDIANTES Y DOCENTES'!$AQ$34 -> 0 | W29: =W27*'ESTUDIANTES Y DOCENTES'!$AQ$34 -> 0 | X29: =X27*'ESTUDIANTES Y DOCENTES'!$AQ$34 -> 0
I30: Acumulado desde primero | U30: Acumulado a partir de aquí
I31: =I29+I23 -> 0 | J31: =J29+J23 -> 0 | K31: =K29+K23 -> 0 | L31: =L29+L23 -> 0 | U31: =U39+U29 -> 0 | V31: =V39+V29 -> 0 | W31: =W39+W29 -> 0 | X31: =X39+X29 -> 0
B34: 4 | I34: Para el semestre | N34: 4 | U34: Para el semestre
I35: =SUMIF($G34:$G41,I$9,$F34:$F41)+SUMIFS($F34:$F41,$G34:$G41,I$9,$E34:$E41,$AB$11) -> 0 | J35: =SUMIF($G34:$G41,J$9,$F34:$F41)+SUMIFS($F34:$F41,$G34:$G41,J$9,$E34:$E41,$AB$11) -> 0 | K35: =SUMIF($G34:$G41,K$9,$F34:$F41)+SUMIFS($F34:$F41,$G34:$G41,K$9,$E34:$E41,$AB$11) -> 0 | L35: =SUMIF($G34:$G41,L$9,$F34:$F41)+SUMIFS($F34:$F41,$G34:$G41,L$9,$E34:$E41,$AB$11) -> 0 | U35: =SUMIF($S34:$S41,U$9,$R34:$R41)+SUMIFS($R34:$R41,$S34:$S41,U$9,$Q34:$Q41,$AB$11) -> 0 | V35: =SUMIF($S34:$S41,V$9,$R34:$R41)+SUMIFS($R34:$R41,$S34:$S41,V$9,$Q34:$Q41,$AB$11) -> 0 | W35: =SUMIF($S34:$S41,W$9,$R34:$R41)+SUMIFS($R34:$R41,$S34:$S41,W$9,$Q34:$Q41,$AB$11) -> 0 | X35: =SUMIF($S34:$S41,X$9,$R34:$R41)+SUMIFS($R34:$R41,$S34:$S41,X$9,$Q34:$Q41,$AB$11) -> 0
I36: Según el número de grupos | U36: Según el número de grupos
I37: =I35*'ESTUDIANTES Y DOCENTES'!$AI$35 -> 0 | J37: =J35*'ESTUDIANTES Y DOCENTES'!$AI$35 -> 0 | K37: =K35*'ESTUDIANTES Y DOCENTES'!$AI$35 -> 0 | L37: =L35*'ESTUDIANTES Y DOCENTES'!$AI$35 -> 0 | U37: =U35*'ESTUDIANTES Y DOCENTES'!$AQ$35 -> 0 | V37: =V35*'ESTUDIANTES Y DOCENTES'!$AQ$35 -> 0 | W37: =W35*'ESTUDIANTES Y DOCENTES'!$AQ$35 -> 0 | X37: =X35*'ESTUDIANTES Y DOCENTES'!$AQ$35 -> 0
I38: Acumulado desde primero | U38: Acumulado a partir de aquí
I39: =I37+I31 -> 0 | J39: =J37+J31 -> 0 | K39: =K37+K31 -> 0 | L39: =L37+L31 -> 0 | U39: =U47+U37 -> 0 | V39: =V47+V37 -> 0 | W39: =W47+W37 -> 0 | X39: =X47+X37 -> 0
B42: 5 | I42: Para el semestre | N42: 5 | U42: Para el semestre
I43: =SUMIF($G42:$G49,I$9,$F42:$F49)+SUMIFS($F42:$F49,$G42:$G49,I$9,$E42:$E49,$AB$11) -> 0 | J43: =SUMIF($G42:$G49,J$9,$F42:$F49)+SUMIFS($F42:$F49,$G42:$G49,J$9,$E42:$E49,$AB$11) -> 0 | K43: =SUMIF($G42:$G49,K$9,$F42:$F49)+SUMIFS($F42:$F49,$G42:$G49,K$9,$E42:$E49,$AB$11) -> 0 | L43: =SUMIF($G42:$G49,L$9,$F42:$F49)+SUMIFS($F42:$F49,$G42:$G49,L$9,$E42:$E49,$AB$11) -> 0 | U43: =SUMIF($S42:$S49,U$9,$R42:$R49)+SUMIFS($R42:$R49,$S42:$S49,U$9,$Q42:$Q49,$AB$11) -> 0 | V43: =SUMIF($S42:$S49,V$9,$R42:$R49)+SUMIFS($R42:$R49,$S42:$S49,V$9,$Q42:$Q49,$AB$11) -> 0 | W43: =SUMIF($S42:$S49,W$9,$R42:$R49)+SUMIFS($R42:$R49,$S42:$S49,W$9,$Q42:$Q49,$AB$11) -> 0 | X43: =SUMIF($S42:$S49,X$9,$R42:$R49)+SUMIFS($R42:$R49,$S42:$S49,X$9,$Q42:$Q49,$AB$11) -> 0
I44: Según el número de grupos | U44: Según el número de grupos
I45: =I43*'ESTUDIANTES Y DOCENTES'!$AI$36 -> 0 | J45: =J43*'ESTUDIANTES Y DOCENTES'!$AI$36 -> 0 | K45: =K43*'ESTUDIANTES Y DOCENTES'!$AI$36 -> 0 | L45: =L43*'ESTUDIANTES Y DOCENTES'!$AI$36 -> 0 | U45: =U43*'ESTUDIANTES Y DOCENTES'!$AQ$36 -> 0 | V45: =V43*'ESTUDIANTES Y DOCENTES'!$AQ$36 -> 0 | W45: =W43*'ESTUDIANTES Y DOCENTES'!$AQ$36 -> 0 | X45: =X43*'ESTUDIANTES Y DOCENTES'!$AQ$36 -> 0
I46: Acumulado desde primero | U46: Acumulado a partir de aquí
I47: =I45+I39 -> 0 | J47: =J45+J39 -> 0 | K47: =K45+K39 -> 0 | L47: =L45+L39 -> 0 | U47: =U55+U45 -> 0 | V47: =V55+V45 -> 0 | W47: =W55+W45 -> 0 | X47: =X55+X45 -> 0
B50: 6 | I50: Para el semestre | N50: 6 | U50: Para el semestre
I51: =SUMIF($G50:$G57,I$9,$F50:$F57)+SUMIFS($F50:$F57,$G50:$G57,I$9,$E50:$E57,$AB$11) -> 0 | J51: =SUMIF($G50:$G57,J$9,$F50:$F57)+SUMIFS($F50:$F57,$G50:$G57,J$9,$E50:$E57,$AB$11) -> 0 | K51: =SUMIF($G50:$G57,K$9,$F50:$F57)+SUMIFS($F50:$F57,$G50:$G57,K$9,$E50:$E57,$AB$11) -> 0 | L51: =SUMIF($G50:$G57,L$9,$F50:$F57)+SUMIFS($F50:$F57,$G50:$G57,L$9,$E50:$E57,$AB$11) -> 0 | U51: =SUMIF($S50:$S57,U$9,$R50:$R57)+SUMIFS($R50:$R57,$S50:$S57,U$9,$Q50:$Q57,$AB$11) -> 0 | V51: =SUMIF($S50:$S57,V$9,$R50:$R57)+SUMIFS($R50:$R57,$S50:$S57,V$9,$Q50:$Q57,$AB$11) -> 0 | W51: =SUMIF($S50:$S57,W$9,$R50:$R57)+SUMIFS($R50:$R57,$S50:$S57,W$9,$Q50:$Q57,$AB$11) -> 0 | X51: =SUMIF($S50:$S57,X$9,$R50:$R57)+SUMIFS($R50:$R57,$S50:$S57,X$9,$Q50:$Q57,$AB$11) -> 0
I52: Según el número de grupos | U52: Según el número de grupos
I53: =I51*'ESTUDIANTES Y DOCENTES'!$AI$37 -> 0 | J53: =J51*'ESTUDIANTES Y DOCENTES'!$AI$37 -> 0 | K53: =K51*'ESTUDIANTES Y DOCENTES'!$AI$37 -> 0 | L53: =L51*'ESTUDIANTES Y DOCENTES'!$AI$37 -> 0 | U53: =U51*'ESTUDIANTES Y DOCENTES'!$AQ$37 -> 0 | V53: =V51*'ESTUDIANTES Y DOCENTES'!$AQ$37 -> 0 | W53: =W51*'ESTUDIANTES Y DOCENTES'!$AQ$37 -> 0 | X53: =X51*'ESTUDIANTES Y DOCENTES'!$AQ$37 -> 0
I54: Acumulado desde primero | U54: Acumulado a partir de aquí
I55: =I53+I47 -> 0 | J55: =J53+J47 -> 0 | K55: =K53+K47 -> 0 | L55: =L53+L47 -> 0 | U55: =U63+U53 -> 0 | V55: =V63+V53 -> 0 | W55: =W63+W53 -> 0 | X55: =X63+X53 -> 0
B58: 7 | I58: Para el semestre | N58: 7 | U58: Para el semestre
I59: =SUMIF($G58:$G65,I$9,$F58:$F65)+SUMIFS($F58:$F65,$G58:$G65,I$9,$E58:$E65,$AB$11) -> 0 | J59: =SUMIF($G58:$G65,J$9,$F58:$F65)+SUMIFS($F58:$F65,$G58:$G65,J$9,$E58:$E65,$AB$11) -> 0 | K59: =SUMIF($G58:$G65,K$9,$F58:$F65)+SUMIFS($F58:$F65,$G58:$G65,K$9,$E58:$E65,$AB$11) -> 0 | L59: =SUMIF($G58:$G65,L$9,$F58:$F65)+SUMIFS($F58:$F65,$G58:$G65,L$9,$E58:$E65,$AB$11) -> 0 | U59: =SUMIF($S58:$S65,U$9,$R58:$R65)+SUMIFS($R58:$R65,$S58:$S65,U$9,$Q58:$Q65,$AB$11) -> 0 | V59: =SUMIF($S58:$S65,V$9,$R58:$R65)+SUMIFS($R58:$R65,$S58:$S65,V$9,$Q58:$Q65,$AB$11) -> 0 | W59: =SUMIF($S58:$S65,W$9,$R58:$R65)+SUMIFS($R58:$R65,$S58:$S65,W$9,$Q58:$Q65,$AB$11) -> 0 | X59: =SUMIF($S58:$S65,X$9,$R58:$R65)+SUMIFS($R58:$R65,$S58:$S65,X$9,$Q58:$Q65,$AB$11) -> 0
I60: Según el número de grupos | U60: Según el número de grupos
I61: =I59*'ESTUDIANTES Y DOCENTES'!$AI$38 -> 0 | J61: =J59*'ESTUDIANTES Y DOCENTES'!$AI$38 -> 0 | K61: =K59*'ESTUDIANTES Y DOCENTES'!$AI$38 -> 0 | L61: =L59*'ESTUDIANTES Y DOCENTES'!$AI$38 -> 0 | U61: =U59*'ESTUDIANTES Y DOCENTES'!$AQ$38 -> 0 | V61: =V59*'ESTUDIANTES Y DOCENTES'!$AQ$38 -> 0 | W61: =W59*'ESTUDIANTES Y DOCENTES'!$AQ$38 -> 0 | X61: =X59*'ESTUDIANTES Y DOCENTES'!$AQ$38 -> 0
I62: Acumulado desde primero | U62: Acumulado a partir de aquí
I63: =I61+I55 -> 0 | J63: =J61+J55 -> 0 | K63: =K61+K55 -> 0 | L63: =L61+L55 -> 0 | U63: =U71+U61 -> 0 | V63: =V71+V61 -> 0 | W63: =W71+W61 -> 0 | X63: =X71+X61 -> 0
B66: 8 | I66: Para el semestre | N66: 8 | U66: Para el semestre
I67: =SUMIF($G66:$G73,I$9,$F66:$F73)+SUMIFS($F66:$F73,$G66:$G73,I$9,$E66:$E73,$AB$11) -> 0 | J67: =SUMIF($G66:$G73,J$9,$F66:$F73)+SUMIFS($F66:$F73,$G66:$G73,J$9,$E66:$E73,$AB$11) -> 0 | K67: =SUMIF($G66:$G73,K$9,$F66:$F73)+SUMIFS($F66:$F73,$G66:$G73,K$9,$E66:$E73,$AB$11) -> 0 | L67: =SUMIF($G66:$G73,L$9,$F66:$F73)+SUMIFS($F66:$F73,$G66:$G73,L$9,$E66:$E73,$AB$11) -> 0 | U67: =SUMIF($S66:$S73,U$9,$R66:$R73)+SUMIFS($R66:$R73,$S66:$S73,U$9,$Q66:$Q73,$AB$11) -> 0 | V67: =SUMIF($S66:$S73,V$9,$R66:$R73)+SUMIFS($R66:$R73,$S66:$S73,V$9,$Q66:$Q73,$AB$11) -> 0 | W67: =SUMIF($S66:$S73,W$9,$R66:$R73)+SUMIFS($R66:$R73,$S66:$S73,W$9,$Q66:$Q73,$AB$11) -> 0 | X67: =SUMIF($S66:$S73,X$9,$R66:$R73)+SUMIFS($R66:$R73,$S66:$S73,X$9,$Q66:$Q73,$AB$11) -> 0
I68: Según el número de grupos | U68: Según el número de grupos
I69: =I67*'ESTUDIANTES Y DOCENTES'!$AI$39 -> 0 | J69: =J67*'ESTUDIANTES Y DOCENTES'!$AI$39 -> 0 | K69: =K67*'ESTUDIANTES Y DOCENTES'!$AI$39 -> 0 | L69: =L67*'ESTUDIANTES Y DOCENTES'!$AI$39 -> 0 | U69: =U67*'ESTUDIANTES Y DOCENTES'!$AQ$39 -> 0 | V69: =V67*'ESTUDIANTES Y DOCENTES'!$AQ$39 -> 0 | W69: =W67*'ESTUDIANTES Y DOCENTES'!$AQ$39 -> 0 | X69: =X67*'ESTUDIANTES Y DOCENTES'!$AQ$39 -> 0
I70: Acumulado desde primero | U70: Acumulado a partir de aquí
I71: =I69+I63 -> 0 | J71: =J69+J63 -> 0 | K71: =K69+K63 -> 0 | L71: =L69+L63 -> 0 | U71: =U79+U69 -> 0 | V71: =V79+V69 -> 0 | W71: =W79+W69 -> 0 | X71: =X79+X69 -> 0
B74: 9 | I74: Para el semestre | N74: 9 | U74: Para el semestre
I75: =SUMIF($G74:$G81,I$9,$F74:$F81)+SUMIFS($F74:$F81,$G74:$G81,I$9,$E74:$E81,$AB$11) -> 0 | J75: =SUMIF($G74:$G81,J$9,$F74:$F81)+SUMIFS($F74:$F81,$G74:$G81,J$9,$E74:$E81,$AB$11) -> 0 | K75: =SUMIF($G74:$G81,K$9,$F74:$F81)+SUMIFS($F74:$F81,$G74:$G81,K$9,$E74:$E81,$AB$11) -> 0 | L75: =SUMIF($G74:$G81,L$9,$F74:$F81)+SUMIFS($F74:$F81,$G74:$G81,L$9,$E74:$E81,$AB$11) -> 0 | U75: =SUMIF($S74:$S81,U$9,$R74:$R81)+SUMIFS($R74:$R81,$S74:$S81,U$9,$Q74:$Q81,$AB$11) -> 0 | V75: =SUMIF($S74:$S81,V$9,$R74:$R81)+SUMIFS($R74:$R81,$S74:$S81,V$9,$Q74:$Q81,$AB$11) -> 0 | W75: =SUMIF($S74:$S81,W$9,$R74:$R81)+SUMIFS($R74:$R81,$S74:$S81,W$9,$Q74:$Q81,$AB$11) -> 0 | X75: =SUMIF($S74:$S81,X$9,$R74:$R81)+SUMIFS($R74:$R81,$S74:$S81,X$9,$Q74:$Q81,$AB$11) -> 0
I76: Según el número de grupos | U76: Según el número de grupos
I77: =I75*'ESTUDIANTES Y DOCENTES'!$AI$40 -> 0 | J77: =J75*'ESTUDIANTES Y DOCENTES'!$AI$40 -> 0 | K77: =K75*'ESTUDIANTES Y DOCENTES'!$AI$40 -> 0 | L77: =L75*'ESTUDIANTES Y DOCENTES'!$AI$40 -> 0 | U77: =U75*'ESTUDIANTES Y DOCENTES'!$AQ$40 -> 0 | V77: =V75*'ESTUDIANTES Y DOCENTES'!$AQ$40 -> 0 | W77: =W75*'ESTUDIANTES Y DOCENTES'!$AQ$40 -> 0 | X77: =X75*'ESTUDIANTES Y DOCENTES'!$AQ$40 -> 0
I78: Acumulado desde primero | U78: Acumulado a partir de aquí
I79: =I77+I71 -> 0 | J79: =J77+J71 -> 0 | K79: =K77+K71 -> 0 | L79: =L77+L71 -> 0 | U79: =U87+U77 -> 0 | V79: =V87+V77 -> 0 | W79: =W87+W77 -> 0 | X79: =X87+X77 -> 0
B82: 10 | I82: Para el semestre | N82: 10 | U82: Para el semestre
I83: =SUMIF($G82:$G89,I$9,$F82:$F89)+SUMIFS($F82:$F89,$G82:$G89,I$9,$E82:$E89,$AB$11) -> 0 | J83: =SUMIF($G82:$G89,J$9,$F82:$F89)+SUMIFS($F82:$F89,$G82:$G89,J$9,$E82:$E89,$AB$11) -> 0 | K83: =SUMIF($G82:$G89,K$9,$F82:$F89)+SUMIFS($F82:$F89,$G82:$G89,K$9,$E82:$E89,$AB$11) -> 0 | L83: =SUMIF($G82:$G89,L$9,$F82:$F89)+SUMIFS($F82:$F89,$G82:$G89,L$9,$E82:$E89,$AB$11) -> 0 | U83: =SUMIF($S82:$S89,U$9,$R82:$R89)+SUMIFS($R82:$R89,$S82:$S89,U$9,$Q82:$Q89,$AB$11) -> 0 | V83: =SUMIF($S82:$S89,V$9,$R82:$R89)+SUMIFS($R82:$R89,$S82:$S89,V$9,$Q82:$Q89,$AB$11) -> 0 | W83: =SUMIF($S82:$S89,W$9,$R82:$R89)+SUMIFS($R82:$R89,$S82:$S89,W$9,$Q82:$Q89,$AB$11) -> 0 | X83: =SUMIF($S82:$S89,X$9,$R82:$R89)+SUMIFS($R82:$R89,$S82:$S89,X$9,$Q82:$Q89,$AB$11) -> 0
I84: Según el número de grupos | U84: Según el número de grupos
I85: =I83*'ESTUDIANTES Y DOCENTES'!$AI$41 -> 0 | J85: =J83*'ESTUDIANTES Y DOCENTES'!$AI$41 -> 0 | K85: =K83*'ESTUDIANTES Y DOCENTES'!$AI$41 -> 0 | L85: =L83*'ESTUDIANTES Y DOCENTES'!$AI$41 -> 0 | U85: =U83*'ESTUDIANTES Y DOCENTES'!$AQ$41 -> 0 | V85: =V83*'ESTUDIANTES Y DOCENTES'!$AQ$41 -> 0 | W85: =W83*'ESTUDIANTES Y DOCENTES'!$AQ$41 -> 0 | X85: =X83*'ESTUDIANTES Y DOCENTES'!$AQ$41 -> 0
I86: Acumulado desde primero | U86: Acumulado a partir de aquí
I87: =I85+I79 -> 0 | J87: =J85+J79 -> 0 | K87: =K85+K79 -> 0 | L87: =L85+L79 -> 0 | U87: =U95+U85 -> 0 | V87: =V95+V85 -> 0 | W87: =W95+W85 -> 0 | X87: =X95+X85 -> 0
B90: 11 | I90: Para el semestre | N90: 11 | U90: Para el semestre
I91: =SUMIF($G90:$G97,I$9,$F90:$F97)+SUMIFS($F90:$F97,$G90:$G97,I$9,$E90:$E97,$AB$11) -> 0 | J91: =SUMIF($G90:$G97,J$9,$F90:$F97)+SUMIFS($F90:$F97,$G90:$G97,J$9,$E90:$E97,$AB$11) -> 0 | K91: =SUMIF($G90:$G97,K$9,$F90:$F97)+SUMIFS($F90:$F97,$G90:$G97,K$9,$E90:$E97,$AB$11) -> 0 | L91: =SUMIF($G90:$G97,L$9,$F90:$F97)+SUMIFS($F90:$F97,$G90:$G97,L$9,$E90:$E97,$AB$11) -> 0 | U91: =SUMIF($S90:$S97,U$9,$R90:$R97)+SUMIFS($R90:$R97,$S90:$S97,U$9,$Q90:$Q97,$AB$11) -> 0 | V91: =SUMIF($S90:$S97,V$9,$R90:$R97)+SUMIFS($R90:$R97,$S90:$S97,V$9,$Q90:$Q97,$AB$11) -> 0 | W91: =SUMIF($S90:$S97,W$9,$R90:$R97)+SUMIFS($R90:$R97,$S90:$S97,W$9,$Q90:$Q97,$AB$11) -> 0 | X91: =SUMIF($S90:$S97,X$9,$R90:$R97)+SUMIFS($R90:$R97,$S90:$S97,X$9,$Q90:$Q97,$AB$11) -> 0
I92: Según el número de grupos | U92: Según el número de grupos
I93: =I91*'ESTUDIANTES Y DOCENTES'!$AI$42 -> 0 | J93: =J91*'ESTUDIANTES Y DOCENTES'!$AI$42 -> 0 | K93: =K91*'ESTUDIANTES Y DOCENTES'!$AI$42 -> 0 | L93: =L91*'ESTUDIANTES Y DOCENTES'!$AI$42 -> 0 | U93: =U91*'ESTUDIANTES Y DOCENTES'!$AQ$42 -> 0 | V93: =V91*'ESTUDIANTES Y DOCENTES'!$AQ$42 -> 0 | W93: =W91*'ESTUDIANTES Y DOCENTES'!$AQ$42 -> 0 | X93: =X91*'ESTUDIANTES Y DOCENTES'!$AQ$42 -> 0
I94: Acumulado desde primero | U94: Acumulado a partir de aquí
I95: =I93+I87 -> 0 | J95: =J93+J87 -> 0 | K95: =K93+K87 -> 0 | L95: =L93+L87 -> 0 | U95: =U103+U93 -> 0 | V95: =V103+V93 -> 0 | W95: =W103+W93 -> 0 | X95: =X103+X93 -> 0
B98: 12 | I98: Para el semestre | N98: 12 | U98: Para el semestre
I99: =SUMIF($G98:$G105,I$9,$F98:$F105)+SUMIFS($F98:$F105,$G98:$G105,I$9,$E98:$E105,$AB$11) -> 0 | J99: =SUMIF($G98:$G105,J$9,$F98:$F105)+SUMIFS($F98:$F105,$G98:$G105,J$9,$E98:$E105,$AB$11) -> 0 | K99: =SUMIF($G98:$G105,K$9,$F98:$F105)+SUMIFS($F98:$F105,$G98:$G105,K$9,$E98:$E105,$AB$11) -> 0 | L99: =SUMIF($G98:$G105,L$9,$F98:$F105)+SUMIFS($F98:$F105,$G98:$G105,L$9,$E98:$E105,$AB$11) -> 0 | U99: =SUMIF($S98:$S105,U$9,$R98:$R105)+SUMIFS($R98:$R105,$S98:$S105,U$9,$Q98:$Q105,$AB$11) -> 0 | V99: =SUMIF($S98:$S105,V$9,$R98:$R105)+SUMIFS($R98:$R105,$S98:$S105,V$9,$Q98:$Q105,$AB$11) -> 0 | W99: =SUMIF($S98:$S105,W$9,$R98:$R105)+SUMIFS($R98:$R105,$S98:$S105,W$9,$Q98:$Q105,$AB$11) -> 0 | X99: =SUMIF($S98:$S105,X$9,$R98:$R105)+SUMIFS($R98:$R105,$S98:$S105,X$9,$Q98:$Q105,$AB$11) -> 0
I100: Según el número de grupos | U100: Según el número de grupos
I101: =I99*'ESTUDIANTES Y DOCENTES'!$AI$43 -> 0 | J101: =J99*'ESTUDIANTES Y DOCENTES'!$AI$43 -> 0 | K101: =K99*'ESTUDIANTES Y DOCENTES'!$AI$43 -> 0 | L101: =L99*'ESTUDIANTES Y DOCENTES'!$AI$43 -> 0 | U101: =U99*'ESTUDIANTES Y DOCENTES'!$AQ$43 -> 0 | V101: =V99*'ESTUDIANTES Y DOCENTES'!$AQ$43 -> 0 | W101: =W99*'ESTUDIANTES Y DOCENTES'!$AQ$43 -> 0 | X101: =X99*'ESTUDIANTES Y DOCENTES'!$AQ$43 -> 0
I102: Acumulado desde primero | U102: Acumulado a partir de aquí
I103: =I101+I95 -> 0 | J103: =J101+J95 -> 0 | K103: =K101+K95 -> 0 | L103: =L101+L95 -> 0 | U103: =U101 -> 0 | V103: =V101 -> 0 | W103: =W101 -> 0 | X103: =X101 -> 0
C107: Total Créditos Académicos | F107: =SUM(F9:F105) -> 0 | O107: Total Créditos Académicos | R107: =SUM(R9:R105) -> 0

Sheet DOCENTE CONTRATO ESPECIAL
B2: #VALUE! | C2: #VALUE! | D2: FORMATO Presupuesto para el Ministerio de Educación Nacional | H2: Código: R-PO003
H3: Versión: 014
D4: PROCESO Planeación Financiera | H4: Fecha de vigencia: 03/08/2026
B6: CUANTIFICACION NOMINA DE DOCENTES DE CONTRATACION ESPECIAL
F7: 0.52
B8: TIEMPO COMPLETO
B9: PERIODO DE PROYECCIÓN | C9: SUELDO POR HORA | D9: No. HORAS AÑO | E9: TOTAL AÑO | F9: FACTOR PRESTACIONAL | G9: TOTAL NOMINA | H9: Aproximado Docentes
B10: Año 1 | C10: =TARIFAS!E14 -> 68004.645 | D10: ='ESTUDIANTES Y DOCENTES'!D49+'ESTUDIANTES Y DOCENTES'!F49 -> 0 | E10: =C10*D10 -> 0 | F10: =E10*$F$7 -> 0 | G10: =E10+F10 -> 0 | H10: =ROUNDUP(D10/TARIFAS!$L$14,0) -> 0
B11: Año 2 | C11: =C10*(1+CONSOLIDADO!G$77) -> 71404.878 | D11: ='ESTUDIANTES Y DOCENTES'!H49+'ESTUDIANTES Y DOCENTES'!J49 -> 0 | E11: =C11*D11 -> 0 | F11: =E11*$F$7 -> 0 | G11: =E11+F11 -> 0 | H11: =ROUNDUP(D11/TARIFAS!$L$14,0) -> 0
B12: Año 3 | C12: =C11*(1+CONSOLIDADO!H$77) -> 74975.122 | D12: ='ESTUDIANTES Y DOCENTES'!L49+'ESTUDIANTES Y DOCENTES'!N49 -> 0 | E12: =C12*D12 -> 0 | F12: =E12*$F$7 -> 0 | G12: =E12+F12 -> 0 | H12: =ROUNDUP(D12/TARIFAS!$L$14,0) -> 0
B13: Año 4 | C13: =C12*(1+CONSOLIDADO!I$77) -> 78723.878 | D13: ='ESTUDIANTES Y DOCENTES'!P49+'ESTUDIANTES Y DOCENTES'!R49 -> 0 | E13: =C13*D13 -> 0 | F13: =E13*$F$7 -> 0 | G13: =E13+F13 -> 0 | H13: =ROUNDUP(D13/TARIFAS!$L$14,0) -> 0
B14: Año 5 | C14: =C13*(1+CONSOLIDADO!J$77) -> 82660.071 | D14: ='ESTUDIANTES Y DOCENTES'!T49+'ESTUDIANTES Y DOCENTES'!V49 -> 0 | E14: =C14*D14 -> 0 | F14: =E14*$F$7 -> 0 | G14: =E14+F14 -> 0 | H14: =ROUNDUP(D14/TARIFAS!$L$14,0) -> 0
B15: Año 6 | C15: =C14*(1+CONSOLIDADO!K$77) -> 86793.075 | D15: ='ESTUDIANTES Y DOCENTES'!X49+'ESTUDIANTES Y DOCENTES'!Z49 -> 0 | E15: =C15*D15 -> 0 | F15: =E15*$F$7 -> 0 | G15: =E15+F15 -> 0 | H15: =ROUNDUP(D15/TARIFAS!$L$14,0) -> 0
B16: Año 7 | C16: =C15*(1+CONSOLIDADO!L$77) -> 91132.729 | D16: ='ESTUDIANTES Y DOCENTES'!AB49+'ESTUDIANTES Y DOCENTES'!AD49 -> 0 | E16: =C16*D16 -> 0 | F16: =E16*$F$7 -> 0 | G16: =E16+F16 -> 0 | H16: =ROUNDUP(D16/TARIFAS!$L$14,0) -> 0
B18: DEDICACION EXCLUSIVA
B19: PERIODO DE PROYECCIÓN | C19: SUELDO POR HORA | D19: No. HORAS AÑO | E19: TOTAL AÑO | F19: FACTOR PRESTACIONAL | G19: TOTAL NOMINA | H19: Aproximado Docentes
B20: Año 1 | C20: =TARIFAS!E13 -> 87921.281 | D20: ='ESTUDIANTES Y DOCENTES'!D48+'ESTUDIANTES Y DOCENTES'!F48 -> 0 | E20: =C20*D20 -> 0 | F20: =E20*$F$7 -> 0 | G20: =E20+F20 -> 0 | H20: =ROUNDUP(D20/TARIFAS!$L$13,0) -> 0
B21: Año 2 | C21: =C20*(1+CONSOLIDADO!G$77) -> 92317.345 | D21: ='ESTUDIANTES Y DOCENTES'!H48+'ESTUDIANTES Y DOCENTES'!J48 -> 0 | E21: =C21*D21 -> 0 | F21: =E21*$F$7 -> 0 | G21: =E21+F21 -> 0 | H21: =ROUNDUP(D21/TARIFAS!$L$13,0) -> 0
B22: Año 3 | C22: =C21*(1+CONSOLIDADO!H$77) -> 96933.213 | D22: ='ESTUDIANTES Y DOCENTES'!L48+'ESTUDIANTES Y DOCENTES'!N48 -> 0 | E22: =C22*D22 -> 0 | F22: =E22*$F$7 -> 0 | G22: =E22+F22 -> 0 | H22: =ROUNDUP(D22/TARIFAS!$L$13,0) -> 0
B23: Año 4 | C23: =C22*(1+CONSOLIDADO!I$77) -> 101779.87 | D23: ='ESTUDIANTES Y DOCENTES'!P48+'ESTUDIANTES Y DOCENTES'!R48 -> 0 | E23: =C23*D23 -> 0 | F23: =E23*$F$7 -> 0 | G23: =E23+F23 -> 0 | H23: =ROUNDUP(D23/TARIFAS!$L$13,0) -> 0
B24: Año 5 | C24: =C23*(1+CONSOLIDADO!J$77) -> 106868.87 | D24: ='ESTUDIANTES Y DOCENTES'!T48+'ESTUDIANTES Y DOCENTES'!V48 -> 0 | E24: =C24*D24 -> 0 | F24: =E24*$F$7 -> 0 | G24: =E24+F24 -> 0 | H24: =ROUNDUP(D24/TARIFAS!$L$13,0) -> 0
B25: Año 6 | C25: =C24*(1+CONSOLIDADO!K$77) -> 112212.31 | D25: ='ESTUDIANTES Y DOCENTES'!X48+'ESTUDIANTES Y DOCENTES'!Z48 -> 0 | E25: =C25*D25 -> 0 | F25: =E25*$F$7 -> 0 | G25: =E25+F25 -> 0 | H25: =ROUNDUP(D25/TARIFAS!$L$13,0) -> 0
B26: Año 7 | C26: =C25*(1+CONSOLIDADO!L$77) -> 117822.93 | D26: ='ESTUDIANTES Y DOCENTES'!AB48+'ESTUDIANTES Y DOCENTES'!AD48 -> 0 | E26: =C26*D26 -> 0 | F26: =E26*$F$7 -> 0 | G26: =E26+F26 -> 0 | H26: =ROUNDUP(D26/TARIFAS!$L$13,0) -> 0
B28: MEDIO TIEMPO
B29: PERIODO DE PROYECCIÓN | C29: SUELDO POR HORA | D29: No. HORAS AÑO | E29: TOTAL AÑO | F29: FACTOR PRESTACIONAL | G29: TOTAL NOMINA | H29: Aproximado Docentes
B30: Año 1 | C30: =TARIFAS!E15 -> 60951.299 | D30: ='ESTUDIANTES Y DOCENTES'!D50+'ESTUDIANTES Y DOCENTES'!F50 -> 0 | E30: =C30*D30 -> 0 | F30: =E30*$F$7 -> 0 | G30: =E30+F30 -> 0 | H30: =ROUNDUP(D30/TARIFAS!$L$15,0) -> 0
B31: Año 2 | C31: =C30*(1+CONSOLIDADO!G$77) -> 63998.864 | D31: ='ESTUDIANTES Y DOCENTES'!H50+'ESTUDIANTES Y DOCENTES'!J50 -> 0 | E31: =C31*D31 -> 0 | F31: =E31*$F$7 -> 0 | G31: =E31+F31 -> 0 | H31: =ROUNDUP(D31/TARIFAS!$L$15,0) -> 0
B32: Año 3 | C32: =C31*(1+CONSOLIDADO!H$77) -> 67198.807 | D32: ='ESTUDIANTES Y DOCENTES'!L50+'ESTUDIANTES Y DOCENTES'!N50 -> 0 | E32: =C32*D32 -> 0 | F32: =E32*$F$7 -> 0 | G32: =E32+F32 -> 0 | H32: =ROUNDUP(D32/TARIFAS!$L$15,0) -> 0
B33: Año 4 | C33: =C32*(1+CONSOLIDADO!I$77) -> 70558.747 | D33: ='ESTUDIANTES Y DOCENTES'!P50+'ESTUDIANTES Y DOCENTES'!R50 -> 0 | E33: =C33*D33 -> 0 | F33: =E33*$F$7 -> 0 | G33: =E33+F33 -> 0 | H33: =ROUNDUP(D33/TARIFAS!$L$15,0) -> 0
B34: Año 5 | C34: =C33*(1+CONSOLIDADO!J$77) -> 74086.685 | D34: ='ESTUDIANTES Y DOCENTES'!T50+'ESTUDIANTES Y DOCENTES'!V50 -> 0 | E34: =C34*D34 -> 0 | F34: =E34*$F$7 -> 0 | G34: =E34+F34 -> 0 | H34: =ROUNDUP(D34/TARIFAS!$L$15,0) -> 0
B35: Año 6 | C35: =C34*(1+CONSOLIDADO!K$77) -> 77791.019 | D35: ='ESTUDIANTES Y DOCENTES'!X50+'ESTUDIANTES Y DOCENTES'!Z50 -> 0 | E35: =C35*D35 -> 0 | F35: =E35*$F$7 -> 0 | G35: =E35+F35 -> 0 | H35: =ROUNDUP(D35/TARIFAS!$L$15,0) -> 0
B36: Año 7 | C36: =C35*(1+CONSOLIDADO!L$77) -> 81680.57 | D36: ='ESTUDIANTES Y DOCENTES'!AB50+'ESTUDIANTES Y DOCENTES'!AD50 -> 0 | E36: =C36*D36 -> 0 | F36: =E36*$F$7 -> 0 | G36: =E36+F36 -> 0 | H36: =ROUNDUP(D36/TARIFAS!$L$15,0) -> 0
B38: INDEFINIDO
B39: PERIODO DE PROYECCIÓN | C39: SUELDO POR HORA | D39: No. HORAS AÑO | E39: TOTAL AÑO | F39: FACTOR PRESTACIONAL | G39: TOTAL NOMINA
B40: Año 1 | E40: =C40*D40 -> 0 | F40: =E40*$F$7 -> 0 | G40: =E40+F40 -> 0
B41: Año 2 | E41: =C41*D41 -> 0 | F41: =E41*$F$7 -> 0 | G41: =E41+F41 -> 0
B42: Año 3 | E42: =C42*D42 -> 0 | F42: =E42*$F$7 -> 0 | G42: =E42+F42 -> 0
B43: Año 4 | E43: =C43*D43 -> 0 | F43: =E43*$F$7 -> 0 | G43: =E43+F43 -> 0
B44: Año 5 | E44: =C44*D44 -> 0 | F44: =E44*$F$7 -> 0 | G44: =E44+F44 -> 0
B45: Año 6 | E45: =C45*D45 -> 0 | F45: =E45*$F$7 -> 0 | G45: =E45+F45 -> 0
B46: Año 7 | E46: =C46*D46 -> 0 | F46: =E46*$F$7 -> 0 | G46: =E46+F46 -> 0

Sheet Adquisición Infraestructura
B2: #VALUE! | D2: #VALUE! | F2: FORMATO Presupuesto para el Ministerio de Educación Nacional | N2: Código: R-PO003
N3: Versión: 014
F4: PROCESO Planeación Financiera | N4: Fecha de vigencia: 03/08/2026
C7: =CONCATENATE("PLAN DE ADQUISICIÓN, CONSTRUCCIÓN O PRÉSTAMO DE INFRAESTRUCTURA FÍSICA Y TECNOLÓGICA EN EL PROGRAMA DE ", CONSOLIDADO!D6) -> PLAN DE ADQUISICIÓN, CONSTRUCCIÓN O PRÉSTAMO DE INFRAESTRUCTURA FÍSICA Y TECNOLÓGICA EN EL PROGRAMA DE
C8: =CONCATENATE("Años ",F13," - ",L13) -> Años 2027 - 2033
B10: Fecha de realización:
B12: Concepto | C12: Objetivo | D12: Meta | E12: Estrategia | F12: Plazo de ejecución y monto del recurso financiero requerido | M12: Responsables | N12: Recurso requerido (Técnico, Humano) | O12: Indicador
F13: =CONSOLIDADO!F11 -> 2027 | G13: =CONSOLIDADO!G11 -> 2028 | H13: =CONSOLIDADO!H11 -> 2029 | I13: =CONSOLIDADO!I11 -> 2030 | J13: =CONSOLIDADO!J11 -> 2031 | K13: =CONSOLIDADO!K11 -> 2032 | L13: =CONSOLIDADO!L11 -> 2033
B14: INFRAESTRUCTURA
B16: MUEBLES Y ENSERES
B18: EQUIPOS DE OFICINA
B20: EQUIPOS DE COMPUTACIÓN
B22: EQUIPOS MÉDICO CIENTÍFICOS
B24: EQUÍPOS DE PRÁCTICAS ACADÉMICAS
B26: OTRAS INVERSIONES
B29: TOTAL PLAN DE ADQUISICIÓN, CONSTRUCCIÓN O PRÉSTAMO DE INFRAESTRUCTURA FÍSICA Y TECNOLÓGICA | F29: =SUM(F14:F28) -> 0 | G29: =SUM(G14:G28) -> 0 | H29: =SUM(H14:H28) -> 0 | I29: =SUM(I14:I28) -> 0 | J29: =SUM(J14:J28) -> 0 | K29: =SUM(K14:K28) -> 0 | L29: =SUM(L14:L28) -> 0

Sheet Adquisición Medios
B2: #VALUE! | D2: #VALUE! | F2: FORMATO Presupuesto para el Ministerio de Educación Nacional | N2: Código: R-PO003
N3: Versión: 014
F4: PROCESO Planeación Financiera | N4: Fecha de vigencia: 5/05/2026
C7: =CONCATENATE("PLAN DE ADQUISICIÓN, CONSTRUCCIÓN O PRÉSTAMO DE MEDIOS EDUCATIVOS EN EL PROGRAMA DE ", CONSOLIDADO!D6) -> PLAN DE ADQUISICIÓN, CONSTRUCCIÓN O PRÉSTAMO DE MEDIOS EDUCATIVOS EN EL PROGRAMA DE
C8: =CONCATENATE("Años ",F13," - ",L13) -> Años 2027 - 2033
B10: Fecha de realización: | C10: ='Adquisición Infraestructura'!C10 -> 0
B12: Concepto | C12: Objetivo | D12: Meta | E12: Estrategia | F12: Plazo de ejecución y monto del recurso financiero requerido | M12: Responsables | N12: Recurso requerido (Técnico, Humano) | O12: Indicador
F13: =CONSOLIDADO!F11 -> 2027 | G13: =CONSOLIDADO!G11 -> 2028 | H13: =CONSOLIDADO!H11 -> 2029 | I13: =CONSOLIDADO!I11 -> 2030 | J13: =CONSOLIDADO!J11 -> 2031 | K13: =CONSOLIDADO!K11 -> 2032 | L13: =CONSOLIDADO!L11 -> 2033
B14: MATERIAL BIBLIOGRÁFICO
B16: EQUÍPOS DE PRÁCTICAS ACADÉMICAS
B18: DESARROLLO DE MATERIAL VIRTUAL
B20: OTRAS INVERSIONES
B23: TOTAL PLAN DE ADQUISICIÓN, CONSTRUCCIÓN O PRÉSTAMO DE MEDIOS EDUCATIVOS | F23: =SUM(F14:F22) -> 0 | G23: =SUM(G14:G22) -> 0 | H23: =SUM(H14:H22) -> 0 | I23: =SUM(I14:I22) -> 0 | J23: =SUM(J14:J22) -> 0 | K23: =SUM(K14:K22) -> 0 | L23: =SUM(L14:L22) -> 0

Sheet TARIFAS
B2: TARIFAS VIGENTES
B4: MODALIDAD | C4: COSTO HORA (sin carga prestacional) | E4: COSTO HORA (con carga prestacional)
B5: Hora Catedra | C5: 51779 | E5: =C5*(1.52) -> 78704.08
B6: Hora Practica Salud | C6: 36056 | E6: =C6*(1.52) -> 54805.12
B7: Hora Practica 5año Salud e Internado | C7: 47285 | E7: =C7*(1.52) -> 71873.2
B8: Hora Tecnología | C8: 37859 | E8: =C8*(1.52) -> 57545.68
K10: 46 | L10: semanas año
B11: SALARIOS MENSUALES (sin factor prestacional) | E11: COSTO HORA (sin carga prestacional) | G11: Horas semanales | K11: Horas anuales | O11: Horas investigación por hora docencia
G12: Total | H12: Clase sin proyecto | I12: Clase con proyecto | K12: Total | L12: Clase sin proyecto | M12: Clase con proyecto
B13: DEX | C13: 5882733 | E13: =C13*11/M13 -> 87921.281 | G13: 40 | H13: 21 | I13: 16 | K13: =+G13*$K$10 -> 1840 | L13: =+H13*$K$10 -> 966 | M13: =+I13*$K$10 -> 736 | O13: =(K13-M13)/M13 -> 1.5
B14: TCE | C14: 4550129 | E14: =C14*11/M14 -> 68004.645 | G14: 30 | H14: 21 | I14: 16 | K14: =+G14*$K$10 -> 1380 | L14: =+H14*$K$10 -> 966 | M14: =+I14*$K$10 -> 736 | O14: =(K14-M14)/M14 -> 0.875
B15: MTE | C15: 3058647 | E15: =C15*11/M15 -> 60951.299 | G15: 20 | H15: 15 | I15: 12 | K15: =+G15*$K$10 -> 920 | L15: =+H15*$K$10 -> 690 | M15: =+I15*$K$10 -> 552 | O15: =(K15-M15)/M15 -> 0.66666667
B16: MTP | C16: 3058647 | E16: =C16*11/M16 -> 60951.299 | G16: 20 | H16: 15 | I16: 12 | K16: =+G16*$K$10 -> 920 | L16: =+H16*$K$10 -> 690 | M16: =+I16*$K$10 -> 552 | O16: =(K16-M16)/M16 -> 0.66666667
B23: HORA POSGRADOS
B24: PROGRAMAS | C24: SUELDO POR HORA
B25: Especialización | C25: 87516
B26: Maestría | C26: 112521
B27: Doctorado | C27: 125023
B28: Tarifa Docentes Ilustres | C28: 125023
B29: Tarifa Especial | C29: 138915
